Workbook
Name _ftn2: 'RAG Criteria'!$A$143
Name _ftn3: 'RAG Criteria'!$A$144
Name _ftn5: 'RAG Criteria'!$A$146
Name _ftnref1: 'RAG Criteria'!$E$8
Name _ftnref2: 'RAG Criteria'!$E$32
Name _ftnref3: 'RAG Criteria'!$E$67
Name _ftnref4: 'RAG Criteria'!$E$89
Name _ftnref5: 'RAG Criteria'!$E$116
Name _Hlk96601175: Site_44!$C$2
Name _Ref70495710: 'RAG Criteria'!$E$32

Sheet Front Page
G13: South Derbyshire District Council
G14: Regulation 19 Local Plan Part 2 SA Report: Appendix D
G15: Sites Options Assessment
K23: Prepared by:
K24: South Derbyshire District Council, SLR Consulting Ltd
K30: Project Ref: C0428

Sheet Disclaimer
D5: Contract No: | E5: C0428
D7: Issue | E7: 1
D9: Authors | E9: South Derbyshire District Council SLR Consulting
D14: Project Director | E14: V Pearson
D19: Date: | E19: 46311
C22: This document has been prepared by SLR Consulting Ltd with reasonable skill, care and diligence, and taking account of the timescales and resources devoted to it by agreement with South Derbyshire District Council (the Client) as part or all of the services it has been appointed by the Client to carry out. It is subject to the terms and conditions of that appointment. SLR shall not be liable for the use of or reliance on any information, advice, recommendations and opinions in this document for any purpose by any person other than the Client. Reliance may be granted to a third party only in the event that SLR and the third party have executed a reliance agreement or collateral warranty. Information reported herein may be based on the interpretation of public domain data collected by SLR, and/or information supplied by the Client and/or its other advisors and associates. These data have been accepted in good faith as being accurate and valid. The copyright and intellectual property in all drawings, reports, specifications, bills of quantities, calculations and other information set out in this report remain vested in SLR unless the terms of appointment state otherwise. This document may contain information of a specialised and/or highly technical nature and the Client is advised to seek clarification on any elements which may be unclear to it. Information, advice, recommendations and opinions in this document should only be relied upon in the context of the whole document and any documents referenced explicitly herein and should then only be used within the context of the appointment.
B37: VERSION CONTROL RECORD
B38: Issue | D38: Description of Status | E38: Date | F38: Reviewer Initials | G38: Authors Initials
B39: 1 | D39: Final for Reg 19 SA Report | E39: 46311 | F39: JM | G39: SDDC, CT

Sheet Methodology
A1: The methodology used for the assessment of all sites is outlined below, with an explanation given under each header. The same assessment matrices has been used for the assessment of all sites, hence all follow the same format.
A3: Site Name
A4: Site Address
A5: Town/Locality
A6: Est Housing Yield/Employment Space
A7: Site Area (ha)
A8: Site Description
A9: Greenfield/Brownfield
A10: Assumptions Made
A12: SA Framework | C12: GIS Inputs | G12: SA Policy Assessment
A13: SA objective | B13: SA sub-objective | C13: GIS data available? | D13: R | E13: A | F13: G | G13: Direct/ Indirect | H13: Magnitude | I13: Duration | J13: Spatial Extent | K13: Permanence/ Reversibility | L13: Significance | M13: Description of potential effects | N13: Potential for cumulative effects? | O13: Mitigation | P13: Enhancements
A14: SA objectives will be listed here | B14: SA sub-objectives will be listed here. | C14: This indicates whether the site could be spatially assessed, and if so, what the RAG rating on the site was for each SA objective | G14: Details on the nature of any potential effects will be listed here. For further details and definitions of each category, please see the 'Significance Scores' tab. For cases where a neutral effect has been identified, N/A will be present across columns H-L. | L14: A significance score will be selected here, which corresponds with the definitions detailed in the 'Significance Scores' tab. | M14: The potential effect identified in columns H-L will be detailed here, with justification for the significance score. Any information considered as a part of the assessments which has informed these potential effects will also be detailed here. | N14: Yes or No will be inserted here. If yes, see summary box at the bottom of the matrices for further details of the potential cumulative effect. | O14: Yes or No will be inserted here. If yes, see summary box at the bottom of the matrices for further details of the potential cumulative effect. | P14: Any mitigation required for potential negative or uncertain effects will be detailed here. If the sole method of preventing a potential adverse effect is to not develop a site, "No mitigation identified." will be written here.
A16: Significant Negative and Uncertain Effects
A17: All potential significant negative and uncertain effects outlined in the assessment above, will be accumulated into this box.
A18: Significant Positive Effects
A19: Any potential significant positive effects identified within the assessment will be detailed here.
A20: Potential Cumulative Effects Identified
A21: Details of any potential cumulative effects, including which SA objectives could be affected, will be outlined here. This could include specific cumulative effects with another site, or those which could arise as a result of all development across the district.
A22: Mitigation and enhancements
A23: Details of all mitigation listed in column O and any potential enhancements arising from assessment will be summarised against the relevant assessment here. All potential significant negative and uncertain effects will have mitigation listed.

Sheet Significance Description
B3: Nature of effects | H3: Significance Scores
B4: Criterion | C4: Description | H4: Symbol | I4: Definitions of Significance of Effects Against the SA Objectives | J4: Assumptions on the nature of effects
B5: Significance | C5: An assessment of the significance of the potential effects identified. This could be a positive effect, negative effect, neutral effect, significant positive effect or significant negative effect. The definitions for these effects are detailed to the right. | H5: ++ | I5: Significant Positive Effect: the policy option supports the achievement of this objective; it addresses all relevant assessment questions and could result in a potentially significant beneficial effect e.g. improved access by walking and cycling modes to a local or town centre | J5: Permanent Continual Magnitude: High 80%+ receptor or environmental capacity affected; or Medium 40-80% of receptor or environmental capacity of affected The effect could be to: • enhance and redefine the location in a positive manner, making a contribution at a national or international scale; • repair or restore receptors badly damaged or degraded through previous uses; and/or • improve one or more key elements/features/ characteristics of a receptor with recognised quality such as a specific regional or national designation.
B6: Permanent/temporary | C6: An assessment of whether the predicted effects would be permanent (P), or temporary (T).
B7: Reversible/Irreversible | C7: An assessment of whether or not the identified effect can be reversed (R) e.g. the loss of greenfield land to development would be irreversible (I).
B8: Spatial extent | C8: How far the effect is predicted to be spread geographically:
C9: Low (L) = A specific area within SDDC
C10: Medium (M) = Across the entire SDDC, possibly reaching to neighbouring boroughs
C11: High (H) = Beyond the SDDC, with national or international ramifications
B12: Magnitude | C12: An assessment of the proportion of the receptor affected by the identified effect.
C13: Low (L) =20-40% of receptor or capacity affected | H13: + | I13: Minor Positive Effect: the policy option supports the achievement of this objective; it addresses some relevant assessment questions, although it may have only a minor beneficial effect | J13: Reversible Infrequent or intermittent Magnitude: Low 20-40% of receptor or capacity affected. The size, nature and location of a proposed scheme would: • improve undesignated yet recognised receptor qualities at the neighbourhood scale; • fit into or with the existing location and existing receptor qualities; and/or • enable the restoration of valued characteristic features partially lost through other land uses.
C14: Medium (M) = 40-80% of receptor affected
C15: High (H) =80+% of the receptor affected
B16: Duration | C16: An assessment of the time period the predicted effects are likely to last. This could be:
C17: Short (S)= 0-5 years
C18: Medium (M) = 5-10 years
C19: Long (L)= 10 years or more, up to the end of the Local Plan period
B20: Direct/Indirect | C20: An assessment of whether the predicted effect will be directly (D) as a result of option implementation, or indirectly (I) caused by the policy option. | H20: 0 | I20: Neutral Effect: the policy option has no impact or effect and is neutral insofar as the benefits and drawbacks appear equal and neither is considered significant
B21: Likelihood | C21: An assessment of how likely it is that the implementation of the policy option will lead to the precited effect. This could be low (L), moderate (M) or high (H). | H21: ? | I21: Uncertain Effect: Uncertain or insufficient information on which to determine the assessment this stage | J21: N/A
B22: Cumulative effect | C22: An assessment of whether or not there is potential for a cumulative effect to occur on the IIA objective as a result of the policy option working in combination with other circumstances, policies or factors. Y= potential cumulative effect. No potential cumulative effect identified. | H22: - | I22: Minor Negative Effect: the policy option appears to conflict with the achievement of this objective; it does not address relevant assessment questions and may result in minor adverse effects | J22: Reversible Infrequent or intermittent Magnitude: Low 20-40% of receptor or capacity affected. The size, nature and location of a proposed scheme would: • be out of scale with the location; or • leave an adverse impact on a receptor of recognised quality such as a specific district or county designation.
H28: - - | I28: Significant Negative Effect: the policy option works against the achievement of this objective; it could exacerbate a negative situation and may result in a potentially significant adverse effect e.g. loss of all or part of a designated ecological site of national importance. | J28: Permanent Irreversible Continual Magnitude: High 80%+ receptor or environmental capacity affected; or Medium 40-80% of receptor or environmental capacity of affected The effect could be to: • permanently degrade, diminish or destroy the integrity of the receptor; • cause a very high quality receptor to be permanently changed and its quality diminished; • cannot be fully mitigated and may cumulatively amount to a severe adverse effect; • be at a considerable variance to the location, degrading the integrity of the receptor; and/or • will be substantially damaging to a high quality receptor such as a specific regional or national designation.

Sheet RAG Criteria
A1: This table presents the RAG Criteria used within the assessment of site options. These criteria were generated through reference to existing guidance / good practice; the sources of this guidance and good practice are included within the Table. The RAG ratings helped to inform the assessment of all site options against the SA Framework.
A2: Sustainability Topic | B2: Sustainability Objective | C2: Indicator | D2: RAG Criteria | E2: Justification
A3: Biodiversity, Geodiversity, Flora and Fauna | B3: S01 Biodiversity: To safeguard and enhance biodiversity (including BAP habitats and species) and geodiversity through biodiversity net gain and improve connectivity between, and access to, green spaces and functional habitats. | C3: Proximity to River Mease SAC | D3: Outside of River Mease SAC catchment | E3: Professional judgement
D4: Within River Mease SAC catchment
C5: Proximity to SSSI | D5: >800m | E5: RTPI Strategic Env. Assessment Practice Advice 2018. It is recognised that distance is not a definitive guide to the likelihood or significance of effects on a SSSI.
D6: 200-800m
D7: <200m
C8: Within SSSI impact risk zone | D8: No residential limits/under residential limit | E8: Natural England’s Impact Risk zones for Sites of Special Scientific Interest [1]
D9: Within 10 dwellings of residential limits
D10: Exceeds residential limits
C11: Proximity to parks and informal open space | D11: >800m | E11: CIHT Planning for Walking Guidelines, 2015
D12: 400-800m
D13: <400m
C14: Proximity to Local Wildlife Sites & potential LWS | D14: >100m from LWS | E14: Withdrawn LP
D15: <100m from LWS
D16: Site intersects LWS
C17: Proximity to Tree Preservation orders | D17: No TPOs on site | E17: NPPF
D18: TPO within 10m of the site
D19: TPO included within site
C20: Proximity to LIGS | D20: >50m | E20: Professional Judgement
D21: <50m
D22: Intersects or is adjacent
A23: Population and Human Health | B23: S02 Housing: To ensure everyone has access to sustainable housing, which is affordable, and meets the needs of all residents including the elderly and other vulnerable groups and will support the vitality of existing communities and settlements. | C23: Provision of Affordable housing | D23: >40% affordable housing provision | E23: In line with withdrawn LP policies
D24: < 40% affordable housing provision
D25: No affordable housing provision
A26: Population and Human Health | B26: S03 Accessibility and Health: To improve local accessibility to healthcare, education, employment, retail facilities and recreational resources (including open spaces and sports facilities) and enhance wellbeing, promoting healthy and sustainable lifestyles. | C26: Proximity to GP Practice | D26: <400m | E26: CIHT Planning for Walking Guidelines, 2015
D27: 400-800m
D28: >800m
C29: Primary and secondary school capacity | D29: Capacity available | E29: Professional judgement
D30: At 90% capacity
D31: Running at 95%+ capacity
C32: Proximity to existing or planned primary school | D32: <1km | E32: Home to School Transport and Travel Guidance, 2014[2]
D33: <3.2km
D34: >3.2km
C35: Proximity to existing or planned secondary school | D35: <1km | E35: Home to School Transport and Travel Guidance, 2014
D36: <4.8km
D37: >4.8km
C38: Proximity to existing and planned employment sites via active travel | D38: <400m | E38: CIHT Planning for Walking Guidelines, 2015
D39: 400-800m
D40: >800m
C41: Proximity to formal recreation e.g., sport centre, play parks | D41: <400m | E41: CIHT Planning for Walking Guidelines, 2015
D42: 400-800m
D43: >800m
C44: Proximity to informal recreation space i.e., open space | D44: <400m | E44: CIHT Planning for Walking Guidelines, 2015
D45: 400-800m
D46: >800m
C47: Proximity to retail facilities | D47: <400m | E47: CIHT Planning for Walking Guidelines, 2015
D48: 400-800m
D49: >800m
A50: Population and Human Health | B50: S04 Quality of Life: To create safe and attractive places which contribute towards quality of life and community cohesion.
A51: Population and Human Health | B51: S05 Inequalities: Ensure all residents have equitable access to employment, education, community services and facilities irrespective of race, religion, sex, age, sexual orientation, disability, gender reassignment, marriage and civil partnership or pregnancy/maternity. | C51: IMD deprivation scores | D51: Lowest income/employment deprivation | E51: Professional judgement
D52: Medium income/employment deprivation
D53: Highest income/employment deprivation
A54: Population and Human Health | B54: S06 Economy: To deliver growth in key employment sectors and support the creation of new and retention of existing businesses in urban and rural areas. | C54: IMD deprivation scores | D54: Lowest income/employment deprivation | E54: Professional judgement
D55: Medium income/employment deprivation
D56: Highest income/employment deprivation
C57: Provision of retail and town centre uses | D57: Site does not provide retail or town centre uses | E57: Professional judgement
D58: Site provides retails or other town centre uses which will be lost through development
A59: Population and Human Health | B59: S07 Employment: To create greater employment opportunities and higher value jobs across the whole District. | C59: Provision of employment space | D59: Provides employment space | E59: Professional judgement
D60: Does not provide employment space
C61: Proximity to existing and planned employment areas | D61: <1.2km | E61: Professional judgement
D62: <5km
D63: >5km
A64: Material Assets | B64: S08 Infrastructure: To deliver improved infrastructure to support growth and economic competitiveness of urban and rural businesses and communities. | C64: Proximity to GP Practice | D64: <400m | E64: CIHT Planning for Walking Guidelines, 2015
D65: 400-800m
D66: >800m
C67: Proximity to existing or planned primary school | D67: <1km | E67: Home to School Transport and Travel Guidance, 2014[3]
D68: <3.2km
D69: >3.2km
C70: Proximity to existing or planned secondary school | D70: <1km | E70: Home to School Transport and Travel Guidance, 2014
D71: <4.8km
D72: >4.8km
C73: Proximity to existing and planned employment areas via active travel | D73: <400m | E73: CIHT Planning for Walking Guidelines, 2015
D74: 400-800m
D75: >800m
C76: Proximity to town/ village centre | D76: <400m | E76: CIHT Planning for Walking Guidelines, 2015
D77: 400-800m
D78: >800m
A79: Material Assets | B79: S09 Sustainable Travel: To promote sustainable travel habits including walking, cycling and public transport (bus and rail) usage. | C79: Proximity to train station | D79: <800m | E79: CIHT Planning for Walking Guidelines, 2015
D80: >800m
C81: Proximity to bus stop | D81: <400m | E81: CIHT Planning for Walking Guidelines, 2015
D82: >400m
C83: Proximity to existing cycle routes | D83: <400m | E83: Professional judgement & MAGIC mapping
D84: 400-800m
D85: >800m
A86: Material Assets | B86: S010 Town and Village Centres: To ensure that town and village centres are vibrant and viable. | C86: Proximity to town/ village centre via active travel | D86: <400m | E86: CIHT Planning for Walking Guidelines, 2015
D87: 400-800m
D88: >800m
A89: Soil, Water and Air | B89: S011 Resources: To minimise waste and ensure the sustainable use and protection of natural resources including greenfield land, soil and minerals resources. | C89: Agricultural Land Classifications | D89: Grade 5, non-agricultural land, and urban land | E89: Natural England: Guide to assessing development proposals on agricultural land[4]
D90: Grades 3 & 4
D91: Grades 1 & 2
C92: Mineral source protection zone (sand and gravel, grit, and coal) | D92: No | E92: Professional judgement
D93: Partial
D94: Yes
C95: Historic Landfill Sites | D95: No | E95: Professional judgement
D96: Partial
D97: Yes
C98: Brownfield land | D98: Yes | E98: Professional judgement & SDDC brownfield map
D99: Partial
D100: No
...

Sheet RAG
C2: S01 | D2: S01 | E2: S01 | F2: S01 | G2: S01 | H2: S01 | I2: S01 | J2: S02 | K2: S03 | L2: S03 | M2: S03 | N2: S03 | O2: S03 | P2: S03 | Q2: S03 | R2: S03 | S2: S05 | T2: S06 | U2: S06 | V2: S07 | W2: S07 | X2: S08 | Y2: S08 | Z2: S08 | AA2: S08 | AB2: S08 | AC2: S09 | AD2: S09 | AE2: S09 | AF2: S010 | AG2: S011 | AH2: S011 | AI2: S011 | AJ2: S011 | AK2: S011 | AL2: S012 | AM2: S012 | AN2: S012 | AO2: S012 | AP2: S013 | AQ2: S014 | AR2: S014 | AS2: S015 | AT2: S015 | AU2: S015 | AV2: S015 | AW2: S016 | AX2: S016
C3: S01 | J3: S02 | K3: S03 | S3: S05 | T3: S06 | V3: S07 | X3: S08 | AC3: S09 | AF3: S010 | AG3: S011 | AL3: S012 | AP3: S013 | AQ3: S014 | AS3: S015 | AW3: S016
B4: Option | C4: Proximity to River Mease SAC | D4: SSSI proximity | E4: Within SSSI impact risk zone | F4: Parks and informal open space | G4: Local Wildlife Sites & potential LWS | H4: Proximity to Tree Preservation orders | I4: Proximity to LIGS | J4: Affordable housing | K4: Proximity to GP Practice | L4: Primary and secondary school capacity | M4: Proximity to existing or planned primary school | N4: Proximity to existing or planned secondary school | O4: Proximity to existing and planned employment sites via active travel | P4: Proximity to formal recreation e.g., sport centre, play parks | Q4: Proximity to informal recreation space i.e., open space | R4: Proximity to retail facilities | S4: IMD deprivation scores | T4: IMD deprivation scores | U4: Provision of retail and town centre uses | V4: Provision of employment space | W4: Proximity to existing and planned employment areas | X4: Proximity to GP Practice | Y4: Proximity to existing or planned primary school | Z4: Proximity to existing or planned secondary school | AA4: Proximity to existing and planned employment sites via active travel | AB4: Proximity to town/ village centre | AC4: Proximity to train station | AD4: Proximity to bus stop | AE4: Proximity to existing cycle routes | AF4: Proximity to town/ village centre via active travel | AG4: Agricultural Land Classifications | AH4: Mineral Safeguarding Area (sand and gravel, grit, and coal) | AI4: Historic Landfill Sites | AJ4: Brownfield Land | AK4: Contaminated Land | AL4: Distance to groundwater source protection zones | AM4: Distance to River Mease SAC nutrient neutrality zone | AN4: Noise pollution | AO4: Night blight map | AP4: Distance to EV charging points | AQ4: Flood risk | AR4: Proximity to watercourse | AS4: Ancient Monuments & Buffer | AT4: Conservation Areas | AU4: Listed Buildings | AV4: Historic parks and gardens | AW4: Greenbelt | AX4: AMES sensitivity regions | AY4: Location
B5: H23A: North of Linton Road, Castle Gresley | C5: G | D5: G | E5: G | F5: R | G5: R | H5: G | I5: G | J5: G | K5: R | L5: G | M5: A | N5: R | O5: R | P5: G | Q5: G | R5: G | S5: A | T5: A | U5: G | V5: R | W5: A | X5: R | Y5: A | Z5: R | AA5: R | AB5: G | AC5: R | AD5: G | AE5: G | AF5: G | AG5: A | AH5: R | AI5: G | AJ5: R | AK5: A | AL5: G | AM5: G | AN5: R | AO5: A | AP5: G | AQ5: G | AR5: A | AS5: G | AT5: G | AU5: G | AV5: G | AW5: G | AX5: G | AY5: Castle Gresley
B6: H23B: Southwest Swadlincote | C6: G | D6: G | E6: G | F6: R | G6: A | H6: G | I6: G | J6: G | K6: R | L6: R | M6: A | N6: A | O6: G | P6: G | Q6: R | R6: R | S6: A | T6: A | U6: G | V6: R | W6: G | X6: R | Y6: A | Z6: A | AA6: G | AB6: R | AC6: R | AD6: G | AE6: G | AF6: R | AG6: R | AH6: R | AI6: G | AJ6: R | AK6: A | AL6: G | AM6: G | AN6: R | AO6: A | AP6: A | AQ6: R | AR6: R | AS6: G | AT6: G | AU6: G | AV6: G | AW6: G | AX6: G | AY6: Castle Gresley
B7: H23C: Swadlincote Lane, Church Gresley | C7: G | D7: G | E7: G | F7: R | G7: G | H7: R | I7: G | J7: G | K7: A | L7: R | M7: R | N7: A | O7: A | P7: G | Q7: G | R7: A | S7: G | T7: G | U7: G | V7: R | W7: G | X7: A | Y7: R | Z7: A | AA7: A | AB7: A | AC7: R | AD7: R | AE7: A | AF7: A | AG7: A | AH7: G | AI7: G | AJ7: R | AK7: A | AL7: G | AM7: G | AN7: G | AO7: G | AP7: R | AQ7: G | AR7: A | AS7: G | AT7: G | AU7: G | AV7: G | AW7: G | AX7: G | AY7: Castle Gresley
B8: H23D: Land south of Walton Road, Drakelow | C8: G | D8: G | E8: G | F8: R | G8: G | H8: G | I8: G | J8: G | K8: R | L8: R | M8: G | N8: R | O8: R | P8: G | Q8: G | R8: A | S8: G | T8: G | U8: G | V8: R | W8: R | X8: R | Y8: G | Z8: R | AA8: R | AB8: A | AC8: R | AD8: G | AE8: R | AF8: A | AG8: R | AH8: G | AI8: G | AJ8: G | AK8: G | AL8: R | AM8: G | AN8: R | AO8: A | AP8: R | AQ8: G | AR8: G | AS8: G | AT8: G | AU8: G | AV8: G | AW8: G | AX8: G | AY8: Drakelow
B9: H23E: Land off Peregrine Avenue and Willington Road, Etwall | C9: G | D9: G | E9: G | F9: R | G9: G | H9: A | I9: G | J9: G | K9: R | L9: R | M9: G | N9: G | O9: R | P9: G | Q9: G | R9: A | S9: G | T9: G | U9: G | V9: R | W9: A | X9: R | Y9: G | Z9: G | AA9: R | AB9: A | AC9: R | AD9: A | AE9: R | AF9: A | AG9: A | AH9: R | AI9: G | AJ9: R | AK9: R | AL9: G | AM9: G | AN9: R | AO9: A | AP9: R | AQ9: A | AR9: R | AS9: G | AT9: G | AU9: G | AV9: G | AW9: G | AX9: G | AY9: Etwall
B10: H23F: Land south of Etwall | C10: G | D10: G | E10: G | F10: A | G10: G | H10: R | I10: G | J10: G | K10: R | L10: R | M10: G | N10: A | O10: R | P10: A | Q10: A | R10: A | S10: G | T10: G | U10: G | V10: R | W10: A | X10: R | Y10: G | Z10: A | AA10: R | AB10: A | AC10: R | AD10: R | AE10: A | AF10: A | AG10: A | AH10: R | AI10: G | AJ10: R | AK10: R | AL10: G | AM10: G | AN10: R | AO10: A | AP10: R | AQ10: A | AR10: R | AS10: G | AT10: G | AU10: G | AV10: G | AW10: G | AX10: G | AY10: Etwall
B11: H23G: Land East of Hatton | C11: G | D11: G | E11: G | F11: A | G11: G | H11: G | I11: G | J11: G | K11: R | L11: G | M11: A | N11: R | O11: R | P11: A | Q11: A | R11: R | S11: A | T11: A | U11: G | V11: G | W11: R | X11: R | Y11: A | Z11: R | AA11: R | AB11: R | AC11: R | AD11: G | AE11: G | AF11: R | AG11: A | AH11: R | AI11: R | AJ11: R | AK11: R | AL11: G | AM11: G | AN11: R | AO11: A | AP11: R | AQ11: R | AR11: R | AS11: G | AT11: G | AU11: G | AV11: G | AW11: G | AX11: G | AY11: Hatton
B12: H23H: Land East of Hilton | C12: G | D12: A | E12: R | F12: A | G12: R | H12: G | I12: G | J12: G | K12: R | L12: G | M12: A | N12: A | O12: A | P12: R | Q12: R | R12: A | S12: G | T12: G | U12: G | V12: R | W12: G | X12: R | Y12: A | Z12: A | AA12: A | AB12: A | AC12: R | AD12: R | AE12: G | AF12: A | AG12: A | AH12: R | AI12: A | AJ12: R | AK12: R | AL12: G | AM12: G | AN12: R | AO12: A | AP12: R | AQ12: R | AR12: R | AS12: G | AT12: G | AU12: G | AV12: G | AW12: G | AX12: G | AY12: Hilton
B13: H23I: Land off Primula Way, Littleover | C13: G | D13: G | E13: G | F13: R | G13: R | H13: A | I13: G | J13: G | K13: R | L13: G | M13: A | N13: A | O13: R | P13: R | Q13: G | R13: R | S13: A | T13: A | U13: G | V13: R | W13: R | X13: R | Y13: A | Z13: A | AA13: R | AB13: R | AC13: R | AD13: R | AE13: A | AF13: R | AG13: A | AH13: G | AI13: G | AJ13: R | AK13: A | AL13: G | AM13: G | AN13: R | AO13: A | AP13: R | AQ13: G | AR13: A | AS13: G | AT13: G | AU13: G | AV13: G | AW13: G | AX13: G | AY13: Stenson
B14: H23J: Jawbone Lane, Melbourne | C14: G | D14: G | E14: G | F14: R | G14: G | H14: A | I14: G | J14: G | K14: R | L14: R | M14: G | N14: R | O14: R | P14: G | Q14: A | R14: A | S14: G | T14: G | U14: G | V14: R | W14: A | X14: R | Y14: G | Z14: R | AA14: R | AB14: A | AC14: R | AD14: G | AE14: G | AF14: A | AG14: R | AH14: G | AI14: A | AJ14: R | AK14: A | AL14: G | AM14: G | AN14: G | AO14: A | AP14: R | AQ14: G | AR14: A | AS14: G | AT14: A | AU14: G | AV14: G | AW14: G | AX14: G | AY14: Melbourne
B15: H23K: Kings Newton Lane, Melbourne | C15: G | D15: G | E15: G | F15: R | G15: G | H15: G | I15: G | J15: G | K15: R | L15: R | M15: G | N15: R | O15: R | P15: G | Q15: G | R15: A | S15: G | T15: G | U15: G | V15: R | W15: R | X15: R | Y15: G | Z15: R | AA15: R | AB15: A | AC15: R | AD15: G | AE15: G | AF15: A | AG15: R | AH15: G | AI15: G | AJ15: R | AK15: G | AL15: R | AM15: G | AN15: G | AO15: A | AP15: R | AQ15: G | AR15: G | AS15: G | AT15: G | AU15: G | AV15: G | AW15: G | AX15: G | AY15: Melbourne
... B106: Site 133_Land off Hall Croft Avenue, Overseal Part A | C106: R | D106: G | E106: R | F106: R | G106: A | H106: A | I106: G | J106: G | K106: R | L106: G | M106: G | N106: R | O106: R | P106: G | Q106: G | R106: A | S106: G | T106: G | U106: G | V106: R | W106: A | X106: R | Y106: G | Z106: R | AA106: R | AB106: A | AC106: R | AD106: G | AE106: G | AF106: A | AG106: A | AH106: G | AI106: G | AJ106: G | AK106: G | AL106: G | AM106: R | AN106: G | AO106: A | AP106: R | AQ106: A | AR106: A | AS106: G | AT106: G | AU106: A | AV106: G | AW106: G | AX106: G | AY106: Overseal

Sheet Pre-Mitigation Sig Summary
B2: M | C2: 12 | D2: 13 | E2: 14 | F2: 15 | G2: 16 | H2: 17 | I2: 18 | J2: 19 | K2: 20 | L2: 21 | M2: 22 | N2: 23 | O2: 24 | P2: 25 | Q2: 26 | R2: 27
V3: Biodiversity | W3: Housing | X3: Accessibility | Y3: IMD | Z3: IMD | AA3: Economy | AB3: Employment | AC3: Infrastructure | AD3: Sust Travel | AE3: Town Centres | AF3: Resources | AG3: Pollution
B4: Site Name | C4: S01 | D4: S02 | E4: S03 | F4: S04 | G4: S05 | H4: S06 | I4: S07 | J4: S08 | K4: S09 | L4: S010 | M4: S011 | N4: S012 | O4: S013 | P4: S014 | Q4: S015 | R4: S016 | U4: Site Name | V4: S01 | W4: S02 | X4: S03 | Y4: S04 | Z4: S05 | AA4: S06 | AB4: S07 | AC4: S08 | AD4: S09 | AE4: S010 | AF4: S011 | AG4: S012 | AH4: S013 | AI4: S014 | AJ4: S015 | AK4: S016 | AL4: Location | AN4: Significant positive | AO4: + +
B5: H23A | C5: {=INDIRECT($B5&"!"&$B$2&$C$2)} -> Minor Negative | D5: {=INDIRECT($B5&"!"&$B$2&$D$2)} -> Minor Positive | E5: {=INDIRECT($B5&"!"&$B$2&$E$2)} -> Neutral | F5: {=INDIRECT($B5&"!"&$B$2&$F$2)} -> Neutral | G5: {=INDIRECT($B5&"!"&$B$2&$G$2)} -> Neutral | H5: {=INDIRECT($B5&"!"&$B$2&$H$2)} -> Minor Positive | I5: {=INDIRECT($B5&"!"&$B$2&$I$2)} -> Neutral | J5: {=INDIRECT($B5&"!"&$B$2&$J$2)} -> Neutral | K5: {=INDIRECT($B5&"!"&$B$2&$K$2)} -> Minor Positive | L5: {=INDIRECT($B5&"!"&$B$2&$L$2)} -> Neutral | M5: {=INDIRECT($B5&"!"&$B$2&$M$2)} -> Significant Negative | N5: {=INDIRECT($B5&"!"&$B$2&$N$2)} -> Minor Negative | O5: {=INDIRECT($B5&"!"&$B$2&$O$2)} -> Minor Positive | P5: {=INDIRECT($B5&"!"&$B$2&$P$2)} -> Neutral | Q5: {=INDIRECT($B5&"!"&$B$2&$Q$2)} -> Minor Negative | R5: {=INDIRECT($B5&"!"&$B$2&$R$2)} -> Minor Negative | T5: Batch 1 | U5: North of Linton Road, Castle Gresley | V5: =INDEX($AO$4:$AO$9,MATCH(C5, $AN$4:$AN$9,0)) -> - | W5: =INDEX($AO$4:$AO$9,MATCH(D5, $AN$4:$AN$9,0)) -> + | X5: =INDEX($AO$4:$AO$9,MATCH(E5, $AN$4:$AN$9,0)) -> 0 | Y5: =INDEX($AO$4:$AO$9,MATCH(F5, $AN$4:$AN$9,0)) -> 0 | Z5: =INDEX($AO$4:$AO$9,MATCH(G5, $AN$4:$AN$9,0)) -> 0 | AA5: =INDEX($AO$4:$AO$9,MATCH(H5, $AN$4:$AN$9,0)) -> + | AB5: =INDEX($AO$4:$AO$9,MATCH(I5, $AN$4:$AN$9,0)) -> 0 | AC5: =INDEX($AO$4:$AO$9,MATCH(J5, $AN$4:$AN$9,0)) -> 0 | ... AK5: =INDEX($AO$4:$AO$9,MATCH(R5, $AN$4:$AN$9,0)) -> - | AL5: Castle Gresley | AN5: Minor Positive | AO5: +
B6: H23B | C6: {=INDIRECT($B6&"!"&$B$2&$C$2)} -> Minor Negative | D6: {=INDIRECT($B6&"!"&$B$2&$D$2)} -> Significant Positive | E6: {=INDIRECT($B6&"!"&$B$2&$E$2)} -> Minor Negative | F6: {=INDIRECT($B6&"!"&$B$2&$F$2)} -> Neutral | G6: {=INDIRECT($B6&"!"&$B$2&$G$2)} -> Neutral | H6: {=INDIRECT($B6&"!"&$B$2&$H$2)} -> Minor Positive | I6: {=INDIRECT($B6&"!"&$B$2&$I$2)} -> Minor Positive | J6: {=INDIRECT($B6&"!"&$B$2&$J$2)} -> Neutral | K6: {=INDIRECT($B6&"!"&$B$2&$K$2)} -> Minor Positive | L6: {=INDIRECT($B6&"!"&$B$2&$L$2)} -> Neutral | M6: {=INDIRECT($B6&"!"&$B$2&$M$2)} -> Significant Negative | N6: {=INDIRECT($B6&"!"&$B$2&$N$2)} -> Minor Negative | O6: {=INDIRECT($B6&"!"&$B$2&$O$2)} -> Significant Positive | P6: {=INDIRECT($B6&"!"&$B$2&$P$2)} -> Minor Negative | Q6: {=INDIRECT($B6&"!"&$B$2&$Q$2)} -> Minor Negative | R6: {=INDIRECT($B6&"!"&$B$2&$R$2)} -> Minor Negative | T6: Batch 2 | U6: Southwest Swadlincote | V6: =INDEX($AO$4:$AO$9,MATCH(C6, $AN$4:$AN$9,0)) -> - | W6: =INDEX($AO$4:$AO$9,MATCH(D6, $AN$4:$AN$9,0)) -> + + | X6: =INDEX($AO$4:$AO$9,MATCH(E6, $AN$4:$AN$9,0)) -> - | Y6: =INDEX($AO$4:$AO$9,MATCH(F6, $AN$4:$AN$9,0)) -> 0 | Z6: =INDEX($AO$4:$AO$9,MATCH(G6, $AN$4:$AN$9,0)) -> 0 | AA6: =INDEX($AO$4:$AO$9,MATCH(H6, $AN$4:$AN$9,0)) -> + | AB6: =INDEX($AO$4:$AO$9,MATCH(I6, $AN$4:$AN$9,0)) -> + | AC6: =INDEX($AO$4:$AO$9,MATCH(J6, $AN$4:$AN$9,0)) -> 0 | ... AK6: =INDEX($AO$4:$AO$9,MATCH(R6, $AN$4:$AN$9,0)) -> - | AL6: Castle Gresley | AN6: Neutral | AO6: 0
B7: H23C | C7: {=INDIRECT($B7&"!"&$B$2&$C$2)} -> Minor Negative | D7: {=INDIRECT($B7&"!"&$B$2&$D$2)} -> Significant Positive | E7: {=INDIRECT($B7&"!"&$B$2&$E$2)} -> Minor Negative | F7: {=INDIRECT($B7&"!"&$B$2&$F$2)} -> Neutral | G7: {=INDIRECT($B7&"!"&$B$2&$G$2)} -> Neutral | H7: {=INDIRECT($B7&"!"&$B$2&$H$2)} -> Minor Positive | I7: {=INDIRECT($B7&"!"&$B$2&$I$2)} -> Neutral | J7: {=INDIRECT($B7&"!"&$B$2&$J$2)} -> Neutral | K7: {=INDIRECT($B7&"!"&$B$2&$K$2)} -> Neutral | L7: {=INDIRECT($B7&"!"&$B$2&$L$2)} -> Neutral | M7: {=INDIRECT($B7&"!"&$B$2&$M$2)} -> Significant Negative | N7: {=INDIRECT($B7&"!"&$B$2&$N$2)} -> Neutral | O7: {=INDIRECT($B7&"!"&$B$2&$O$2)} -> Neutral | P7: {=INDIRECT($B7&"!"&$B$2&$P$2)} -> Neutral | Q7: {=INDIRECT($B7&"!"&$B$2&$Q$2)} -> Neutral | R7: {=INDIRECT($B7&"!"&$B$2&$R$2)} -> Minor Negative | T7: Batch 13 | U7: Swadlincote Lane, Church Gresley | V7: =INDEX($AO$4:$AO$9,MATCH(C7, $AN$4:$AN$9,0)) -> - | W7: =INDEX($AO$4:$AO$9,MATCH(D7, $AN$4:$AN$9,0)) -> + + | X7: =INDEX($AO$4:$AO$9,MATCH(E7, $AN$4:$AN$9,0)) -> - | Y7: =INDEX($AO$4:$AO$9,MATCH(F7, $AN$4:$AN$9,0)) -> 0 | Z7: =INDEX($AO$4:$AO$9,MATCH(G7, $AN$4:$AN$9,0)) -> 0 | AA7: =INDEX($AO$4:$AO$9,MATCH(H7, $AN$4:$AN$9,0)) -> + | AB7: =INDEX($AO$4:$AO$9,MATCH(I7, $AN$4:$AN$9,0)) -> 0 | AC7: =INDEX($AO$4:$AO$9,MATCH(J7, $AN$4:$AN$9,0)) -> 0 | ... AK7: =INDEX($AO$4:$AO$9,MATCH(R7, $AN$4:$AN$9,0)) -> - | AL7: Castle Gresley | AN7: Uncertain | AO7: ?
B8: H23D | C8: {=INDIRECT($B8&"!"&$B$2&$C$2)} -> Minor Negative | D8: {=INDIRECT($B8&"!"&$B$2&$D$2)} -> Significant Positive | E8: {=INDIRECT($B8&"!"&$B$2&$E$2)} -> Minor Negative | F8: {=INDIRECT($B8&"!"&$B$2&$F$2)} -> Neutral | G8: {=INDIRECT($B8&"!"&$B$2&$G$2)} -> Neutral | H8: {=INDIRECT($B8&"!"&$B$2&$H$2)} -> Minor Positive | I8: {=INDIRECT($B8&"!"&$B$2&$I$2)} -> Neutral | J8: {=INDIRECT($B8&"!"&$B$2&$J$2)} -> Neutral | K8: {=INDIRECT($B8&"!"&$B$2&$K$2)} -> Minor Positive | L8: {=INDIRECT($B8&"!"&$B$2&$L$2)} -> Neutral | M8: {=INDIRECT($B8&"!"&$B$2&$M$2)} -> Significant Negative | N8: {=INDIRECT($B8&"!"&$B$2&$N$2)} -> Minor Negative | O8: {=INDIRECT($B8&"!"&$B$2&$O$2)} -> Minor Positive | P8: {=INDIRECT($B8&"!"&$B$2&$P$2)} -> Minor Negative | Q8: {=INDIRECT($B8&"!"&$B$2&$Q$2)} -> Neutral | R8: {=INDIRECT($B8&"!"&$B$2&$R$2)} -> Minor Negative | U8: Land south of Walton Road, Drakelow | V8: =INDEX($AO$4:$AO$9,MATCH(C8, $AN$4:$AN$9,0)) -> - | W8: =INDEX($AO$4:$AO$9,MATCH(D8, $AN$4:$AN$9,0)) -> + + | X8: =INDEX($AO$4:$AO$9,MATCH(E8, $AN$4:$AN$9,0)) -> - | Y8: =INDEX($AO$4:$AO$9,MATCH(F8, $AN$4:$AN$9,0)) -> 0 | Z8: =INDEX($AO$4:$AO$9,MATCH(G8, $AN$4:$AN$9,0)) -> 0 | AA8: =INDEX($AO$4:$AO$9,MATCH(H8, $AN$4:$AN$9,0)) -> + | AB8: =INDEX($AO$4:$AO$9,MATCH(I8, $AN$4:$AN$9,0)) -> 0 | AC8: =INDEX($AO$4:$AO$9,MATCH(J8, $AN$4:$AN$9,0)) -> 0 | ... AK8: =INDEX($AO$4:$AO$9,MATCH(R8, $AN$4:$AN$9,0)) -> - | AL8: Drakelow | AN8: Minor Negative | AO8: -
B9: H23E | C9: {=INDIRECT($B9&"!"&$B$2&$C$2)} -> Minor Negative | D9: {=INDIRECT($B9&"!"&$B$2&$D$2)} -> Minor Positive | E9: {=INDIRECT($B9&"!"&$B$2&$E$2)} -> Neutral | F9: {=INDIRECT($B9&"!"&$B$2&$F$2)} -> Neutral | G9: {=INDIRECT($B9&"!"&$B$2&$G$2)} -> Neutral | H9: {=INDIRECT($B9&"!"&$B$2&$H$2)} -> Minor Positive | I9: {=INDIRECT($B9&"!"&$B$2&$I$2)} -> Neutral | J9: {=INDIRECT($B9&"!"&$B$2&$J$2)} -> Neutral | K9: {=INDIRECT($B9&"!"&$B$2&$K$2)} -> Minor Negative | L9: {=INDIRECT($B9&"!"&$B$2&$L$2)} -> Neutral | M9: {=INDIRECT($B9&"!"&$B$2&$M$2)} -> Significant Negative | N9: {=INDIRECT($B9&"!"&$B$2&$N$2)} -> Minor Negative | O9: {=INDIRECT($B9&"!"&$B$2&$O$2)} -> Neutral | P9: {=INDIRECT($B9&"!"&$B$2&$P$2)} -> Neutral | Q9: {=INDIRECT($B9&"!"&$B$2&$Q$2)} -> Neutral | R9: {=INDIRECT($B9&"!"&$B$2&$R$2)} -> Minor Negative | T9: Batch 1 | U9: Land off Peregrine Avenue and Willington Road, Etwall | V9: =INDEX($AO$4:$AO$9,MATCH(C9, $AN$4:$AN$9,0)) -> - | W9: =INDEX($AO$4:$AO$9,MATCH(D9, $AN$4:$AN$9,0)) -> + | X9: =INDEX($AO$4:$AO$9,MATCH(E9, $AN$4:$AN$9,0)) -> 0 | Y9: =INDEX($AO$4:$AO$9,MATCH(F9, $AN$4:$AN$9,0)) -> 0 | Z9: =INDEX($AO$4:$AO$9,MATCH(G9, $AN$4:$AN$9,0)) -> 0 | AA9: =INDEX($AO$4:$AO$9,MATCH(H9, $AN$4:$AN$9,0)) -> + | AB9: =INDEX($AO$4:$AO$9,MATCH(I9, $AN$4:$AN$9,0)) -> 0 | AC9: =INDEX($AO$4:$AO$9,MATCH(J9, $AN$4:$AN$9,0)) -> 0 | ... AK9: =INDEX($AO$4:$AO$9,MATCH(R9, $AN$4:$AN$9,0)) -> - | AL9: Etwall | AN9: Significant Negative | AO9: --
B10: H23F | C10: {=INDIRECT($B10&"!"&$B$2&$C$2)} -> Minor Negative | D10: {=INDIRECT($B10&"!"&$B$2&$D$2)} -> Significant Positive | E10: {=INDIRECT($B10&"!"&$B$2&$E$2)} -> Neutral | F10: {=INDIRECT($B10&"!"&$B$2&$F$2)} -> Neutral | G10: {=INDIRECT($B10&"!"&$B$2&$G$2)} -> Neutral | H10: {=INDIRECT($B10&"!"&$B$2&$H$2)} -> Minor Positive | I10: {=INDIRECT($B10&"!"&$B$2&$I$2)} -> Neutral | J10: {=INDIRECT($B10&"!"&$B$2&$J$2)} -> Neutral | K10: {=INDIRECT($B10&"!"&$B$2&$K$2)} -> Minor Negative | L10: {=INDIRECT($B10&"!"&$B$2&$L$2)} -> Neutral | M10: {=INDIRECT($B10&"!"&$B$2&$M$2)} -> Significant Negative | N10: {=INDIRECT($B10&"!"&$B$2&$N$2)} -> Minor Negative | O10: {=INDIRECT($B10&"!"&$B$2&$O$2)} -> Neutral | P10: {=INDIRECT($B10&"!"&$B$2&$P$2)} -> Minor Negative | Q10: {=INDIRECT($B10&"!"&$B$2&$Q$2)} -> Neutral | R10: {=INDIRECT($B10&"!"&$B$2&$R$2)} -> Minor Negative | U10: Land south of Etwall | V10: =INDEX($AO$4:$AO$9,MATCH(C10, $AN$4:$AN$9,0)) -> - | W10: =INDEX($AO$4:$AO$9,MATCH(D10, $AN$4:$AN$9,0)) -> + + | X10: =INDEX($AO$4:$AO$9,MATCH(E10, $AN$4:$AN$9,0)) -> 0 | Y10: =INDEX($AO$4:$AO$9,MATCH(F10, $AN$4:$AN$9,0)) -> 0 | Z10: =INDEX($AO$4:$AO$9,MATCH(G10, $AN$4:$AN$9,0)) -> 0 | AA10: =INDEX($AO$4:$AO$9,MATCH(H10, $AN$4:$AN$9,0)) -> + | AB10: =INDEX($AO$4:$AO$9,MATCH(I10, $AN$4:$AN$9,0)) -> 0 | AC10: =INDEX($AO$4:$AO$9,MATCH(J10, $AN$4:$AN$9,0)) -> 0 | ... AK10: =INDEX($AO$4:$AO$9,MATCH(R10, $AN$4:$AN$9,0)) -> - | AL10: Etwall
B11: H23G | C11: {=INDIRECT($B11&"!"&$B$2&$C$2)} -> Minor Negative | D11: {=INDIRECT($B11&"!"&$B$2&$D$2)} -> Minor Positive | E11: {=INDIRECT($B11&"!"&$B$2&$E$2)} -> Minor Negative | F11: {=INDIRECT($B11&"!"&$B$2&$F$2)} -> Neutral | G11: {=INDIRECT($B11&"!"&$B$2&$G$2)} -> Neutral | H11: {=INDIRECT($B11&"!"&$B$2&$H$2)} -> Minor Positive | I11: {=INDIRECT($B11&"!"&$B$2&$I$2)} -> Neutral | J11: {=INDIRECT($B11&"!"&$B$2&$J$2)} -> Neutral | K11: {=INDIRECT($B11&"!"&$B$2&$K$2)} -> Minor Positive | L11: {=INDIRECT($B11&"!"&$B$2&$L$2)} -> Neutral | M11: {=INDIRECT($B11&"!"&$B$2&$M$2)} -> Significant Negative | N11: {=INDIRECT($B11&"!"&$B$2&$N$2)} -> Minor Negative | O11: {=INDIRECT($B11&"!"&$B$2&$O$2)} -> Neutral | P11: {=INDIRECT($B11&"!"&$B$2&$P$2)} -> Minor Negative | Q11: {=INDIRECT($B11&"!"&$B$2&$Q$2)} -> Neutral | R11: {=INDIRECT($B11&"!"&$B$2&$R$2)} -> Minor Negative | U11: Land East of Hatton | V11: =INDEX($AO$4:$AO$9,MATCH(C11, $AN$4:$AN$9,0)) -> - | W11: =INDEX($AO$4:$AO$9,MATCH(D11, $AN$4:$AN$9,0)) -> + | X11: =INDEX($AO$4:$AO$9,MATCH(E11, $AN$4:$AN$9,0)) -> - | Y11: =INDEX($AO$4:$AO$9,MATCH(F11, $AN$4:$AN$9,0)) -> 0 | Z11: =INDEX($AO$4:$AO$9,MATCH(G11, $AN$4:$AN$9,0)) -> 0 | AA11: =INDEX($AO$4:$AO$9,MATCH(H11, $AN$4:$AN$9,0)) -> + | AB11: =INDEX($AO$4:$AO$9,MATCH(I11, $AN$4:$AN$9,0)) -> 0 | AC11: =INDEX($AO$4:$AO$9,MATCH(J11, $AN$4:$AN$9,0)) -> 0 | ... AK11: =INDEX($AO$4:$AO$9,MATCH(R11, $AN$4:$AN$9,0)) -> - | AL11: Hatton
B12: H23H | C12: {=INDIRECT($B12&"!"&$B$2&$C$2)} -> Minor Negative | D12: {=INDIRECT($B12&"!"&$B$2&$D$2)} -> Significant Positive | E12: {=INDIRECT($B12&"!"&$B$2&$E$2)} -> Significant Negative | F12: {=INDIRECT($B12&"!"&$B$2&$F$2)} -> Neutral | G12: {=INDIRECT($B12&"!"&$B$2&$G$2)} -> Neutral | H12: {=INDIRECT($B12&"!"&$B$2&$H$2)} -> Minor Positive | I12: {=INDIRECT($B12&"!"&$B$2&$I$2)} -> Minor Positive | J12: {=INDIRECT($B12&"!"&$B$2&$J$2)} -> Minor Negative | K12: {=INDIRECT($B12&"!"&$B$2&$K$2)} -> Minor Negative | L12: {=INDIRECT($B12&"!"&$B$2&$L$2)} -> Neutral | M12: {=INDIRECT($B12&"!"&$B$2&$M$2)} -> Significant Negative | N12: {=INDIRECT($B12&"!"&$B$2&$N$2)} -> Minor Negative | O12: {=INDIRECT($B12&"!"&$B$2&$O$2)} -> Neutral | P12: {=INDIRECT($B12&"!"&$B$2&$P$2)} -> Minor Negative | Q12: {=INDIRECT($B12&"!"&$B$2&$Q$2)} -> Minor Negative | R12: {=INDIRECT($B12&"!"&$B$2&$R$2)} -> Minor Negative | T12: Batch 2 | U12: Land East of Hilton | V12: =INDEX($AO$4:$AO$9,MATCH(C12, $AN$4:$AN$9,0)) -> - | W12: =INDEX($AO$4:$AO$9,MATCH(D12, $AN$4:$AN$9,0)) -> + + | X12: =INDEX($AO$4:$AO$9,MATCH(E12, $AN$4:$AN$9,0)) -> -- | Y12: =INDEX($AO$4:$AO$9,MATCH(F12, $AN$4:$AN$9,0)) -> 0 | Z12: =INDEX($AO$4:$AO$9,MATCH(G12, $AN$4:$AN$9,0)) -> 0 | AA12: =INDEX($AO$4:$AO$9,MATCH(H12, $AN$4:$AN$9,0)) -> + | AB12: =INDEX($AO$4:$AO$9,MATCH(I12, $AN$4:$AN$9,0)) -> + | AC12: =INDEX($AO$4:$AO$9,MATCH(J12, $AN$4:$AN$9,0)) -> - | ... AK12: =INDEX($AO$4:$AO$9,MATCH(R12, $AN$4:$AN$9,0)) -> - | AL12: Hilton
B13: H23I | C13: {=INDIRECT($B13&"!"&$B$2&$C$2)} -> Minor Negative | D13: {=INDIRECT($B13&"!"&$B$2&$D$2)} -> Significant Positive | E13: {=INDIRECT($B13&"!"&$B$2&$E$2)} -> Minor Negative | F13: {=INDIRECT($B13&"!"&$B$2&$F$2)} -> Neutral | G13: {=INDIRECT($B13&"!"&$B$2&$G$2)} -> Neutral | H13: {=INDIRECT($B13&"!"&$B$2&$H$2)} -> Minor Positive | I13: {=INDIRECT($B13&"!"&$B$2&$I$2)} -> Neutral | J13: {=INDIRECT($B13&"!"&$B$2&$J$2)} -> Minor Negative | K13: {=INDIRECT($B13&"!"&$B$2&$K$2)} -> Minor Positive | L13: {=INDIRECT($B13&"!"&$B$2&$L$2)} -> Neutral | M13: {=INDIRECT($B13&"!"&$B$2&$M$2)} -> Significant Negative | N13: {=INDIRECT($B13&"!"&$B$2&$N$2)} -> Minor Negative | O13: {=INDIRECT($B13&"!"&$B$2&$O$2)} -> Neutral | P13: {=INDIRECT($B13&"!"&$B$2&$P$2)} -> Neutral | Q13: {=INDIRECT($B13&"!"&$B$2&$Q$2)} -> Neutral | R13: {=INDIRECT($B13&"!"&$B$2&$R$2)} -> Minor Negative | T13: Batch 9 | U13: Land South of Primula Way, Littleover | V13: =INDEX($AO$4:$AO$9,MATCH(C13, $AN$4:$AN$9,0)) -> - | W13: =INDEX($AO$4:$AO$9,MATCH(D13, $AN$4:$AN$9,0)) -> + + | X13: =INDEX($AO$4:$AO$9,MATCH(E13, $AN$4:$AN$9,0)) -> - | Y13: =INDEX($AO$4:$AO$9,MATCH(F13, $AN$4:$AN$9,0)) -> 0 | Z13: =INDEX($AO$4:$AO$9,MATCH(G13, $AN$4:$AN$9,0)) -> 0 | AA13: =INDEX($AO$4:$AO$9,MATCH(H13, $AN$4:$AN$9,0)) -> + | AB13: =INDEX($AO$4:$AO$9,MATCH(I13, $AN$4:$AN$9,0)) -> 0 | AC13: =INDEX($AO$4:$AO$9,MATCH(J13, $AN$4:$AN$9,0)) -> - | ... AK13: =INDEX($AO$4:$AO$9,MATCH(R13, $AN$4:$AN$9,0)) -> - | AL13: Stenson
B14: H23J | C14: {=INDIRECT($B14&"!"&$B$2&$C$2)} -> Minor Negative | D14: {=INDIRECT($B14&"!"&$B$2&$D$2)} -> Minor Positive | E14: {=INDIRECT($B14&"!"&$B$2&$E$2)} -> Neutral | F14: {=INDIRECT($B14&"!"&$B$2&$F$2)} -> Neutral | G14: {=INDIRECT($B14&"!"&$B$2&$G$2)} -> Neutral | H14: {=INDIRECT($B14&"!"&$B$2&$H$2)} -> Minor Positive | I14: {=INDIRECT($B14&"!"&$B$2&$I$2)} -> Neutral | J14: {=INDIRECT($B14&"!"&$B$2&$J$2)} -> Neutral | K14: {=INDIRECT($B14&"!"&$B$2&$K$2)} -> Minor Positive | L14: {=INDIRECT($B14&"!"&$B$2&$L$2)} -> Neutral | M14: {=INDIRECT($B14&"!"&$B$2&$M$2)} -> Significant Negative | N14: {=INDIRECT($B14&"!"&$B$2&$N$2)} -> Neutral | O14: {=INDIRECT($B14&"!"&$B$2&$O$2)} -> Neutral | P14: {=INDIRECT($B14&"!"&$B$2&$P$2)} -> Neutral | Q14: {=INDIRECT($B14&"!"&$B$2&$Q$2)} -> Minor Negative | R14: {=INDIRECT($B14&"!"&$B$2&$R$2)} -> Minor Negative | T14: Batch 1 | U14: Jawbone Lane, Melbourne | V14: =INDEX($AO$4:$AO$9,MATCH(C14, $AN$4:$AN$9,0)) -> - | W14: =INDEX($AO$4:$AO$9,MATCH(D14, $AN$4:$AN$9,0)) -> + | X14: =INDEX($AO$4:$AO$9,MATCH(E14, $AN$4:$AN$9,0)) -> 0 | Y14: =INDEX($AO$4:$AO$9,MATCH(F14, $AN$4:$AN$9,0)) -> 0 | Z14: =INDEX($AO$4:$AO$9,MATCH(G14, $AN$4:$AN$9,0)) -> 0 | AA14: =INDEX($AO$4:$AO$9,MATCH(H14, $AN$4:$AN$9,0)) -> + | AB14: =INDEX($AO$4:$AO$9,MATCH(I14, $AN$4:$AN$9,0)) -> 0 | AC14: =INDEX($AO$4:$AO$9,MATCH(J14, $AN$4:$AN$9,0)) -> 0 | ... AK14: =INDEX($AO$4:$AO$9,MATCH(R14, $AN$4:$AN$9,0)) -> - | AL14: Melbourne
B15: H23K | C15: {=INDIRECT($B15&"!"&$B$2&$C$2)} -> Minor Negative | D15: {=INDIRECT($B15&"!"&$B$2&$D$2)} -> Significant Positive | E15: {=INDIRECT($B15&"!"&$B$2&$E$2)} -> Neutral | F15: {=INDIRECT($B15&"!"&$B$2&$F$2)} -> Neutral | G15: {=INDIRECT($B15&"!"&$B$2&$G$2)} -> Neutral | H15: {=INDIRECT($B15&"!"&$B$2&$H$2)} -> Minor Positive | I15: {=INDIRECT($B15&"!"&$B$2&$I$2)} -> Neutral | J15: {=INDIRECT($B15&"!"&$B$2&$J$2)} -> Neutral | K15: {=INDIRECT($B15&"!"&$B$2&$K$2)} -> Minor Negative | L15: {=INDIRECT($B15&"!"&$B$2&$L$2)} -> Neutral | M15: {=INDIRECT($B15&"!"&$B$2&$M$2)} -> Significant Negative | N15: {=INDIRECT($B15&"!"&$B$2&$N$2)} -> Uncertain | O15: {=INDIRECT($B15&"!"&$B$2&$O$2)} -> Minor Positive | P15: {=INDIRECT($B15&"!"&$B$2&$P$2)} -> Neutral | Q15: {=INDIRECT($B15&"!"&$B$2&$Q$2)} -> Neutral | R15: {=INDIRECT($B15&"!"&$B$2&$R$2)} -> Minor Negative | U15: Kings Newton Lane, Melbourne | V15: =INDEX($AO$4:$AO$9,MATCH(C15, $AN$4:$AN$9,0)) -> - | W15: =INDEX($AO$4:$AO$9,MATCH(D15, $AN$4:$AN$9,0)) -> + + | X15: =INDEX($AO$4:$AO$9,MATCH(E15, $AN$4:$AN$9,0)) -> 0 | Y15: =INDEX($AO$4:$AO$9,MATCH(F15, $AN$4:$AN$9,0)) -> 0 | Z15: =INDEX($AO$4:$AO$9,MATCH(G15, $AN$4:$AN$9,0)) -> 0 | AA15: =INDEX($AO$4:$AO$9,MATCH(H15, $AN$4:$AN$9,0)) -> + | AB15: =INDEX($AO$4:$AO$9,MATCH(I15, $AN$4:$AN$9,0)) -> 0 | AC15: =INDEX($AO$4:$AO$9,MATCH(J15, $AN$4:$AN$9,0)) -> 0 | ... AK15: =INDEX($AO$4:$AO$9,MATCH(R15, $AN$4:$AN$9,0)) -> - | AL15: Melbourne
B16: H23L | C16: {=INDIRECT($B16&"!"&$B$2&$C$2)} -> Minor Negative | D16: {=INDIRECT($B16&"!"&$B$2&$D$2)} -> Minor Positive | E16: {=INDIRECT($B16&"!"&$B$2&$E$2)} -> Neutral | F16: {=INDIRECT($B16&"!"&$B$2&$F$2)} -> Neutral | G16: {=INDIRECT($B16&"!"&$B$2&$G$2)} -> Neutral | H16: {=INDIRECT($B16&"!"&$B$2&$H$2)} -> Neutral | I16: {=INDIRECT($B16&"!"&$B$2&$I$2)} -> Neutral | J16: {=INDIRECT($B16&"!"&$B$2&$J$2)} -> Neutral | K16: {=INDIRECT($B16&"!"&$B$2&$K$2)} -> Minor Positive | L16: {=INDIRECT($B16&"!"&$B$2&$L$2)} -> Neutral | M16: {=INDIRECT($B16&"!"&$B$2&$M$2)} -> Minor Negative | N16: {=INDIRECT($B16&"!"&$B$2&$N$2)} -> Neutral | O16: {=INDIRECT($B16&"!"&$B$2&$O$2)} -> Neutral | P16: {=INDIRECT($B16&"!"&$B$2&$P$2)} -> Neutral | Q16: {=INDIRECT($B16&"!"&$B$2&$Q$2)} -> Minor Negative | R16: {=INDIRECT($B16&"!"&$B$2&$R$2)} -> Minor Negative | T16: Batch 10 | U16: Land off Old Etwall Road, Mickleover | V16: =INDEX($AO$4:$AO$9,MATCH(C16, $AN$4:$AN$9,0)) -> - | W16: =INDEX($AO$4:$AO$9,MATCH(D16, $AN$4:$AN$9,0)) -> + | X16: =INDEX($AO$4:$AO$9,MATCH(E16, $AN$4:$AN$9,0)) -> 0 | Y16: =INDEX($AO$4:$AO$9,MATCH(F16, $AN$4:$AN$9,0)) -> 0 | Z16: =INDEX($AO$4:$AO$9,MATCH(G16, $AN$4:$AN$9,0)) -> 0 | AA16: =INDEX($AO$4:$AO$9,MATCH(H16, $AN$4:$AN$9,0)) -> 0 | AB16: =INDEX($AO$4:$AO$9,MATCH(I16, $AN$4:$AN$9,0)) -> 0 | AC16: =INDEX($AO$4:$AO$9,MATCH(J16, $AN$4:$AN$9,0)) -> 0 | ... AK16: =INDEX($AO$4:$AO$9,MATCH(R16, $AN$4:$AN$9,0)) -> - | AL16: Burnaston
B17: H23M | C17: {=INDIRECT($B17&"!"&$B$2&$C$2)} -> Minor Negative | D17: {=INDIRECT($B17&"!"&$B$2&$D$2)} -> Minor Positive | E17: {=INDIRECT($B17&"!"&$B$2&$E$2)} -> Neutral | F17: {=INDIRECT($B17&"!"&$B$2&$F$2)} -> Neutral | G17: {=INDIRECT($B17&"!"&$B$2&$G$2)} -> Neutral | H17: {=INDIRECT($B17&"!"&$B$2&$H$2)} -> Minor Positive | I17: {=INDIRECT($B17&"!"&$B$2&$I$2)} -> Neutral | J17: {=INDIRECT($B17&"!"&$B$2&$J$2)} -> Neutral | K17: {=INDIRECT($B17&"!"&$B$2&$K$2)} -> Minor Negative | L17: {=INDIRECT($B17&"!"&$B$2&$L$2)} -> Neutral | M17: {=INDIRECT($B17&"!"&$B$2&$M$2)} -> Significant Negative | N17: {=INDIRECT($B17&"!"&$B$2&$N$2)} -> Minor Negative | O17: {=INDIRECT($B17&"!"&$B$2&$O$2)} -> Neutral | P17: {=INDIRECT($B17&"!"&$B$2&$P$2)} -> Neutral | Q17: {=INDIRECT($B17&"!"&$B$2&$Q$2)} -> Neutral | R17: {=INDIRECT($B17&"!"&$B$2&$R$2)} -> Significant Negative | T17: Batch 1 | U17: Land off Mount Pleasant Road, Repton | V17: =INDEX($AO$4:$AO$9,MATCH(C17, $AN$4:$AN$9,0)) -> - | W17: =INDEX($AO$4:$AO$9,MATCH(D17, $AN$4:$AN$9,0)) -> + | X17: =INDEX($AO$4:$AO$9,MATCH(E17, $AN$4:$AN$9,0)) -> 0 | Y17: =INDEX($AO$4:$AO$9,MATCH(F17, $AN$4:$AN$9,0)) -> 0 | Z17: =INDEX($AO$4:$AO$9,MATCH(G17, $AN$4:$AN$9,0)) -> 0 | AA17: =INDEX($AO$4:$AO$9,MATCH(H17, $AN$4:$AN$9,0)) -> + | AB17: =INDEX($AO$4:$AO$9,MATCH(I17, $AN$4:$AN$9,0)) -> 0 | AC17: =INDEX($AO$4:$AO$9,MATCH(J17, $AN$4:$AN$9,0)) -> 0 | ... AK17: =INDEX($AO$4:$AO$9,MATCH(R17, $AN$4:$AN$9,0)) -> -- | AL17: Repton
B18: H23N | C18: {=INDIRECT($B18&"!"&$B$2&$C$2)} -> Minor Negative | D18: {=INDIRECT($B18&"!"&$B$2&$D$2)} -> Significant Positive | E18: {=INDIRECT($B18&"!"&$B$2&$E$2)} -> Minor Negative | F18: {=INDIRECT($B18&"!"&$B$2&$F$2)} -> Neutral | G18: {=INDIRECT($B18&"!"&$B$2&$G$2)} -> Neutral | H18: {=INDIRECT($B18&"!"&$B$2&$H$2)} -> Neutral | I18: {=INDIRECT($B18&"!"&$B$2&$I$2)} -> Neutral | J18: {=INDIRECT($B18&"!"&$B$2&$J$2)} -> Minor Negative | K18: {=INDIRECT($B18&"!"&$B$2&$K$2)} -> Minor Positive | L18: {=INDIRECT($B18&"!"&$B$2&$L$2)} -> Neutral | M18: {=INDIRECT($B18&"!"&$B$2&$M$2)} -> Minor Negative | N18: {=INDIRECT($B18&"!"&$B$2&$N$2)} -> Neutral | O18: {=INDIRECT($B18&"!"&$B$2&$O$2)} -> Neutral | P18: {=INDIRECT($B18&"!"&$B$2&$P$2)} -> Neutral | Q18: {=INDIRECT($B18&"!"&$B$2&$Q$2)} -> Neutral | R18: {=INDIRECT($B18&"!"&$B$2&$R$2)} -> Minor Negative | T18: Batch 14 | U18: William Nadin Way, Swadlincote, Site D | V18: =INDEX($AO$4:$AO$9,MATCH(C18, $AN$4:$AN$9,0)) -> - | W18: =INDEX($AO$4:$AO$9,MATCH(D18, $AN$4:$AN$9,0)) -> + + | X18: =INDEX($AO$4:$AO$9,MATCH(E18, $AN$4:$AN$9,0)) -> - | Y18: =INDEX($AO$4:$AO$9,MATCH(F18, $AN$4:$AN$9,0)) -> 0 | Z18: =INDEX($AO$4:$AO$9,MATCH(G18, $AN$4:$AN$9,0)) -> 0 | AA18: =INDEX($AO$4:$AO$9,MATCH(H18, $AN$4:$AN$9,0)) -> 0 | AB18: =INDEX($AO$4:$AO$9,MATCH(I18, $AN$4:$AN$9,0)) -> 0 | AC18: =INDEX($AO$4:$AO$9,MATCH(J18, $AN$4:$AN$9,0)) -> - | ... AK18: =INDEX($AO$4:$AO$9,MATCH(R18, $AN$4:$AN$9,0)) -> - | AL18: Newhall
B19: H23O | C19: {=INDIRECT($B19&"!"&$B$2&$C$2)} -> Minor Negative | D19: {=INDIRECT($B19&"!"&$B$2&$D$2)} -> Significant Positive | E19: {=INDIRECT($B19&"!"&$B$2&$E$2)} -> Minor Negative | F19: {=INDIRECT($B19&"!"&$B$2&$F$2)} -> Neutral | G19: {=INDIRECT($B19&"!"&$B$2&$G$2)} -> Neutral | H19: {=INDIRECT($B19&"!"&$B$2&$H$2)} -> Minor Positive | I19: {=INDIRECT($B19&"!"&$B$2&$I$2)} -> Neutral | J19: {=INDIRECT($B19&"!"&$B$2&$J$2)} -> Neutral | K19: {=INDIRECT($B19&"!"&$B$2&$K$2)} -> Minor Positive | L19: {=INDIRECT($B19&"!"&$B$2&$L$2)} -> Neutral | M19: {=INDIRECT($B19&"!"&$B$2&$M$2)} -> Significant Negative | N19: {=INDIRECT($B19&"!"&$B$2&$N$2)} -> Minor Negative | O19: {=INDIRECT($B19&"!"&$B$2&$O$2)} -> Minor Positive | P19: {=INDIRECT($B19&"!"&$B$2&$P$2)} -> Neutral | Q19: {=INDIRECT($B19&"!"&$B$2&$Q$2)} -> Minor Negative | R19: {=INDIRECT($B19&"!"&$B$2&$R$2)} -> Significant Negative | U19: Land north of Willington | V19: =INDEX($AO$4:$AO$9,MATCH(C19, $AN$4:$AN$9,0)) -> - | W19: =INDEX($AO$4:$AO$9,MATCH(D19, $AN$4:$AN$9,0)) -> + + | X19: =INDEX($AO$4:$AO$9,MATCH(E19, $AN$4:$AN$9,0)) -> - | Y19: =INDEX($AO$4:$AO$9,MATCH(F19, $AN$4:$AN$9,0)) -> 0 | Z19: =INDEX($AO$4:$AO$9,MATCH(G19, $AN$4:$AN$9,0)) -> 0 | AA19: =INDEX($AO$4:$AO$9,MATCH(H19, $AN$4:$AN$9,0)) -> + | AB19: =INDEX($AO$4:$AO$9,MATCH(I19, $AN$4:$AN$9,0)) -> 0 | AC19: =INDEX($AO$4:$AO$9,MATCH(J19, $AN$4:$AN$9,0)) -> 0 | ... AK19: =INDEX($AO$4:$AO$9,MATCH(R19, $AN$4:$AN$9,0)) -> -- | AL19: Willington
B20: H23P | C20: {=INDIRECT($B20&"!"&$B$2&$C$2)} -> Minor Negative | D20: {=INDIRECT($B20&"!"&$B$2&$D$2)} -> Minor Positive | E20: {=INDIRECT($B20&"!"&$B$2&$E$2)} -> Neutral | F20: {=INDIRECT($B20&"!"&$B$2&$F$2)} -> Neutral | G20: {=INDIRECT($B20&"!"&$B$2&$G$2)} -> Neutral | H20: {=INDIRECT($B20&"!"&$B$2&$H$2)} -> Minor Positive | I20: {=INDIRECT($B20&"!"&$B$2&$I$2)} -> Neutral | J20: {=INDIRECT($B20&"!"&$B$2&$J$2)} -> Neutral | K20: {=INDIRECT($B20&"!"&$B$2&$K$2)} -> Minor Positive | L20: {=INDIRECT($B20&"!"&$B$2&$L$2)} -> Neutral | M20: {=INDIRECT($B20&"!"&$B$2&$M$2)} -> Significant Negative | N20: {=INDIRECT($B20&"!"&$B$2&$N$2)} -> Minor Negative | O20: {=INDIRECT($B20&"!"&$B$2&$O$2)} -> Neutral | P20: {=INDIRECT($B20&"!"&$B$2&$P$2)} -> Neutral | Q20: {=INDIRECT($B20&"!"&$B$2&$Q$2)} -> Minor Negative | R20: {=INDIRECT($B20&"!"&$B$2&$R$2)} -> Minor Negative | T20: Batch 2 | U20: Land off Kingfisher Way, Willington | V20: =INDEX($AO$4:$AO$9,MATCH(C20, $AN$4:$AN$9,0)) -> - | W20: =INDEX($AO$4:$AO$9,MATCH(D20, $AN$4:$AN$9,0)) -> + | X20: =INDEX($AO$4:$AO$9,MATCH(E20, $AN$4:$AN$9,0)) -> 0 | Y20: =INDEX($AO$4:$AO$9,MATCH(F20, $AN$4:$AN$9,0)) -> 0 | Z20: =INDEX($AO$4:$AO$9,MATCH(G20, $AN$4:$AN$9,0)) -> 0 | AA20: =INDEX($AO$4:$AO$9,MATCH(H20, $AN$4:$AN$9,0)) -> + | AB20: =INDEX($AO$4:$AO$9,MATCH(I20, $AN$4:$AN$9,0)) -> 0 | AC20: =INDEX($AO$4:$AO$9,MATCH(J20, $AN$4:$AN$9,0)) -> 0 | ... AK20: =INDEX($AO$4:$AO$9,MATCH(R20, $AN$4:$AN$9,0)) -> - | AL20: Willington
B21: Site_3 | C21: {=INDIRECT($B21&"!"&$B$2&$C$2)} -> Minor Negative | D21: {=INDIRECT($B21&"!"&$B$2&$D$2)} -> Significant Positive | E21: {=INDIRECT($B21&"!"&$B$2&$E$2)} -> Neutral | F21: {=INDIRECT($B21&"!"&$B$2&$F$2)} -> Neutral | G21: {=INDIRECT($B21&"!"&$B$2&$G$2)} -> Neutral | H21: {=INDIRECT($B21&"!"&$B$2&$H$2)} -> Minor Positive | I21: {=INDIRECT($B21&"!"&$B$2&$I$2)} -> Neutral | J21: {=INDIRECT($B21&"!"&$B$2&$J$2)} -> Neutral | K21: {=INDIRECT($B21&"!"&$B$2&$K$2)} -> Minor Negative | L21: {=INDIRECT($B21&"!"&$B$2&$L$2)} -> Neutral | M21: {=INDIRECT($B21&"!"&$B$2&$M$2)} -> Significant Negative | N21: {=INDIRECT($B21&"!"&$B$2&$N$2)} -> Minor Negative | O21: {=INDIRECT($B21&"!"&$B$2&$O$2)} -> Neutral | P21: {=INDIRECT($B21&"!"&$B$2&$P$2)} -> Minor Negative | Q21: {=INDIRECT($B21&"!"&$B$2&$Q$2)} -> Neutral | R21: {=INDIRECT($B21&"!"&$B$2&$R$2)} -> Minor Negative | T21: Batch 1 | U21: Site 3_Egginton Road, Etwall | V21: =INDEX($AO$4:$AO$9,MATCH(C21, $AN$4:$AN$9,0)) -> - | W21: =INDEX($AO$4:$AO$9,MATCH(D21, $AN$4:$AN$9,0)) -> + + | X21: =INDEX($AO$4:$AO$9,MATCH(E21, $AN$4:$AN$9,0)) -> 0 | Y21: =INDEX($AO$4:$AO$9,MATCH(F21, $AN$4:$AN$9,0)) -> 0 | Z21: =INDEX($AO$4:$AO$9,MATCH(G21, $AN$4:$AN$9,0)) -> 0 | AA21: =INDEX($AO$4:$AO$9,MATCH(H21, $AN$4:$AN$9,0)) -> + | AB21: =INDEX($AO$4:$AO$9,MATCH(I21, $AN$4:$AN$9,0)) -> 0 | AC21: =INDEX($AO$4:$AO$9,MATCH(J21, $AN$4:$AN$9,0)) -> 0 | ... AK21: =INDEX($AO$4:$AO$9,MATCH(R21, $AN$4:$AN$9,0)) -> - | AL21: Etwall
B22: Site_5 | C22: {=INDIRECT($B22&"!"&$B$2&$C$2)} -> Significant Negative | D22: {=INDIRECT($B22&"!"&$B$2&$D$2)} -> Minor Positive | E22: {=INDIRECT($B22&"!"&$B$2&$E$2)} -> Neutral | F22: {=INDIRECT($B22&"!"&$B$2&$F$2)} -> Neutral | G22: {=INDIRECT($B22&"!"&$B$2&$G$2)} -> Neutral | H22: {=INDIRECT($B22&"!"&$B$2&$H$2)} -> Minor Positive | I22: {=INDIRECT($B22&"!"&$B$2&$I$2)} -> Neutral | J22: {=INDIRECT($B22&"!"&$B$2&$J$2)} -> Neutral | K22: {=INDIRECT($B22&"!"&$B$2&$K$2)} -> Minor Positive | L22: {=INDIRECT($B22&"!"&$B$2&$L$2)} -> Neutral | M22: {=INDIRECT($B22&"!"&$B$2&$M$2)} -> Significant Negative | N22: {=INDIRECT($B22&"!"&$B$2&$N$2)} -> Significant Negative | O22: {=INDIRECT($B22&"!"&$B$2&$O$2)} -> Neutral | P22: {=INDIRECT($B22&"!"&$B$2&$P$2)} -> Neutral | Q22: {=INDIRECT($B22&"!"&$B$2&$Q$2)} -> Minor Negative | R22: {=INDIRECT($B22&"!"&$B$2&$R$2)} -> Minor Negative | T22: Batch 1 | U22: Site 5_Valley Road, Overseal | V22: =INDEX($AO$4:$AO$9,MATCH(C22, $AN$4:$AN$9,0)) -> -- | W22: =INDEX($AO$4:$AO$9,MATCH(D22, $AN$4:$AN$9,0)) -> + | X22: =INDEX($AO$4:$AO$9,MATCH(E22, $AN$4:$AN$9,0)) -> 0 | Y22: =INDEX($AO$4:$AO$9,MATCH(F22, $AN$4:$AN$9,0)) -> 0 | Z22: =INDEX($AO$4:$AO$9,MATCH(G22, $AN$4:$AN$9,0)) -> 0 | AA22: =INDEX($AO$4:$AO$9,MATCH(H22, $AN$4:$AN$9,0)) -> + | AB22: =INDEX($AO$4:$AO$9,MATCH(I22, $AN$4:$AN$9,0)) -> 0 | AC22: =INDEX($AO$4:$AO$9,MATCH(J22, $AN$4:$AN$9,0)) -> 0 | ... AK22: =INDEX($AO$4:$AO$9,MATCH(R22, $AN$4:$AN$9,0)) -> - | AL22: Overseal
B23: Site_7 | C23: {=INDIRECT($B23&"!"&$B$2&$C$2)} -> Minor Negative | D23: {=INDIRECT($B23&"!"&$B$2&$D$2)} -> Minor Positive | E23: {=INDIRECT($B23&"!"&$B$2&$E$2)} -> Neutral | F23: {=INDIRECT($B23&"!"&$B$2&$F$2)} -> Neutral | G23: {=INDIRECT($B23&"!"&$B$2&$G$2)} -> Neutral | H23: {=INDIRECT($B23&"!"&$B$2&$H$2)} -> Minor Positive | I23: {=INDIRECT($B23&"!"&$B$2&$I$2)} -> Minor Negative | J23: {=INDIRECT($B23&"!"&$B$2&$J$2)} -> Neutral | K23: {=INDIRECT($B23&"!"&$B$2&$K$2)} -> Minor Negative | L23: {=INDIRECT($B23&"!"&$B$2&$L$2)} -> Neutral | M23: {=INDIRECT($B23&"!"&$B$2&$M$2)} -> Significant Negative | N23: {=INDIRECT($B23&"!"&$B$2&$N$2)} -> Minor Negative | O23: {=INDIRECT($B23&"!"&$B$2&$O$2)} -> Neutral | P23: {=INDIRECT($B23&"!"&$B$2&$P$2)} -> Neutral | Q23: {=INDIRECT($B23&"!"&$B$2&$Q$2)} -> Neutral | R23: {=INDIRECT($B23&"!"&$B$2&$R$2)} -> Minor Negative | T23: Batch 1 | U23: Site 7_Moor Lane, Aston | V23: =INDEX($AO$4:$AO$9,MATCH(C23, $AN$4:$AN$9,0)) -> - | W23: =INDEX($AO$4:$AO$9,MATCH(D23, $AN$4:$AN$9,0)) -> + | X23: =INDEX($AO$4:$AO$9,MATCH(E23, $AN$4:$AN$9,0)) -> 0 | Y23: =INDEX($AO$4:$AO$9,MATCH(F23, $AN$4:$AN$9,0)) -> 0 | Z23: =INDEX($AO$4:$AO$9,MATCH(G23, $AN$4:$AN$9,0)) -> 0 | AA23: =INDEX($AO$4:$AO$9,MATCH(H23, $AN$4:$AN$9,0)) -> + | AB23: =INDEX($AO$4:$AO$9,MATCH(I23, $AN$4:$AN$9,0)) -> - | AC23: =INDEX($AO$4:$AO$9,MATCH(J23, $AN$4:$AN$9,0)) -> 0 | ... AK23: =INDEX($AO$4:$AO$9,MATCH(R23, $AN$4:$AN$9,0)) -> - | AL23: Aston on Trent
B24: Site_8 | C24: {=INDIRECT($B24&"!"&$B$2&$C$2)} -> Minor Negative | D24: {=INDIRECT($B24&"!"&$B$2&$D$2)} -> Significant Positive | E24: {=INDIRECT($B24&"!"&$B$2&$E$2)} -> Neutral | F24: {=INDIRECT($B24&"!"&$B$2&$F$2)} -> Neutral | G24: {=INDIRECT($B24&"!"&$B$2&$G$2)} -> Neutral | H24: {=INDIRECT($B24&"!"&$B$2&$H$2)} -> Minor Positive | I24: {=INDIRECT($B24&"!"&$B$2&$I$2)} -> Minor Positive | J24: {=INDIRECT($B24&"!"&$B$2&$J$2)} -> Neutral | K24: {=INDIRECT($B24&"!"&$B$2&$K$2)} -> Minor Negative | L24: {=INDIRECT($B24&"!"&$B$2&$L$2)} -> Neutral | M24: {=INDIRECT($B24&"!"&$B$2&$M$2)} -> Significant Negative | N24: {=INDIRECT($B24&"!"&$B$2&$N$2)} -> Minor Negative | O24: {=INDIRECT($B24&"!"&$B$2&$O$2)} -> Minor Negative | P24: {=INDIRECT($B24&"!"&$B$2&$P$2)} -> Minor Negative | Q24: {=INDIRECT($B24&"!"&$B$2&$Q$2)} -> Minor Negative | R24: {=INDIRECT($B24&"!"&$B$2&$R$2)} -> Significant Negative | U24: Site 8_Willington Power Station | V24: =INDEX($AO$4:$AO$9,MATCH(C24, $AN$4:$AN$9,0)) -> - | W24: =INDEX($AO$4:$AO$9,MATCH(D24, $AN$4:$AN$9,0)) -> + + | X24: =INDEX($AO$4:$AO$9,MATCH(E24, $AN$4:$AN$9,0)) -> 0 | Y24: =INDEX($AO$4:$AO$9,MATCH(F24, $AN$4:$AN$9,0)) -> 0 | Z24: =INDEX($AO$4:$AO$9,MATCH(G24, $AN$4:$AN$9,0)) -> 0 | AA24: =INDEX($AO$4:$AO$9,MATCH(H24, $AN$4:$AN$9,0)) -> + | AB24: =INDEX($AO$4:$AO$9,MATCH(I24, $AN$4:$AN$9,0)) -> + | AC24: =INDEX($AO$4:$AO$9,MATCH(J24, $AN$4:$AN$9,0)) -> 0 | ... AK24: =INDEX($AO$4:$AO$9,MATCH(R24, $AN$4:$AN$9,0)) -> -- | AL24: Willington
B25: Site_9 | C25: {=INDIRECT($B25&"!"&$B$2&$C$2)} -> Minor Negative | D25: {=INDIRECT($B25&"!"&$B$2&$D$2)} -> Significant Positive | E25: {=INDIRECT($B25&"!"&$B$2&$E$2)} -> Minor Negative | F25: {=INDIRECT($B25&"!"&$B$2&$F$2)} -> Neutral | G25: {=INDIRECT($B25&"!"&$B$2&$G$2)} -> Neutral | H25: {=INDIRECT($B25&"!"&$B$2&$H$2)} -> Minor Positive | I25: {=INDIRECT($B25&"!"&$B$2&$I$2)} -> Minor Positive | J25: {=INDIRECT($B25&"!"&$B$2&$J$2)} -> Minor Negative | K25: {=INDIRECT($B25&"!"&$B$2&$K$2)} -> Minor Positive | L25: {=INDIRECT($B25&"!"&$B$2&$L$2)} -> Neutral | M25: {=INDIRECT($B25&"!"&$B$2&$M$2)} -> Significant Negative | N25: {=INDIRECT($B25&"!"&$B$2&$N$2)} -> Minor Negative | O25: {=INDIRECT($B25&"!"&$B$2&$O$2)} -> Neutral | P25: {=INDIRECT($B25&"!"&$B$2&$P$2)} -> Minor Negative | Q25: {=INDIRECT($B25&"!"&$B$2&$Q$2)} -> Minor Negative | R25: {=INDIRECT($B25&"!"&$B$2&$R$2)} -> Significant Negative | T25: Batch 2 | U25: Site 9_Land south of Ashby Road East, Burton upon Trent | V25: =INDEX($AO$4:$AO$9,MATCH(C25, $AN$4:$AN$9,0)) -> - | W25: =INDEX($AO$4:$AO$9,MATCH(D25, $AN$4:$AN$9,0)) -> + + | X25: =INDEX($AO$4:$AO$9,MATCH(E25, $AN$4:$AN$9,0)) -> - | Y25: =INDEX($AO$4:$AO$9,MATCH(F25, $AN$4:$AN$9,0)) -> 0 | Z25: =INDEX($AO$4:$AO$9,MATCH(G25, $AN$4:$AN$9,0)) -> 0 | AA25: =INDEX($AO$4:$AO$9,MATCH(H25, $AN$4:$AN$9,0)) -> + | AB25: =INDEX($AO$4:$AO$9,MATCH(I25, $AN$4:$AN$9,0)) -> + | AC25: =INDEX($AO$4:$AO$9,MATCH(J25, $AN$4:$AN$9,0)) -> - | ... AK25: =INDEX($AO$4:$AO$9,MATCH(R25, $AN$4:$AN$9,0)) -> -- | AL25: Bretby
B26: Site_10 | C26: {=INDIRECT($B26&"!"&$B$2&$C$2)} -> Minor Negative | D26: {=INDIRECT($B26&"!"&$B$2&$D$2)} -> Significant Positive | E26: {=INDIRECT($B26&"!"&$B$2&$E$2)} -> Minor Negative | F26: {=INDIRECT($B26&"!"&$B$2&$F$2)} -> Neutral | G26: {=INDIRECT($B26&"!"&$B$2&$G$2)} -> Neutral | H26: {=INDIRECT($B26&"!"&$B$2&$H$2)} -> Minor Positive | I26: {=INDIRECT($B26&"!"&$B$2&$I$2)} -> Minor Positive | J26: {=INDIRECT($B26&"!"&$B$2&$J$2)} -> Minor Negative | K26: {=INDIRECT($B26&"!"&$B$2&$K$2)} -> Minor Positive | L26: {=INDIRECT($B26&"!"&$B$2&$L$2)} -> Neutral | M26: {=INDIRECT($B26&"!"&$B$2&$M$2)} -> Minor Positive | N26: {=INDIRECT($B26&"!"&$B$2&$N$2)} -> Minor Negative | O26: {=INDIRECT($B26&"!"&$B$2&$O$2)} -> Neutral | P26: {=INDIRECT($B26&"!"&$B$2&$P$2)} -> Minor Negative | Q26: {=INDIRECT($B26&"!"&$B$2&$Q$2)} -> Minor Negative | R26: {=INDIRECT($B26&"!"&$B$2&$R$2)} -> Significant Negative | T26: Batch 2 | U26: Site 10_Park Road , Swadlincote | V26: =INDEX($AO$4:$AO$9,MATCH(C26, $AN$4:$AN$9,0)) -> - | W26: =INDEX($AO$4:$AO$9,MATCH(D26, $AN$4:$AN$9,0)) -> + + | X26: =INDEX($AO$4:$AO$9,MATCH(E26, $AN$4:$AN$9,0)) -> - | Y26: =INDEX($AO$4:$AO$9,MATCH(F26, $AN$4:$AN$9,0)) -> 0 | Z26: =INDEX($AO$4:$AO$9,MATCH(G26, $AN$4:$AN$9,0)) -> 0 | AA26: =INDEX($AO$4:$AO$9,MATCH(H26, $AN$4:$AN$9,0)) -> + | AB26: =INDEX($AO$4:$AO$9,MATCH(I26, $AN$4:$AN$9,0)) -> + | AC26: =INDEX($AO$4:$AO$9,MATCH(J26, $AN$4:$AN$9,0)) -> - | ... AK26: =INDEX($AO$4:$AO$9,MATCH(R26, $AN$4:$AN$9,0)) -> -- | AL26: Newhall
B27: Site_11 | C27: {=INDIRECT($B27&"!"&$B$2&$C$2)} -> Minor Negative | D27: {=INDIRECT($B27&"!"&$B$2&$D$2)} -> Significant Positive | E27: {=INDIRECT($B27&"!"&$B$2&$E$2)} -> Minor Negative | F27: {=INDIRECT($B27&"!"&$B$2&$F$2)} -> Neutral | G27: {=INDIRECT($B27&"!"&$B$2&$G$2)} -> Neutral | H27: {=INDIRECT($B27&"!"&$B$2&$H$2)} -> Minor Positive | I27: {=INDIRECT($B27&"!"&$B$2&$I$2)} -> Minor Positive | J27: {=INDIRECT($B27&"!"&$B$2&$J$2)} -> Neutral | K27: {=INDIRECT($B27&"!"&$B$2&$K$2)} -> Minor Positive | L27: {=INDIRECT($B27&"!"&$B$2&$L$2)} -> Neutral | M27: {=INDIRECT($B27&"!"&$B$2&$M$2)} -> Minor Positive | N27: {=INDIRECT($B27&"!"&$B$2&$N$2)} -> Minor Negative | O27: {=INDIRECT($B27&"!"&$B$2&$O$2)} -> Minor Positive | P27: {=INDIRECT($B27&"!"&$B$2&$P$2)} -> Neutral | Q27: {=INDIRECT($B27&"!"&$B$2&$Q$2)} -> Minor Negative | R27: {=INDIRECT($B27&"!"&$B$2&$R$2)} -> Significant Negative | T27: Batch 2 | U27: Site 11_Land at Butt Lane and Vale Road, Woodville | V27: =INDEX($AO$4:$AO$9,MATCH(C27, $AN$4:$AN$9,0)) -> - | W27: =INDEX($AO$4:$AO$9,MATCH(D27, $AN$4:$AN$9,0)) -> + + | X27: =INDEX($AO$4:$AO$9,MATCH(E27, $AN$4:$AN$9,0)) -> - | Y27: =INDEX($AO$4:$AO$9,MATCH(F27, $AN$4:$AN$9,0)) -> 0 | Z27: =INDEX($AO$4:$AO$9,MATCH(G27, $AN$4:$AN$9,0)) -> 0 | AA27: =INDEX($AO$4:$AO$9,MATCH(H27, $AN$4:$AN$9,0)) -> + | AB27: =INDEX($AO$4:$AO$9,MATCH(I27, $AN$4:$AN$9,0)) -> + | AC27: =INDEX($AO$4:$AO$9,MATCH(J27, $AN$4:$AN$9,0)) -> 0 | ... AK27: =INDEX($AO$4:$AO$9,MATCH(R27, $AN$4:$AN$9,0)) -> -- | AL27: Woodville
B28: Site_14 | C28: {=INDIRECT($B28&"!"&$B$2&$C$2)} -> Minor Negative | D28: {=INDIRECT($B28&"!"&$B$2&$D$2)} -> Significant Positive | E28: {=INDIRECT($B28&"!"&$B$2&$E$2)} -> Neutral | F28: {=INDIRECT($B28&"!"&$B$2&$F$2)} -> Neutral | G28: {=INDIRECT($B28&"!"&$B$2&$G$2)} -> Neutral | H28: {=INDIRECT($B28&"!"&$B$2&$H$2)} -> Minor Positive | I28: {=INDIRECT($B28&"!"&$B$2&$I$2)} -> Minor Positive | J28: {=INDIRECT($B28&"!"&$B$2&$J$2)} -> Neutral | K28: {=INDIRECT($B28&"!"&$B$2&$K$2)} -> Minor Positive | L28: {=INDIRECT($B28&"!"&$B$2&$L$2)} -> Neutral | M28: {=INDIRECT($B28&"!"&$B$2&$M$2)} -> Significant Negative | N28: {=INDIRECT($B28&"!"&$B$2&$N$2)} -> Minor Negative | O28: {=INDIRECT($B28&"!"&$B$2&$O$2)} -> Neutral | P28: {=INDIRECT($B28&"!"&$B$2&$P$2)} -> Minor Negative | Q28: {=INDIRECT($B28&"!"&$B$2&$Q$2)} -> Neutral | R28: {=INDIRECT($B28&"!"&$B$2&$R$2)} -> Significant Negative | T28: Batch 2 | U28: Site 14_Sandcliffe Road, Swadlincote | V28: =INDEX($AO$4:$AO$9,MATCH(C28, $AN$4:$AN$9,0)) -> - | W28: =INDEX($AO$4:$AO$9,MATCH(D28, $AN$4:$AN$9,0)) -> + + | X28: =INDEX($AO$4:$AO$9,MATCH(E28, $AN$4:$AN$9,0)) -> 0 | Y28: =INDEX($AO$4:$AO$9,MATCH(F28, $AN$4:$AN$9,0)) -> 0 | Z28: =INDEX($AO$4:$AO$9,MATCH(G28, $AN$4:$AN$9,0)) -> 0 | AA28: =INDEX($AO$4:$AO$9,MATCH(H28, $AN$4:$AN$9,0)) -> + | AB28: =INDEX($AO$4:$AO$9,MATCH(I28, $AN$4:$AN$9,0)) -> + | AC28: =INDEX($AO$4:$AO$9,MATCH(J28, $AN$4:$AN$9,0)) -> 0 | ... AK28: =INDEX($AO$4:$AO$9,MATCH(R28, $AN$4:$AN$9,0)) -> -- | AL28: Swadlincote
B29: Site_20 | C29: {=INDIRECT($B29&"!"&$B$2&$C$2)} -> Minor Negative | D29: {=INDIRECT($B29&"!"&$B$2&$D$2)} -> Significant Positive | E29: {=INDIRECT($B29&"!"&$B$2&$E$2)} -> Minor Negative | F29: {=INDIRECT($B29&"!"&$B$2&$F$2)} -> Neutral | G29: {=INDIRECT($B29&"!"&$B$2&$G$2)} -> Neutral | H29: {=INDIRECT($B29&"!"&$B$2&$H$2)} -> Minor Positive | I29: {=INDIRECT($B29&"!"&$B$2&$I$2)} -> Neutral | J29: {=INDIRECT($B29&"!"&$B$2&$J$2)} -> Neutral | K29: {=INDIRECT($B29&"!"&$B$2&$K$2)} -> Significant Positive | L29: {=INDIRECT($B29&"!"&$B$2&$L$2)} -> Neutral | M29: {=INDIRECT($B29&"!"&$B$2&$M$2)} -> Significant Negative | N29: {=INDIRECT($B29&"!"&$B$2&$N$2)} -> Minor Negative | O29: {=INDIRECT($B29&"!"&$B$2&$O$2)} -> Neutral | P29: {=INDIRECT($B29&"!"&$B$2&$P$2)} -> Minor Negative | Q29: {=INDIRECT($B29&"!"&$B$2&$Q$2)} -> Minor Negative | R29: {=INDIRECT($B29&"!"&$B$2&$R$2)} -> Minor Negative | U29: Site 20_Land off Etwall Road , Willington | V29: =INDEX($AO$4:$AO$9,MATCH(C29, $AN$4:$AN$9,0)) -> - | W29: =INDEX($AO$4:$AO$9,MATCH(D29, $AN$4:$AN$9,0)) -> + + | X29: =INDEX($AO$4:$AO$9,MATCH(E29, $AN$4:$AN$9,0)) -> - | Y29: =INDEX($AO$4:$AO$9,MATCH(F29, $AN$4:$AN$9,0)) -> 0 | Z29: =INDEX($AO$4:$AO$9,MATCH(G29, $AN$4:$AN$9,0)) -> 0 | AA29: =INDEX($AO$4:$AO$9,MATCH(H29, $AN$4:$AN$9,0)) -> + | AB29: =INDEX($AO$4:$AO$9,MATCH(I29, $AN$4:$AN$9,0)) -> 0 | AC29: =INDEX($AO$4:$AO$9,MATCH(J29, $AN$4:$AN$9,0)) -> 0 | ... AK29: =INDEX($AO$4:$AO$9,MATCH(R29, $AN$4:$AN$9,0)) -> - | AL29: Willington
B30: Site_21 | C30: {=INDIRECT($B30&"!"&$B$2&$C$2)} -> Minor Negative | D30: {=INDIRECT($B30&"!"&$B$2&$D$2)} -> Significant Positive | E30: {=INDIRECT($B30&"!"&$B$2&$E$2)} -> Minor Negative | F30: {=INDIRECT($B30&"!"&$B$2&$F$2)} -> Neutral | G30: {=INDIRECT($B30&"!"&$B$2&$G$2)} -> Neutral | H30: {=INDIRECT($B30&"!"&$B$2&$H$2)} -> Minor Positive | I30: {=INDIRECT($B30&"!"&$B$2&$I$2)} -> Minor Positive | J30: {=INDIRECT($B30&"!"&$B$2&$J$2)} -> Neutral | K30: {=INDIRECT($B30&"!"&$B$2&$K$2)} -> Minor Positive | L30: {=INDIRECT($B30&"!"&$B$2&$L$2)} -> Neutral | M30: {=INDIRECT($B30&"!"&$B$2&$M$2)} -> Minor Positive | N30: {=INDIRECT($B30&"!"&$B$2&$N$2)} -> Minor Negative | O30: {=INDIRECT($B30&"!"&$B$2&$O$2)} -> Minor Positive | P30: {=INDIRECT($B30&"!"&$B$2&$P$2)} -> Neutral | Q30: {=INDIRECT($B30&"!"&$B$2&$Q$2)} -> Minor Negative | R30: {=INDIRECT($B30&"!"&$B$2&$R$2)} -> Significant Negative | T30: Batch 2 | U30: Site 21_Land at Vale Road, Woodville | V30: =INDEX($AO$4:$AO$9,MATCH(C30, $AN$4:$AN$9,0)) -> - | W30: =INDEX($AO$4:$AO$9,MATCH(D30, $AN$4:$AN$9,0)) -> + + | X30: =INDEX($AO$4:$AO$9,MATCH(E30, $AN$4:$AN$9,0)) -> - | Y30: =INDEX($AO$4:$AO$9,MATCH(F30, $AN$4:$AN$9,0)) -> 0 | Z30: =INDEX($AO$4:$AO$9,MATCH(G30, $AN$4:$AN$9,0)) -> 0 | AA30: =INDEX($AO$4:$AO$9,MATCH(H30, $AN$4:$AN$9,0)) -> + | AB30: =INDEX($AO$4:$AO$9,MATCH(I30, $AN$4:$AN$9,0)) -> + | AC30: =INDEX($AO$4:$AO$9,MATCH(J30, $AN$4:$AN$9,0)) -> 0 | ... AK30: =INDEX($AO$4:$AO$9,MATCH(R30, $AN$4:$AN$9,0)) -> -- | AL30: Woodville
B31: Site_22 | C31: {=INDIRECT($B31&"!"&$B$2&$C$2)} -> Minor Negative | D31: {=INDIRECT($B31&"!"&$B$2&$D$2)} -> Significant Positive | E31: {=INDIRECT($B31&"!"&$B$2&$E$2)} -> Minor Negative | F31: {=INDIRECT($B31&"!"&$B$2&$F$2)} -> Neutral | G31: {=INDIRECT($B31&"!"&$B$2&$G$2)} -> Neutral | H31: {=INDIRECT($B31&"!"&$B$2&$H$2)} -> Minor Positive | I31: {=INDIRECT($B31&"!"&$B$2&$I$2)} -> Minor Positive | J31: {=INDIRECT($B31&"!"&$B$2&$J$2)} -> Neutral | K31: {=INDIRECT($B31&"!"&$B$2&$K$2)} -> Minor Positive | L31: {=INDIRECT($B31&"!"&$B$2&$L$2)} -> Neutral | M31: {=INDIRECT($B31&"!"&$B$2&$M$2)} -> Minor Positive | N31: {=INDIRECT($B31&"!"&$B$2&$N$2)} -> Minor Negative | O31: {=INDIRECT($B31&"!"&$B$2&$O$2)} -> Minor Positive | P31: {=INDIRECT($B31&"!"&$B$2&$P$2)} -> Neutral | Q31: {=INDIRECT($B31&"!"&$B$2&$Q$2)} -> Minor Negative | R31: {=INDIRECT($B31&"!"&$B$2&$R$2)} -> Significant Negative | T31: Batch 2 | U31: Site 22_Land at Butt Lane and Vale Road, Woodville | V31: =INDEX($AO$4:$AO$9,MATCH(C31, $AN$4:$AN$9,0)) -> - | W31: =INDEX($AO$4:$AO$9,MATCH(D31, $AN$4:$AN$9,0)) -> + + | X31: =INDEX($AO$4:$AO$9,MATCH(E31, $AN$4:$AN$9,0)) -> - | Y31: =INDEX($AO$4:$AO$9,MATCH(F31, $AN$4:$AN$9,0)) -> 0 | Z31: =INDEX($AO$4:$AO$9,MATCH(G31, $AN$4:$AN$9,0)) -> 0 | AA31: =INDEX($AO$4:$AO$9,MATCH(H31, $AN$4:$AN$9,0)) -> + | AB31: =INDEX($AO$4:$AO$9,MATCH(I31, $AN$4:$AN$9,0)) -> + | AC31: =INDEX($AO$4:$AO$9,MATCH(J31, $AN$4:$AN$9,0)) -> 0 | ... AK31: =INDEX($AO$4:$AO$9,MATCH(R31, $AN$4:$AN$9,0)) -> -- | AL31: Woodville
B32: Site_23 | C32: {=INDIRECT($B32&"!"&$B$2&$C$2)} -> Minor Negative | D32: {=INDIRECT($B32&"!"&$B$2&$D$2)} -> Significant Positive | E32: {=INDIRECT($B32&"!"&$B$2&$E$2)} -> Minor Negative | F32: {=INDIRECT($B32&"!"&$B$2&$F$2)} -> Neutral | G32: {=INDIRECT($B32&"!"&$B$2&$G$2)} -> Neutral | H32: {=INDIRECT($B32&"!"&$B$2&$H$2)} -> Minor Positive | I32: {=INDIRECT($B32&"!"&$B$2&$I$2)} -> Minor Positive | J32: {=INDIRECT($B32&"!"&$B$2&$J$2)} -> Neutral | K32: {=INDIRECT($B32&"!"&$B$2&$K$2)} -> Minor Positive | L32: {=INDIRECT($B32&"!"&$B$2&$L$2)} -> Neutral | M32: {=INDIRECT($B32&"!"&$B$2&$M$2)} -> Minor Positive | N32: {=INDIRECT($B32&"!"&$B$2&$N$2)} -> Minor Negative | O32: {=INDIRECT($B32&"!"&$B$2&$O$2)} -> Minor Positive | P32: {=INDIRECT($B32&"!"&$B$2&$P$2)} -> Neutral | Q32: {=INDIRECT($B32&"!"&$B$2&$Q$2)} -> Minor Negative | R32: {=INDIRECT($B32&"!"&$B$2&$R$2)} -> Significant Negative | T32: Batch 2 | U32: Site 23_Land at Ashby Road, Woodville | V32: =INDEX($AO$4:$AO$9,MATCH(C32, $AN$4:$AN$9,0)) -> - | W32: =INDEX($AO$4:$AO$9,MATCH(D32, $AN$4:$AN$9,0)) -> + + | X32: =INDEX($AO$4:$AO$9,MATCH(E32, $AN$4:$AN$9,0)) -> - | Y32: =INDEX($AO$4:$AO$9,MATCH(F32, $AN$4:$AN$9,0)) -> 0 | Z32: =INDEX($AO$4:$AO$9,MATCH(G32, $AN$4:$AN$9,0)) -> 0 | AA32: =INDEX($AO$4:$AO$9,MATCH(H32, $AN$4:$AN$9,0)) -> + | AB32: =INDEX($AO$4:$AO$9,MATCH(I32, $AN$4:$AN$9,0)) -> + | AC32: =INDEX($AO$4:$AO$9,MATCH(J32, $AN$4:$AN$9,0)) -> 0 | ... AK32: =INDEX($AO$4:$AO$9,MATCH(R32, $AN$4:$AN$9,0)) -> -- | AL32: Woodville
B33: Site_24 | C33: {=INDIRECT($B33&"!"&$B$2&$C$2)} -> Minor Negative | D33: {=INDIRECT($B33&"!"&$B$2&$D$2)} -> Significant Positive | E33: {=INDIRECT($B33&"!"&$B$2&$E$2)} -> Neutral | F33: {=INDIRECT($B33&"!"&$B$2&$F$2)} -> Neutral | G33: {=INDIRECT($B33&"!"&$B$2&$G$2)} -> Neutral | H33: {=INDIRECT($B33&"!"&$B$2&$H$2)} -> Minor Positive | I33: {=INDIRECT($B33&"!"&$B$2&$I$2)} -> Neutral | J33: {=INDIRECT($B33&"!"&$B$2&$J$2)} -> Neutral | K33: {=INDIRECT($B33&"!"&$B$2&$K$2)} -> Minor Positive | L33: {=INDIRECT($B33&"!"&$B$2&$L$2)} -> Neutral | M33: {=INDIRECT($B33&"!"&$B$2&$M$2)} -> Significant Negative | N33: {=INDIRECT($B33&"!"&$B$2&$N$2)} -> Minor Negative | O33: {=INDIRECT($B33&"!"&$B$2&$O$2)} -> Neutral | P33: {=INDIRECT($B33&"!"&$B$2&$P$2)} -> Neutral | Q33: {=INDIRECT($B33&"!"&$B$2&$Q$2)} -> Minor Negative | R33: {=INDIRECT($B33&"!"&$B$2&$R$2)} -> Significant Negative | T33: Batch 2 | U33: Site 24_Land north of Burton Road, Swadlincote | V33: =INDEX($AO$4:$AO$9,MATCH(C33, $AN$4:$AN$9,0)) -> - | W33: =INDEX($AO$4:$AO$9,MATCH(D33, $AN$4:$AN$9,0)) -> + + | X33: =INDEX($AO$4:$AO$9,MATCH(E33, $AN$4:$AN$9,0)) -> 0 | Y33: =INDEX($AO$4:$AO$9,MATCH(F33, $AN$4:$AN$9,0)) -> 0 | Z33: =INDEX($AO$4:$AO$9,MATCH(G33, $AN$4:$AN$9,0)) -> 0 | AA33: =INDEX($AO$4:$AO$9,MATCH(H33, $AN$4:$AN$9,0)) -> + | AB33: =INDEX($AO$4:$AO$9,MATCH(I33, $AN$4:$AN$9,0)) -> 0 | AC33: =INDEX($AO$4:$AO$9,MATCH(J33, $AN$4:$AN$9,0)) -> 0 | ... AK33: =INDEX($AO$4:$AO$9,MATCH(R33, $AN$4:$AN$9,0)) -> -- | AL33: Midway
B34: Site_25 | C34: {=INDIRECT($B34&"!"&$B$2&$C$2)} -> Minor Negative | D34: {=INDIRECT($B34&"!"&$B$2&$D$2)} -> Significant Positive | E34: {=INDIRECT($B34&"!"&$B$2&$E$2)} -> Minor Negative | F34: {=INDIRECT($B34&"!"&$B$2&$F$2)} -> Neutral | G34: {=INDIRECT($B34&"!"&$B$2&$G$2)} -> Neutral | H34: {=INDIRECT($B34&"!"&$B$2&$H$2)} -> Minor Positive | I34: {=INDIRECT($B34&"!"&$B$2&$I$2)} -> Neutral | J34: {=INDIRECT($B34&"!"&$B$2&$J$2)} -> Neutral | K34: {=INDIRECT($B34&"!"&$B$2&$K$2)} -> Minor Positive | L34: {=INDIRECT($B34&"!"&$B$2&$L$2)} -> Neutral | M34: {=INDIRECT($B34&"!"&$B$2&$M$2)} -> Significant Negative | N34: {=INDIRECT($B34&"!"&$B$2&$N$2)} -> Minor Negative | O34: {=INDIRECT($B34&"!"&$B$2&$O$2)} -> Neutral | P34: {=INDIRECT($B34&"!"&$B$2&$P$2)} -> Minor Negative | Q34: {=INDIRECT($B34&"!"&$B$2&$Q$2)} -> Neutral | R34: {=INDIRECT($B34&"!"&$B$2&$R$2)} -> Minor Negative | U34: Site 25_Tawney Hay Farm | V34: =INDEX($AO$4:$AO$9,MATCH(C34, $AN$4:$AN$9,0)) -> - | W34: =INDEX($AO$4:$AO$9,MATCH(D34, $AN$4:$AN$9,0)) -> + + | X34: =INDEX($AO$4:$AO$9,MATCH(E34, $AN$4:$AN$9,0)) -> - | Y34: =INDEX($AO$4:$AO$9,MATCH(F34, $AN$4:$AN$9,0)) -> 0 | Z34: =INDEX($AO$4:$AO$9,MATCH(G34, $AN$4:$AN$9,0)) -> 0 | AA34: =INDEX($AO$4:$AO$9,MATCH(H34, $AN$4:$AN$9,0)) -> + | AB34: =INDEX($AO$4:$AO$9,MATCH(I34, $AN$4:$AN$9,0)) -> 0 | AC34: =INDEX($AO$4:$AO$9,MATCH(J34, $AN$4:$AN$9,0)) -> 0 | ... AK34: =INDEX($AO$4:$AO$9,MATCH(R34, $AN$4:$AN$9,0)) -> - | AL34: Hatton
B35: Site_26 | C35: {=INDIRECT($B35&"!"&$B$2&$C$2)} -> Significant Negative | D35: {=INDIRECT($B35&"!"&$B$2&$D$2)} -> Significant Positive | E35: {=INDIRECT($B35&"!"&$B$2&$E$2)} -> Neutral | F35: {=INDIRECT($B35&"!"&$B$2&$F$2)} -> Neutral | G35: {=INDIRECT($B35&"!"&$B$2&$G$2)} -> Neutral | H35: {=INDIRECT($B35&"!"&$B$2&$H$2)} -> Minor Positive | I35: {=INDIRECT($B35&"!"&$B$2&$I$2)} -> Neutral | J35: {=INDIRECT($B35&"!"&$B$2&$J$2)} -> Neutral | K35: {=INDIRECT($B35&"!"&$B$2&$K$2)} -> Minor Positive | L35: {=INDIRECT($B35&"!"&$B$2&$L$2)} -> Neutral | M35: {=INDIRECT($B35&"!"&$B$2&$M$2)} -> Significant Negative | N35: {=INDIRECT($B35&"!"&$B$2&$N$2)} -> Significant Negative | O35: {=INDIRECT($B35&"!"&$B$2&$O$2)} -> Neutral | P35: {=INDIRECT($B35&"!"&$B$2&$P$2)} -> Neutral | Q35: {=INDIRECT($B35&"!"&$B$2&$Q$2)} -> Neutral | R35: {=INDIRECT($B35&"!"&$B$2&$R$2)} -> Minor Negative | U35: Site 26_Land South of Moria Road , Overseal | V35: =INDEX($AO$4:$AO$9,MATCH(C35, $AN$4:$AN$9,0)) -> -- | W35: =INDEX($AO$4:$AO$9,MATCH(D35, $AN$4:$AN$9,0)) -> + + | X35: =INDEX($AO$4:$AO$9,MATCH(E35, $AN$4:$AN$9,0)) -> 0 | Y35: =INDEX($AO$4:$AO$9,MATCH(F35, $AN$4:$AN$9,0)) -> 0 | Z35: =INDEX($AO$4:$AO$9,MATCH(G35, $AN$4:$AN$9,0)) -> 0 | AA35: =INDEX($AO$4:$AO$9,MATCH(H35, $AN$4:$AN$9,0)) -> + | AB35: =INDEX($AO$4:$AO$9,MATCH(I35, $AN$4:$AN$9,0)) -> 0 | AC35: =INDEX($AO$4:$AO$9,MATCH(J35, $AN$4:$AN$9,0)) -> 0 | ... AK35: =INDEX($AO$4:$AO$9,MATCH(R35, $AN$4:$AN$9,0)) -> - | AL35: Overseal
B36: Site_27 | C36: {=INDIRECT($B36&"!"&$B$2&$C$2)} -> Minor Negative | D36: {=INDIRECT($B36&"!"&$B$2&$D$2)} -> Significant Positive | E36: {=INDIRECT($B36&"!"&$B$2&$E$2)} -> Neutral | F36: {=INDIRECT($B36&"!"&$B$2&$F$2)} -> Neutral | G36: {=INDIRECT($B36&"!"&$B$2&$G$2)} -> Neutral | H36: {=INDIRECT($B36&"!"&$B$2&$H$2)} -> Minor Positive | I36: {=INDIRECT($B36&"!"&$B$2&$I$2)} -> Neutral | J36: {=INDIRECT($B36&"!"&$B$2&$J$2)} -> Neutral | K36: {=INDIRECT($B36&"!"&$B$2&$K$2)} -> Minor Negative | L36: {=INDIRECT($B36&"!"&$B$2&$L$2)} -> Neutral | M36: {=INDIRECT($B36&"!"&$B$2&$M$2)} -> Significant Negative | N36: {=INDIRECT($B36&"!"&$B$2&$N$2)} -> Minor Negative | O36: {=INDIRECT($B36&"!"&$B$2&$O$2)} -> Neutral | P36: {=INDIRECT($B36&"!"&$B$2&$P$2)} -> Neutral | Q36: {=INDIRECT($B36&"!"&$B$2&$Q$2)} -> Minor Negative | R36: {=INDIRECT($B36&"!"&$B$2&$R$2)} -> Minor Negative | T36: Batch 2 | U36: Site 27_Egginton Road, Hilton | V36: =INDEX($AO$4:$AO$9,MATCH(C36, $AN$4:$AN$9,0)) -> - | W36: =INDEX($AO$4:$AO$9,MATCH(D36, $AN$4:$AN$9,0)) -> + + | X36: =INDEX($AO$4:$AO$9,MATCH(E36, $AN$4:$AN$9,0)) -> 0 | Y36: =INDEX($AO$4:$AO$9,MATCH(F36, $AN$4:$AN$9,0)) -> 0 | Z36: =INDEX($AO$4:$AO$9,MATCH(G36, $AN$4:$AN$9,0)) -> 0 | AA36: =INDEX($AO$4:$AO$9,MATCH(H36, $AN$4:$AN$9,0)) -> + | AB36: =INDEX($AO$4:$AO$9,MATCH(I36, $AN$4:$AN$9,0)) -> 0 | AC36: =INDEX($AO$4:$AO$9,MATCH(J36, $AN$4:$AN$9,0)) -> 0 | ... AK36: =INDEX($AO$4:$AO$9,MATCH(R36, $AN$4:$AN$9,0)) -> - | AL36: Hilton
B37: Site_28 | C37: {=INDIRECT($B37&"!"&$B$2&$C$2)} -> Minor Negative | D37: {=INDIRECT($B37&"!"&$B$2&$D$2)} -> Significant Positive | E37: {=INDIRECT($B37&"!"&$B$2&$E$2)} -> Neutral | F37: {=INDIRECT($B37&"!"&$B$2&$F$2)} -> Neutral | G37: {=INDIRECT($B37&"!"&$B$2&$G$2)} -> Neutral | H37: {=INDIRECT($B37&"!"&$B$2&$H$2)} -> Minor Positive | I37: {=INDIRECT($B37&"!"&$B$2&$I$2)} -> Neutral | J37: {=INDIRECT($B37&"!"&$B$2&$J$2)} -> Neutral | K37: {=INDIRECT($B37&"!"&$B$2&$K$2)} -> Minor Positive | L37: {=INDIRECT($B37&"!"&$B$2&$L$2)} -> Neutral | M37: {=INDIRECT($B37&"!"&$B$2&$M$2)} -> Significant Negative | N37: {=INDIRECT($B37&"!"&$B$2&$N$2)} -> Minor Negative | O37: {=INDIRECT($B37&"!"&$B$2&$O$2)} -> Minor Positive | P37: {=INDIRECT($B37&"!"&$B$2&$P$2)} -> Neutral | Q37: {=INDIRECT($B37&"!"&$B$2&$Q$2)} -> Neutral | R37: {=INDIRECT($B37&"!"&$B$2&$R$2)} -> Significant Negative | U37: Site 28_Land at Sales Lane , Burton | V37: =INDEX($AO$4:$AO$9,MATCH(C37, $AN$4:$AN$9,0)) -> - | W37: =INDEX($AO$4:$AO$9,MATCH(D37, $AN$4:$AN$9,0)) -> + + | X37: =INDEX($AO$4:$AO$9,MATCH(E37, $AN$4:$AN$9,0)) -> 0 | Y37: =INDEX($AO$4:$AO$9,MATCH(F37, $AN$4:$AN$9,0)) -> 0 | Z37: =INDEX($AO$4:$AO$9,MATCH(G37, $AN$4:$AN$9,0)) -> 0 | AA37: =INDEX($AO$4:$AO$9,MATCH(H37, $AN$4:$AN$9,0)) -> + | AB37: =INDEX($AO$4:$AO$9,MATCH(I37, $AN$4:$AN$9,0)) -> 0 | AC37: =INDEX($AO$4:$AO$9,MATCH(J37, $AN$4:$AN$9,0)) -> 0 | ... AK37: =INDEX($AO$4:$AO$9,MATCH(R37, $AN$4:$AN$9,0)) -> -- | AL37: Burton on Trent
B38: Site_30 | C38: {=INDIRECT($B38&"!"&$B$2&$C$2)} -> Minor Negative | D38: {=INDIRECT($B38&"!"&$B$2&$D$2)} -> Significant Positive | E38: {=INDIRECT($B38&"!"&$B$2&$E$2)} -> Minor Negative | F38: {=INDIRECT($B38&"!"&$B$2&$F$2)} -> Neutral | G38: {=INDIRECT($B38&"!"&$B$2&$G$2)} -> Neutral | H38: {=INDIRECT($B38&"!"&$B$2&$H$2)} -> Minor Positive | I38: {=INDIRECT($B38&"!"&$B$2&$I$2)} -> Minor Negative | J38: {=INDIRECT($B38&"!"&$B$2&$J$2)} -> Neutral | K38: {=INDIRECT($B38&"!"&$B$2&$K$2)} -> Minor Negative | L38: {=INDIRECT($B38&"!"&$B$2&$L$2)} -> Neutral | M38: {=INDIRECT($B38&"!"&$B$2&$M$2)} -> Significant Negative | N38: {=INDIRECT($B38&"!"&$B$2&$N$2)} -> Neutral | O38: {=INDIRECT($B38&"!"&$B$2&$O$2)} -> Neutral | P38: {=INDIRECT($B38&"!"&$B$2&$P$2)} -> Neutral | Q38: {=INDIRECT($B38&"!"&$B$2&$Q$2)} -> Minor Negative | R38: {=INDIRECT($B38&"!"&$B$2&$R$2)} -> Minor Negative | U38: Site 30_Land off Weston Road, Aston on Trent | V38: =INDEX($AO$4:$AO$9,MATCH(C38, $AN$4:$AN$9,0)) -> - | W38: =INDEX($AO$4:$AO$9,MATCH(D38, $AN$4:$AN$9,0)) -> + + | X38: =INDEX($AO$4:$AO$9,MATCH(E38, $AN$4:$AN$9,0)) -> - | Y38: =INDEX($AO$4:$AO$9,MATCH(F38, $AN$4:$AN$9,0)) -> 0 | Z38: =INDEX($AO$4:$AO$9,MATCH(G38, $AN$4:$AN$9,0)) -> 0 | AA38: =INDEX($AO$4:$AO$9,MATCH(H38, $AN$4:$AN$9,0)) -> + | AB38: =INDEX($AO$4:$AO$9,MATCH(I38, $AN$4:$AN$9,0)) -> - | AC38: =INDEX($AO$4:$AO$9,MATCH(J38, $AN$4:$AN$9,0)) -> 0 | ... AK38: =INDEX($AO$4:$AO$9,MATCH(R38, $AN$4:$AN$9,0)) -> - | AL38: Aston on Trent
B39: Site_31 | C39: {=INDIRECT($B39&"!"&$B$2&$C$2)} -> Significant Negative | D39: {=INDIRECT($B39&"!"&$B$2&$D$2)} -> Significant Positive | E39: {=INDIRECT($B39&"!"&$B$2&$E$2)} -> Neutral | F39: {=INDIRECT($B39&"!"&$B$2&$F$2)} -> Neutral | G39: {=INDIRECT($B39&"!"&$B$2&$G$2)} -> Neutral | H39: {=INDIRECT($B39&"!"&$B$2&$H$2)} -> Minor Positive | I39: {=INDIRECT($B39&"!"&$B$2&$I$2)} -> Neutral | J39: {=INDIRECT($B39&"!"&$B$2&$J$2)} -> Neutral | K39: {=INDIRECT($B39&"!"&$B$2&$K$2)} -> Minor Positive | L39: {=INDIRECT($B39&"!"&$B$2&$L$2)} -> Neutral | M39: {=INDIRECT($B39&"!"&$B$2&$M$2)} -> Significant Negative | N39: {=INDIRECT($B39&"!"&$B$2&$N$2)} -> Significant Negative | O39: {=INDIRECT($B39&"!"&$B$2&$O$2)} -> Neutral | P39: {=INDIRECT($B39&"!"&$B$2&$P$2)} -> Neutral | Q39: {=INDIRECT($B39&"!"&$B$2&$Q$2)} -> Neutral | R39: {=INDIRECT($B39&"!"&$B$2&$R$2)} -> Minor Negative | U39: Site 31_Burton Road, Overseal | V39: =INDEX($AO$4:$AO$9,MATCH(C39, $AN$4:$AN$9,0)) -> -- | W39: =INDEX($AO$4:$AO$9,MATCH(D39, $AN$4:$AN$9,0)) -> + + | X39: =INDEX($AO$4:$AO$9,MATCH(E39, $AN$4:$AN$9,0)) -> 0 | Y39: =INDEX($AO$4:$AO$9,MATCH(F39, $AN$4:$AN$9,0)) -> 0 | Z39: =INDEX($AO$4:$AO$9,MATCH(G39, $AN$4:$AN$9,0)) -> 0 | AA39: =INDEX($AO$4:$AO$9,MATCH(H39, $AN$4:$AN$9,0)) -> + | AB39: =INDEX($AO$4:$AO$9,MATCH(I39, $AN$4:$AN$9,0)) -> 0 | AC39: =INDEX($AO$4:$AO$9,MATCH(J39, $AN$4:$AN$9,0)) -> 0 | ... AK39: =INDEX($AO$4:$AO$9,MATCH(R39, $AN$4:$AN$9,0)) -> - | AL39: Repton
B40: Site_33 | C40: {=INDIRECT($B40&"!"&$B$2&$C$2)} -> Minor Negative | D40: {=INDIRECT($B40&"!"&$B$2&$D$2)} -> Significant Positive | E40: {=INDIRECT($B40&"!"&$B$2&$E$2)} -> Neutral | F40: {=INDIRECT($B40&"!"&$B$2&$F$2)} -> Neutral | G40: {=INDIRECT($B40&"!"&$B$2&$G$2)} -> Neutral | H40: {=INDIRECT($B40&"!"&$B$2&$H$2)} -> Minor Positive | I40: {=INDIRECT($B40&"!"&$B$2&$I$2)} -> Neutral | J40: {=INDIRECT($B40&"!"&$B$2&$J$2)} -> Neutral | K40: {=INDIRECT($B40&"!"&$B$2&$K$2)} -> Minor Positive | L40: {=INDIRECT($B40&"!"&$B$2&$L$2)} -> Neutral | M40: {=INDIRECT($B40&"!"&$B$2&$M$2)} -> Significant Negative | N40: {=INDIRECT($B40&"!"&$B$2&$N$2)} -> Minor Negative | O40: {=INDIRECT($B40&"!"&$B$2&$O$2)} -> Neutral | P40: {=INDIRECT($B40&"!"&$B$2&$P$2)} -> Minor Negative | Q40: {=INDIRECT($B40&"!"&$B$2&$Q$2)} -> Neutral | R40: {=INDIRECT($B40&"!"&$B$2&$R$2)} -> Minor Negative | U40: Site 33_Land at Scropton Lane, Hatton | V40: =INDEX($AO$4:$AO$9,MATCH(C40, $AN$4:$AN$9,0)) -> - | W40: =INDEX($AO$4:$AO$9,MATCH(D40, $AN$4:$AN$9,0)) -> + + | X40: =INDEX($AO$4:$AO$9,MATCH(E40, $AN$4:$AN$9,0)) -> 0 | Y40: =INDEX($AO$4:$AO$9,MATCH(F40, $AN$4:$AN$9,0)) -> 0 | Z40: =INDEX($AO$4:$AO$9,MATCH(G40, $AN$4:$AN$9,0)) -> 0 | AA40: =INDEX($AO$4:$AO$9,MATCH(H40, $AN$4:$AN$9,0)) -> + | AB40: =INDEX($AO$4:$AO$9,MATCH(I40, $AN$4:$AN$9,0)) -> 0 | AC40: =INDEX($AO$4:$AO$9,MATCH(J40, $AN$4:$AN$9,0)) -> 0 | ... AK40: =INDEX($AO$4:$AO$9,MATCH(R40, $AN$4:$AN$9,0)) -> - | AL40: Hatton
B41: Site_34 | C41: {=INDIRECT($B41&"!"&$B$2&$C$2)} -> Minor Negative | D41: {=INDIRECT($B41&"!"&$B$2&$D$2)} -> Significant Positive | E41: {=INDIRECT($B41&"!"&$B$2&$E$2)} -> Minor Negative | F41: {=INDIRECT($B41&"!"&$B$2&$F$2)} -> Neutral | G41: {=INDIRECT($B41&"!"&$B$2&$G$2)} -> Neutral | H41: {=INDIRECT($B41&"!"&$B$2&$H$2)} -> Minor Positive | I41: {=INDIRECT($B41&"!"&$B$2&$I$2)} -> Minor Negative | J41: {=INDIRECT($B41&"!"&$B$2&$J$2)} -> Neutral | K41: {=INDIRECT($B41&"!"&$B$2&$K$2)} -> Minor Negative | L41: {=INDIRECT($B41&"!"&$B$2&$L$2)} -> Neutral | M41: {=INDIRECT($B41&"!"&$B$2&$M$2)} -> Significant Negative | N41: {=INDIRECT($B41&"!"&$B$2&$N$2)} -> Neutral | O41: {=INDIRECT($B41&"!"&$B$2&$O$2)} -> Neutral | P41: {=INDIRECT($B41&"!"&$B$2&$P$2)} -> Neutral | Q41: {=INDIRECT($B41&"!"&$B$2&$Q$2)} -> Minor Negative | R41: {=INDIRECT($B41&"!"&$B$2&$R$2)} -> Minor Negative | U41: Site 34_East of Moor Lane, Aston | V41: =INDEX($AO$4:$AO$9,MATCH(C41, $AN$4:$AN$9,0)) -> - | W41: =INDEX($AO$4:$AO$9,MATCH(D41, $AN$4:$AN$9,0)) -> + + | X41: =INDEX($AO$4:$AO$9,MATCH(E41, $AN$4:$AN$9,0)) -> - | Y41: =INDEX($AO$4:$AO$9,MATCH(F41, $AN$4:$AN$9,0)) -> 0 | Z41: =INDEX($AO$4:$AO$9,MATCH(G41, $AN$4:$AN$9,0)) -> 0 | AA41: =INDEX($AO$4:$AO$9,MATCH(H41, $AN$4:$AN$9,0)) -> + | AB41: =INDEX($AO$4:$AO$9,MATCH(I41, $AN$4:$AN$9,0)) -> - | AC41: =INDEX($AO$4:$AO$9,MATCH(J41, $AN$4:$AN$9,0)) -> 0 | ... AK41: =INDEX($AO$4:$AO$9,MATCH(R41, $AN$4:$AN$9,0)) -> - | AL41: Aston on Trent
B42: Site_35 | C42: {=INDIRECT($B42&"!"&$B$2&$C$2)} -> Significant Negative | D42: {=INDIRECT($B42&"!"&$B$2&$D$2)} -> Significant Positive | E42: {=INDIRECT($B42&"!"&$B$2&$E$2)} -> Neutral | F42: {=INDIRECT($B42&"!"&$B$2&$F$2)} -> Neutral | G42: {=INDIRECT($B42&"!"&$B$2&$G$2)} -> Neutral | H42: {=INDIRECT($B42&"!"&$B$2&$H$2)} -> Minor Positive | I42: {=INDIRECT($B42&"!"&$B$2&$I$2)} -> Neutral | J42: {=INDIRECT($B42&"!"&$B$2&$J$2)} -> Neutral | K42: {=INDIRECT($B42&"!"&$B$2&$K$2)} -> Minor Positive | L42: {=INDIRECT($B42&"!"&$B$2&$L$2)} -> Neutral | M42: {=INDIRECT($B42&"!"&$B$2&$M$2)} -> Significant Negative | N42: {=INDIRECT($B42&"!"&$B$2&$N$2)} -> Significant Negative | O42: {=INDIRECT($B42&"!"&$B$2&$O$2)} -> Neutral | P42: {=INDIRECT($B42&"!"&$B$2&$P$2)} -> Neutral | Q42: {=INDIRECT($B42&"!"&$B$2&$Q$2)} -> Minor Negative | R42: {=INDIRECT($B42&"!"&$B$2&$R$2)} -> Minor Negative | U42: Site 35_Land off Hall Croft Avenue, Overseal Part B | V42: =INDEX($AO$4:$AO$9,MATCH(C42, $AN$4:$AN$9,0)) -> -- | W42: =INDEX($AO$4:$AO$9,MATCH(D42, $AN$4:$AN$9,0)) -> + + | X42: =INDEX($AO$4:$AO$9,MATCH(E42, $AN$4:$AN$9,0)) -> 0 | Y42: =INDEX($AO$4:$AO$9,MATCH(F42, $AN$4:$AN$9,0)) -> 0 | Z42: =INDEX($AO$4:$AO$9,MATCH(G42, $AN$4:$AN$9,0)) -> 0 | AA42: =INDEX($AO$4:$AO$9,MATCH(H42, $AN$4:$AN$9,0)) -> + | AB42: =INDEX($AO$4:$AO$9,MATCH(I42, $AN$4:$AN$9,0)) -> 0 | AC42: =INDEX($AO$4:$AO$9,MATCH(J42, $AN$4:$AN$9,0)) -> 0 | ... AK42: =INDEX($AO$4:$AO$9,MATCH(R42, $AN$4:$AN$9,0)) -> - | AL42: Overseal
B43: Site_36 | C43: {=INDIRECT($B43&"!"&$B$2&$C$2)} -> Minor Negative | D43: {=INDIRECT($B43&"!"&$B$2&$D$2)} -> Significant Positive | E43: {=INDIRECT($B43&"!"&$B$2&$E$2)} -> Neutral | F43: {=INDIRECT($B43&"!"&$B$2&$F$2)} -> Neutral | G43: {=INDIRECT($B43&"!"&$B$2&$G$2)} -> Neutral | H43: {=INDIRECT($B43&"!"&$B$2&$H$2)} -> Minor Positive | I43: {=INDIRECT($B43&"!"&$B$2&$I$2)} -> Neutral | J43: {=INDIRECT($B43&"!"&$B$2&$J$2)} -> Neutral | K43: {=INDIRECT($B43&"!"&$B$2&$K$2)} -> Minor Positive | L43: {=INDIRECT($B43&"!"&$B$2&$L$2)} -> Neutral | M43: {=INDIRECT($B43&"!"&$B$2&$M$2)} -> Significant Negative | N43: {=INDIRECT($B43&"!"&$B$2&$N$2)} -> Minor Negative | O43: {=INDIRECT($B43&"!"&$B$2&$O$2)} -> Neutral | P43: {=INDIRECT($B43&"!"&$B$2&$P$2)} -> Minor Negative | Q43: {=INDIRECT($B43&"!"&$B$2&$Q$2)} -> Neutral | R43: {=INDIRECT($B43&"!"&$B$2&$R$2)} -> Significant Negative | T43: Batch 2 | U43: Site 36_Sandcliffe Road, Swadlincote (Phase 1) | V43: =INDEX($AO$4:$AO$9,MATCH(C43, $AN$4:$AN$9,0)) -> - | W43: =INDEX($AO$4:$AO$9,MATCH(D43, $AN$4:$AN$9,0)) -> + + | X43: =INDEX($AO$4:$AO$9,MATCH(E43, $AN$4:$AN$9,0)) -> 0 | Y43: =INDEX($AO$4:$AO$9,MATCH(F43, $AN$4:$AN$9,0)) -> 0 | Z43: =INDEX($AO$4:$AO$9,MATCH(G43, $AN$4:$AN$9,0)) -> 0 | AA43: =INDEX($AO$4:$AO$9,MATCH(H43, $AN$4:$AN$9,0)) -> + | AB43: =INDEX($AO$4:$AO$9,MATCH(I43, $AN$4:$AN$9,0)) -> 0 | AC43: =INDEX($AO$4:$AO$9,MATCH(J43, $AN$4:$AN$9,0)) -> 0 | ... AK43: =INDEX($AO$4:$AO$9,MATCH(R43, $AN$4:$AN$9,0)) -> -- | AL43: Swadlincote
B44: Site_37 | C44: {=INDIRECT($B44&"!"&$B$2&$C$2)} -> Minor Negative | D44: {=INDIRECT($B44&"!"&$B$2&$D$2)} -> Significant Positive | E44: {=INDIRECT($B44&"!"&$B$2&$E$2)} -> Minor Negative | F44: {=INDIRECT($B44&"!"&$B$2&$F$2)} -> Neutral | G44: {=INDIRECT($B44&"!"&$B$2&$G$2)} -> Neutral | H44: {=INDIRECT($B44&"!"&$B$2&$H$2)} -> Minor Positive | I44: {=INDIRECT($B44&"!"&$B$2&$I$2)} -> Neutral | J44: {=INDIRECT($B44&"!"&$B$2&$J$2)} -> Neutral | K44: {=INDIRECT($B44&"!"&$B$2&$K$2)} -> Minor Positive | L44: {=INDIRECT($B44&"!"&$B$2&$L$2)} -> Neutral | M44: {=INDIRECT($B44&"!"&$B$2&$M$2)} -> Minor Positive | N44: {=INDIRECT($B44&"!"&$B$2&$N$2)} -> Minor Negative | O44: {=INDIRECT($B44&"!"&$B$2&$O$2)} -> Minor Positive | P44: {=INDIRECT($B44&"!"&$B$2&$P$2)} -> Neutral | Q44: {=INDIRECT($B44&"!"&$B$2&$Q$2)} -> Neutral | R44: {=INDIRECT($B44&"!"&$B$2&$R$2)} -> Significant Negative | T44: Batch 2 | U44: Site 37_Hill Top Farm | V44: =INDEX($AO$4:$AO$9,MATCH(C44, $AN$4:$AN$9,0)) -> - | W44: =INDEX($AO$4:$AO$9,MATCH(D44, $AN$4:$AN$9,0)) -> + + | X44: =INDEX($AO$4:$AO$9,MATCH(E44, $AN$4:$AN$9,0)) -> - | Y44: =INDEX($AO$4:$AO$9,MATCH(F44, $AN$4:$AN$9,0)) -> 0 | Z44: =INDEX($AO$4:$AO$9,MATCH(G44, $AN$4:$AN$9,0)) -> 0 | AA44: =INDEX($AO$4:$AO$9,MATCH(H44, $AN$4:$AN$9,0)) -> + | AB44: =INDEX($AO$4:$AO$9,MATCH(I44, $AN$4:$AN$9,0)) -> 0 | AC44: =INDEX($AO$4:$AO$9,MATCH(J44, $AN$4:$AN$9,0)) -> 0 | ... AK44: =INDEX($AO$4:$AO$9,MATCH(R44, $AN$4:$AN$9,0)) -> -- | AL44: Woodville
B45: Site_39 | C45: {=INDIRECT($B45&"!"&$B$2&$C$2)} -> Minor Negative | D45: {=INDIRECT($B45&"!"&$B$2&$D$2)} -> Significant Positive | E45: {=INDIRECT($B45&"!"&$B$2&$E$2)} -> Minor Negative | F45: {=INDIRECT($B45&"!"&$B$2&$F$2)} -> Neutral | G45: {=INDIRECT($B45&"!"&$B$2&$G$2)} -> Neutral | H45: {=INDIRECT($B45&"!"&$B$2&$H$2)} -> Minor Positive | I45: {=INDIRECT($B45&"!"&$B$2&$I$2)} -> Neutral | J45: {=INDIRECT($B45&"!"&$B$2&$J$2)} -> Minor Negative | K45: {=INDIRECT($B45&"!"&$B$2&$K$2)} -> Minor Positive | L45: {=INDIRECT($B45&"!"&$B$2&$L$2)} -> Neutral | M45: {=INDIRECT($B45&"!"&$B$2&$M$2)} -> Significant Negative | N45: {=INDIRECT($B45&"!"&$B$2&$N$2)} -> Uncertain | O45: {=INDIRECT($B45&"!"&$B$2&$O$2)} -> Minor Positive | P45: {=INDIRECT($B45&"!"&$B$2&$P$2)} -> Neutral | Q45: {=INDIRECT($B45&"!"&$B$2&$Q$2)} -> Neutral | R45: {=INDIRECT($B45&"!"&$B$2&$R$2)} -> Minor Negative | T45: Batch 2 | U45: Site 39_Land at Sutton Lane Hilton | V45: =INDEX($AO$4:$AO$9,MATCH(C45, $AN$4:$AN$9,0)) -> - | W45: =INDEX($AO$4:$AO$9,MATCH(D45, $AN$4:$AN$9,0)) -> + + | X45: =INDEX($AO$4:$AO$9,MATCH(E45, $AN$4:$AN$9,0)) -> - | Y45: =INDEX($AO$4:$AO$9,MATCH(F45, $AN$4:$AN$9,0)) -> 0 | Z45: =INDEX($AO$4:$AO$9,MATCH(G45, $AN$4:$AN$9,0)) -> 0 | AA45: =INDEX($AO$4:$AO$9,MATCH(H45, $AN$4:$AN$9,0)) -> + | AB45: =INDEX($AO$4:$AO$9,MATCH(I45, $AN$4:$AN$9,0)) -> 0 | AC45: =INDEX($AO$4:$AO$9,MATCH(J45, $AN$4:$AN$9,0)) -> - | ... AK45: =INDEX($AO$4:$AO$9,MATCH(R45, $AN$4:$AN$9,0)) -> - | AL45: Hilton
B46: Site_40 | C46: {=INDIRECT($B46&"!"&$B$2&$C$2)} -> Minor Negative | D46: {=INDIRECT($B46&"!"&$B$2&$D$2)} -> Significant Positive | E46: {=INDIRECT($B46&"!"&$B$2&$E$2)} -> Minor Negative | F46: {=INDIRECT($B46&"!"&$B$2&$F$2)} -> Neutral | G46: {=INDIRECT($B46&"!"&$B$2&$G$2)} -> Neutral | H46: {=INDIRECT($B46&"!"&$B$2&$H$2)} -> Neutral | I46: {=INDIRECT($B46&"!"&$B$2&$I$2)} -> Neutral | J46: {=INDIRECT($B46&"!"&$B$2&$J$2)} -> Minor Negative | K46: {=INDIRECT($B46&"!"&$B$2&$K$2)} -> Minor Positive | L46: {=INDIRECT($B46&"!"&$B$2&$L$2)} -> Neutral | M46: {=INDIRECT($B46&"!"&$B$2&$M$2)} -> Significant Negative | N46: {=INDIRECT($B46&"!"&$B$2&$N$2)} -> Minor Negative | O46: {=INDIRECT($B46&"!"&$B$2&$O$2)} -> Neutral | P46: {=INDIRECT($B46&"!"&$B$2&$P$2)} -> Significant Negative | Q46: {=INDIRECT($B46&"!"&$B$2&$Q$2)} -> Minor Negative | R46: {=INDIRECT($B46&"!"&$B$2&$R$2)} -> Minor Negative | U46: Site 40_Old Shardlow Nurseries, London Road, Shardlow | V46: =INDEX($AO$4:$AO$9,MATCH(C46, $AN$4:$AN$9,0)) -> - | W46: =INDEX($AO$4:$AO$9,MATCH(D46, $AN$4:$AN$9,0)) -> + + | X46: =INDEX($AO$4:$AO$9,MATCH(E46, $AN$4:$AN$9,0)) -> - | Y46: =INDEX($AO$4:$AO$9,MATCH(F46, $AN$4:$AN$9,0)) -> 0 | Z46: =INDEX($AO$4:$AO$9,MATCH(G46, $AN$4:$AN$9,0)) -> 0 | AA46: =INDEX($AO$4:$AO$9,MATCH(H46, $AN$4:$AN$9,0)) -> 0 | AB46: =INDEX($AO$4:$AO$9,MATCH(I46, $AN$4:$AN$9,0)) -> 0 | AC46: =INDEX($AO$4:$AO$9,MATCH(J46, $AN$4:$AN$9,0)) -> - | ... AK46: =INDEX($AO$4:$AO$9,MATCH(R46, $AN$4:$AN$9,0)) -> - | AL46: Shardlow
B47: Site_41 | C47: {=INDIRECT($B47&"!"&$B$2&$C$2)} -> Minor Negative | D47: {=INDIRECT($B47&"!"&$B$2&$D$2)} -> Significant Positive | E47: {=INDIRECT($B47&"!"&$B$2&$E$2)} -> Neutral | F47: {=INDIRECT($B47&"!"&$B$2&$F$2)} -> Neutral | G47: {=INDIRECT($B47&"!"&$B$2&$G$2)} -> Neutral | H47: {=INDIRECT($B47&"!"&$B$2&$H$2)} -> Minor Positive | I47: {=INDIRECT($B47&"!"&$B$2&$I$2)} -> Neutral | J47: {=INDIRECT($B47&"!"&$B$2&$J$2)} -> Neutral | K47: {=INDIRECT($B47&"!"&$B$2&$K$2)} -> Significant Negative | L47: {=INDIRECT($B47&"!"&$B$2&$L$2)} -> Neutral | M47: {=INDIRECT($B47&"!"&$B$2&$M$2)} -> Significant Negative | N47: {=INDIRECT($B47&"!"&$B$2&$N$2)} -> Minor Negative | O47: {=INDIRECT($B47&"!"&$B$2&$O$2)} -> Neutral | P47: {=INDIRECT($B47&"!"&$B$2&$P$2)} -> Neutral | Q47: {=INDIRECT($B47&"!"&$B$2&$Q$2)} -> Neutral | R47: {=INDIRECT($B47&"!"&$B$2&$R$2)} -> Minor Negative | U47: Site 41_Land at Willington Road, Etwall | V47: =INDEX($AO$4:$AO$9,MATCH(C47, $AN$4:$AN$9,0)) -> - | W47: =INDEX($AO$4:$AO$9,MATCH(D47, $AN$4:$AN$9,0)) -> + + | X47: =INDEX($AO$4:$AO$9,MATCH(E47, $AN$4:$AN$9,0)) -> 0 | Y47: =INDEX($AO$4:$AO$9,MATCH(F47, $AN$4:$AN$9,0)) -> 0 | Z47: =INDEX($AO$4:$AO$9,MATCH(G47, $AN$4:$AN$9,0)) -> 0 | AA47: =INDEX($AO$4:$AO$9,MATCH(H47, $AN$4:$AN$9,0)) -> + | AB47: =INDEX($AO$4:$AO$9,MATCH(I47, $AN$4:$AN$9,0)) -> 0 | AC47: =INDEX($AO$4:$AO$9,MATCH(J47, $AN$4:$AN$9,0)) -> 0 | ... AK47: =INDEX($AO$4:$AO$9,MATCH(R47, $AN$4:$AN$9,0)) -> - | AL47: Etwall
B48: Site_42 | C48: {=INDIRECT($B48&"!"&$B$2&$C$2)} -> Minor Negative | D48: {=INDIRECT($B48&"!"&$B$2&$D$2)} -> Significant Positive | E48: {=INDIRECT($B48&"!"&$B$2&$E$2)} -> Minor Negative | F48: {=INDIRECT($B48&"!"&$B$2&$F$2)} -> Neutral | G48: {=INDIRECT($B48&"!"&$B$2&$G$2)} -> Neutral | H48: {=INDIRECT($B48&"!"&$B$2&$H$2)} -> Neutral | I48: {=INDIRECT($B48&"!"&$B$2&$I$2)} -> Neutral | J48: {=INDIRECT($B48&"!"&$B$2&$J$2)} -> Minor Negative | K48: {=INDIRECT($B48&"!"&$B$2&$K$2)} -> Minor Positive | L48: {=INDIRECT($B48&"!"&$B$2&$L$2)} -> Neutral | M48: {=INDIRECT($B48&"!"&$B$2&$M$2)} -> Significant Negative | N48: {=INDIRECT($B48&"!"&$B$2&$N$2)} -> Minor Negative | O48: {=INDIRECT($B48&"!"&$B$2&$O$2)} -> Neutral | P48: {=INDIRECT($B48&"!"&$B$2&$P$2)} -> Minor Negative | Q48: {=INDIRECT($B48&"!"&$B$2&$Q$2)} -> Minor Negative | R48: {=INDIRECT($B48&"!"&$B$2&$R$2)} -> Minor Negative | U48: Site 42_Land at Aston Lane, Shardlow | V48: =INDEX($AO$4:$AO$9,MATCH(C48, $AN$4:$AN$9,0)) -> - | W48: =INDEX($AO$4:$AO$9,MATCH(D48, $AN$4:$AN$9,0)) -> + + | X48: =INDEX($AO$4:$AO$9,MATCH(E48, $AN$4:$AN$9,0)) -> - | Y48: =INDEX($AO$4:$AO$9,MATCH(F48, $AN$4:$AN$9,0)) -> 0 | Z48: =INDEX($AO$4:$AO$9,MATCH(G48, $AN$4:$AN$9,0)) -> 0 | AA48: =INDEX($AO$4:$AO$9,MATCH(H48, $AN$4:$AN$9,0)) -> 0 | AB48: =INDEX($AO$4:$AO$9,MATCH(I48, $AN$4:$AN$9,0)) -> 0 | AC48: =INDEX($AO$4:$AO$9,MATCH(J48, $AN$4:$AN$9,0)) -> - | ... AK48: =INDEX($AO$4:$AO$9,MATCH(R48, $AN$4:$AN$9,0)) -> - | AL48: Shardlow
B49: Site_43 | C49: {=INDIRECT($B49&"!"&$B$2&$C$2)} -> Minor Negative | D49: {=INDIRECT($B49&"!"&$B$2&$D$2)} -> Significant Positive | E49: {=INDIRECT($B49&"!"&$B$2&$E$2)} -> Minor Negative | F49: {=INDIRECT($B49&"!"&$B$2&$F$2)} -> Neutral | G49: {=INDIRECT($B49&"!"&$B$2&$G$2)} -> Neutral | H49: {=INDIRECT($B49&"!"&$B$2&$H$2)} -> Minor Positive | I49: {=INDIRECT($B49&"!"&$B$2&$I$2)} -> Neutral | J49: {=INDIRECT($B49&"!"&$B$2&$J$2)} -> Neutral | K49: {=INDIRECT($B49&"!"&$B$2&$K$2)} -> Minor Positive | L49: {=INDIRECT($B49&"!"&$B$2&$L$2)} -> Neutral | M49: {=INDIRECT($B49&"!"&$B$2&$M$2)} -> Significant Negative | N49: {=INDIRECT($B49&"!"&$B$2&$N$2)} -> Minor Negative | O49: {=INDIRECT($B49&"!"&$B$2&$O$2)} -> Neutral | P49: {=INDIRECT($B49&"!"&$B$2&$P$2)} -> Minor Negative | Q49: {=INDIRECT($B49&"!"&$B$2&$Q$2)} -> Neutral | R49: {=INDIRECT($B49&"!"&$B$2&$R$2)} -> Minor Negative | T49: Batch 2 | U49: Site 43_Hatton Hall | V49: =INDEX($AO$4:$AO$9,MATCH(C49, $AN$4:$AN$9,0)) -> - | W49: =INDEX($AO$4:$AO$9,MATCH(D49, $AN$4:$AN$9,0)) -> + + | X49: =INDEX($AO$4:$AO$9,MATCH(E49, $AN$4:$AN$9,0)) -> - | Y49: =INDEX($AO$4:$AO$9,MATCH(F49, $AN$4:$AN$9,0)) -> 0 | Z49: =INDEX($AO$4:$AO$9,MATCH(G49, $AN$4:$AN$9,0)) -> 0 | AA49: =INDEX($AO$4:$AO$9,MATCH(H49, $AN$4:$AN$9,0)) -> + | AB49: =INDEX($AO$4:$AO$9,MATCH(I49, $AN$4:$AN$9,0)) -> 0 | AC49: =INDEX($AO$4:$AO$9,MATCH(J49, $AN$4:$AN$9,0)) -> 0 | ... AK49: =INDEX($AO$4:$AO$9,MATCH(R49, $AN$4:$AN$9,0)) -> - | AL49: Hatton
B50: Site_44 | C50: {=INDIRECT($B50&"!"&$B$2&$C$2)} -> Minor Negative | D50: {=INDIRECT($B50&"!"&$B$2&$D$2)} -> Significant Positive | E50: {=INDIRECT($B50&"!"&$B$2&$E$2)} -> Minor Negative | F50: {=INDIRECT($B50&"!"&$B$2&$F$2)} -> Neutral | G50: {=INDIRECT($B50&"!"&$B$2&$G$2)} -> Neutral | H50: {=INDIRECT($B50&"!"&$B$2&$H$2)} -> Neutral | I50: {=INDIRECT($B50&"!"&$B$2&$I$2)} -> Neutral | J50: {=INDIRECT($B50&"!"&$B$2&$J$2)} -> Minor Negative | K50: {=INDIRECT($B50&"!"&$B$2&$K$2)} -> Minor Positive | L50: {=INDIRECT($B50&"!"&$B$2&$L$2)} -> Neutral | M50: {=INDIRECT($B50&"!"&$B$2&$M$2)} -> Minor Positive | N50: {=INDIRECT($B50&"!"&$B$2&$N$2)} -> Minor Negative | O50: {=INDIRECT($B50&"!"&$B$2&$O$2)} -> Neutral | P50: {=INDIRECT($B50&"!"&$B$2&$P$2)} -> Neutral | Q50: {=INDIRECT($B50&"!"&$B$2&$Q$2)} -> Neutral | R50: {=INDIRECT($B50&"!"&$B$2&$R$2)} -> Significant Negative | U50: Site 44_Land at Newton Road , Newton Solney | V50: =INDEX($AO$4:$AO$9,MATCH(C50, $AN$4:$AN$9,0)) -> - | W50: =INDEX($AO$4:$AO$9,MATCH(D50, $AN$4:$AN$9,0)) -> + + | X50: =INDEX($AO$4:$AO$9,MATCH(E50, $AN$4:$AN$9,0)) -> - | Y50: =INDEX($AO$4:$AO$9,MATCH(F50, $AN$4:$AN$9,0)) -> 0 | Z50: =INDEX($AO$4:$AO$9,MATCH(G50, $AN$4:$AN$9,0)) -> 0 | AA50: =INDEX($AO$4:$AO$9,MATCH(H50, $AN$4:$AN$9,0)) -> 0 | AB50: =INDEX($AO$4:$AO$9,MATCH(I50, $AN$4:$AN$9,0)) -> 0 | AC50: =INDEX($AO$4:$AO$9,MATCH(J50, $AN$4:$AN$9,0)) -> - | ... AK50: =INDEX($AO$4:$AO$9,MATCH(R50, $AN$4:$AN$9,0)) -> -- | AL50: Newton Solney
B51: Site_46 | C51: {=INDIRECT($B51&"!"&$B$2&$C$2)} -> Significant Negative | D51: {=INDIRECT($B51&"!"&$B$2&$D$2)} -> Significant Positive | E51: {=INDIRECT($B51&"!"&$B$2&$E$2)} -> Neutral | F51: {=INDIRECT($B51&"!"&$B$2&$F$2)} -> Neutral | G51: {=INDIRECT($B51&"!"&$B$2&$G$2)} -> Neutral | H51: {=INDIRECT($B51&"!"&$B$2&$H$2)} -> Minor Positive | I51: {=INDIRECT($B51&"!"&$B$2&$I$2)} -> Neutral | J51: {=INDIRECT($B51&"!"&$B$2&$J$2)} -> Neutral | K51: {=INDIRECT($B51&"!"&$B$2&$K$2)} -> Minor Positive | L51: {=INDIRECT($B51&"!"&$B$2&$L$2)} -> Neutral | M51: {=INDIRECT($B51&"!"&$B$2&$M$2)} -> Significant Negative | N51: {=INDIRECT($B51&"!"&$B$2&$N$2)} -> Significant Negative | O51: {=INDIRECT($B51&"!"&$B$2&$O$2)} -> Neutral | P51: {=INDIRECT($B51&"!"&$B$2&$P$2)} -> Neutral | Q51: {=INDIRECT($B51&"!"&$B$2&$Q$2)} -> Neutral | R51: {=INDIRECT($B51&"!"&$B$2&$R$2)} -> Minor Negative | U51: Site 46_Winchester Drive , Linton B | V51: =INDEX($AO$4:$AO$9,MATCH(C51, $AN$4:$AN$9,0)) -> -- | W51: =INDEX($AO$4:$AO$9,MATCH(D51, $AN$4:$AN$9,0)) -> + + | X51: =INDEX($AO$4:$AO$9,MATCH(E51, $AN$4:$AN$9,0)) -> 0 | Y51: =INDEX($AO$4:$AO$9,MATCH(F51, $AN$4:$AN$9,0)) -> 0 | Z51: =INDEX($AO$4:$AO$9,MATCH(G51, $AN$4:$AN$9,0)) -> 0 | AA51: =INDEX($AO$4:$AO$9,MATCH(H51, $AN$4:$AN$9,0)) -> + | AB51: =INDEX($AO$4:$AO$9,MATCH(I51, $AN$4:$AN$9,0)) -> 0 | AC51: =INDEX($AO$4:$AO$9,MATCH(J51, $AN$4:$AN$9,0)) -> 0 | ... AK51: =INDEX($AO$4:$AO$9,MATCH(R51, $AN$4:$AN$9,0)) -> - | AL51: Linton
B52: Site_47 | C52: {=INDIRECT($B52&"!"&$B$2&$C$2)} -> Minor Negative | D52: {=INDIRECT($B52&"!"&$B$2&$D$2)} -> Significant Positive | E52: {=INDIRECT($B52&"!"&$B$2&$E$2)} -> Neutral | F52: {=INDIRECT($B52&"!"&$B$2&$F$2)} -> Neutral | G52: {=INDIRECT($B52&"!"&$B$2&$G$2)} -> Neutral | H52: {=INDIRECT($B52&"!"&$B$2&$H$2)} -> Minor Positive | I52: {=INDIRECT($B52&"!"&$B$2&$I$2)} -> Neutral | J52: {=INDIRECT($B52&"!"&$B$2&$J$2)} -> Neutral | K52: {=INDIRECT($B52&"!"&$B$2&$K$2)} -> Minor Positive | L52: {=INDIRECT($B52&"!"&$B$2&$L$2)} -> Neutral | M52: {=INDIRECT($B52&"!"&$B$2&$M$2)} -> Significant Negative | N52: {=INDIRECT($B52&"!"&$B$2&$N$2)} -> Uncertain | O52: {=INDIRECT($B52&"!"&$B$2&$O$2)} -> Neutral | P52: {=INDIRECT($B52&"!"&$B$2&$P$2)} -> Minor Negative | Q52: {=INDIRECT($B52&"!"&$B$2&$Q$2)} -> Neutral | R52: {=INDIRECT($B52&"!"&$B$2&$R$2)} -> Significant Negative | U52: Site 47_Land north of Derby Road, Etwall | V52: =INDEX($AO$4:$AO$9,MATCH(C52, $AN$4:$AN$9,0)) -> - | W52: =INDEX($AO$4:$AO$9,MATCH(D52, $AN$4:$AN$9,0)) -> + + | X52: =INDEX($AO$4:$AO$9,MATCH(E52, $AN$4:$AN$9,0)) -> 0 | Y52: =INDEX($AO$4:$AO$9,MATCH(F52, $AN$4:$AN$9,0)) -> 0 | Z52: =INDEX($AO$4:$AO$9,MATCH(G52, $AN$4:$AN$9,0)) -> 0 | AA52: =INDEX($AO$4:$AO$9,MATCH(H52, $AN$4:$AN$9,0)) -> + | AB52: =INDEX($AO$4:$AO$9,MATCH(I52, $AN$4:$AN$9,0)) -> 0 | AC52: =INDEX($AO$4:$AO$9,MATCH(J52, $AN$4:$AN$9,0)) -> 0 | ... AK52: =INDEX($AO$4:$AO$9,MATCH(R52, $AN$4:$AN$9,0)) -> -- | AL52: Etwall
B53: Site_48 | C53: {=INDIRECT($B53&"!"&$B$2&$C$2)} -> Minor Negative | D53: {=INDIRECT($B53&"!"&$B$2&$D$2)} -> Significant Positive | E53: {=INDIRECT($B53&"!"&$B$2&$E$2)} -> Minor Negative | F53: {=INDIRECT($B53&"!"&$B$2&$F$2)} -> Neutral | G53: {=INDIRECT($B53&"!"&$B$2&$G$2)} -> Neutral | H53: {=INDIRECT($B53&"!"&$B$2&$H$2)} -> Minor Positive | I53: {=INDIRECT($B53&"!"&$B$2&$I$2)} -> Neutral | J53: {=INDIRECT($B53&"!"&$B$2&$J$2)} -> Neutral | K53: {=INDIRECT($B53&"!"&$B$2&$K$2)} -> Minor Positive | L53: {=INDIRECT($B53&"!"&$B$2&$L$2)} -> Neutral | M53: {=INDIRECT($B53&"!"&$B$2&$M$2)} -> Significant Negative | N53: {=INDIRECT($B53&"!"&$B$2&$N$2)} -> Uncertain | O53: {=INDIRECT($B53&"!"&$B$2&$O$2)} -> Minor Positive | P53: {=INDIRECT($B53&"!"&$B$2&$P$2)} -> Neutral | Q53: {=INDIRECT($B53&"!"&$B$2&$Q$2)} -> Minor Negative | R53: {=INDIRECT($B53&"!"&$B$2&$R$2)} -> Minor Negative | T53: Batch 2 | U53: Site 48_Land to the east of Ashby Road, Melbourne | V53: =INDEX($AO$4:$AO$9,MATCH(C53, $AN$4:$AN$9,0)) -> - | W53: =INDEX($AO$4:$AO$9,MATCH(D53, $AN$4:$AN$9,0)) -> + + | X53: =INDEX($AO$4:$AO$9,MATCH(E53, $AN$4:$AN$9,0)) -> - | Y53: =INDEX($AO$4:$AO$9,MATCH(F53, $AN$4:$AN$9,0)) -> 0 | Z53: =INDEX($AO$4:$AO$9,MATCH(G53, $AN$4:$AN$9,0)) -> 0 | AA53: =INDEX($AO$4:$AO$9,MATCH(H53, $AN$4:$AN$9,0)) -> + | AB53: =INDEX($AO$4:$AO$9,MATCH(I53, $AN$4:$AN$9,0)) -> 0 | AC53: =INDEX($AO$4:$AO$9,MATCH(J53, $AN$4:$AN$9,0)) -> 0 | ... AK53: =INDEX($AO$4:$AO$9,MATCH(R53, $AN$4:$AN$9,0)) -> - | AL53: Melbourne
B54: Site_49 | C54: {=INDIRECT($B54&"!"&$B$2&$C$2)} -> Minor Negative | D54: {=INDIRECT($B54&"!"&$B$2&$D$2)} -> Significant Positive | E54: {=INDIRECT($B54&"!"&$B$2&$E$2)} -> Minor Negative | F54: {=INDIRECT($B54&"!"&$B$2&$F$2)} -> Neutral | G54: {=INDIRECT($B54&"!"&$B$2&$G$2)} -> Neutral | H54: {=INDIRECT($B54&"!"&$B$2&$H$2)} -> Minor Positive | I54: {=INDIRECT($B54&"!"&$B$2&$I$2)} -> Neutral | J54: {=INDIRECT($B54&"!"&$B$2&$J$2)} -> Neutral | K54: {=INDIRECT($B54&"!"&$B$2&$K$2)} -> Minor Positive | L54: {=INDIRECT($B54&"!"&$B$2&$L$2)} -> Neutral | M54: {=INDIRECT($B54&"!"&$B$2&$M$2)} -> Significant Negative | N54: {=INDIRECT($B54&"!"&$B$2&$N$2)} -> Minor Negative | O54: {=INDIRECT($B54&"!"&$B$2&$O$2)} -> Neutral | P54: {=INDIRECT($B54&"!"&$B$2&$P$2)} -> Neutral | Q54: {=INDIRECT($B54&"!"&$B$2&$Q$2)} -> Neutral | R54: {=INDIRECT($B54&"!"&$B$2&$R$2)} -> Minor Negative | T54: Batch 2 | U54: Site 49_Land to west of Cockshut Lane/west of Derby Road, Melbourne | V54: =INDEX($AO$4:$AO$9,MATCH(C54, $AN$4:$AN$9,0)) -> - | W54: =INDEX($AO$4:$AO$9,MATCH(D54, $AN$4:$AN$9,0)) -> + + | X54: =INDEX($AO$4:$AO$9,MATCH(E54, $AN$4:$AN$9,0)) -> - | Y54: =INDEX($AO$4:$AO$9,MATCH(F54, $AN$4:$AN$9,0)) -> 0 | Z54: =INDEX($AO$4:$AO$9,MATCH(G54, $AN$4:$AN$9,0)) -> 0 | AA54: =INDEX($AO$4:$AO$9,MATCH(H54, $AN$4:$AN$9,0)) -> + | AB54: =INDEX($AO$4:$AO$9,MATCH(I54, $AN$4:$AN$9,0)) -> 0 | AC54: =INDEX($AO$4:$AO$9,MATCH(J54, $AN$4:$AN$9,0)) -> 0 | ... AK54: =INDEX($AO$4:$AO$9,MATCH(R54, $AN$4:$AN$9,0)) -> - | AL54: Melbourne
B55: Site_50 | C55: {=INDIRECT($B55&"!"&$B$2&$C$2)} -> Minor Negative | D55: {=INDIRECT($B55&"!"&$B$2&$D$2)} -> Significant Positive | E55: {=INDIRECT($B55&"!"&$B$2&$E$2)} -> Neutral | F55: {=INDIRECT($B55&"!"&$B$2&$F$2)} -> Neutral | G55: {=INDIRECT($B55&"!"&$B$2&$G$2)} -> Neutral | H55: {=INDIRECT($B55&"!"&$B$2&$H$2)} -> Minor Positive | I55: {=INDIRECT($B55&"!"&$B$2&$I$2)} -> Neutral | J55: {=INDIRECT($B55&"!"&$B$2&$J$2)} -> Minor Negative | K55: {=INDIRECT($B55&"!"&$B$2&$K$2)} -> Minor Positive | L55: {=INDIRECT($B55&"!"&$B$2&$L$2)} -> Neutral | M55: {=INDIRECT($B55&"!"&$B$2&$M$2)} -> Significant Negative | N55: {=INDIRECT($B55&"!"&$B$2&$N$2)} -> Minor Negative | O55: {=INDIRECT($B55&"!"&$B$2&$O$2)} -> Neutral | P55: {=INDIRECT($B55&"!"&$B$2&$P$2)} -> Minor Negative | Q55: {=INDIRECT($B55&"!"&$B$2&$Q$2)} -> Neutral | R55: {=INDIRECT($B55&"!"&$B$2&$R$2)} -> Minor Negative | T55: Batch 2 | U55: Site 50_Land south of Station Road, Melbourne | V55: =INDEX($AO$4:$AO$9,MATCH(C55, $AN$4:$AN$9,0)) -> - | W55: =INDEX($AO$4:$AO$9,MATCH(D55, $AN$4:$AN$9,0)) -> + + | X55: =INDEX($AO$4:$AO$9,MATCH(E55, $AN$4:$AN$9,0)) -> 0 | Y55: =INDEX($AO$4:$AO$9,MATCH(F55, $AN$4:$AN$9,0)) -> 0 | Z55: =INDEX($AO$4:$AO$9,MATCH(G55, $AN$4:$AN$9,0)) -> 0 | AA55: =INDEX($AO$4:$AO$9,MATCH(H55, $AN$4:$AN$9,0)) -> + | AB55: =INDEX($AO$4:$AO$9,MATCH(I55, $AN$4:$AN$9,0)) -> 0 | AC55: =INDEX($AO$4:$AO$9,MATCH(J55, $AN$4:$AN$9,0)) -> - | ... AK55: =INDEX($AO$4:$AO$9,MATCH(R55, $AN$4:$AN$9,0)) -> - | AL55: Melbourne
B56: Site_51 | C56: {=INDIRECT($B56&"!"&$B$2&$C$2)} -> Minor Negative | D56: {=INDIRECT($B56&"!"&$B$2&$D$2)} -> Significant Positive | E56: {=INDIRECT($B56&"!"&$B$2&$E$2)} -> Minor Negative | F56: {=INDIRECT($B56&"!"&$B$2&$F$2)} -> Neutral | G56: {=INDIRECT($B56&"!"&$B$2&$G$2)} -> Neutral | H56: {=INDIRECT($B56&"!"&$B$2&$H$2)} -> Minor Positive | I56: {=INDIRECT($B56&"!"&$B$2&$I$2)} -> Minor Negative | J56: {=INDIRECT($B56&"!"&$B$2&$J$2)} -> Neutral | K56: {=INDIRECT($B56&"!"&$B$2&$K$2)} -> Minor Negative | L56: {=INDIRECT($B56&"!"&$B$2&$L$2)} -> Neutral | M56: {=INDIRECT($B56&"!"&$B$2&$M$2)} -> Significant Negative | N56: {=INDIRECT($B56&"!"&$B$2&$N$2)} -> Minor Negative | O56: {=INDIRECT($B56&"!"&$B$2&$O$2)} -> Neutral | P56: {=INDIRECT($B56&"!"&$B$2&$P$2)} -> Neutral | Q56: {=INDIRECT($B56&"!"&$B$2&$Q$2)} -> Minor Negative | R56: {=INDIRECT($B56&"!"&$B$2&$R$2)} -> Minor Negative | U56: Site 51_Land to the north of Chellaston Lane, Aston on Trent | V56: =INDEX($AO$4:$AO$9,MATCH(C56, $AN$4:$AN$9,0)) -> - | W56: =INDEX($AO$4:$AO$9,MATCH(D56, $AN$4:$AN$9,0)) -> + + | X56: =INDEX($AO$4:$AO$9,MATCH(E56, $AN$4:$AN$9,0)) -> - | Y56: =INDEX($AO$4:$AO$9,MATCH(F56, $AN$4:$AN$9,0)) -> 0 | Z56: =INDEX($AO$4:$AO$9,MATCH(G56, $AN$4:$AN$9,0)) -> 0 | AA56: =INDEX($AO$4:$AO$9,MATCH(H56, $AN$4:$AN$9,0)) -> + | AB56: =INDEX($AO$4:$AO$9,MATCH(I56, $AN$4:$AN$9,0)) -> - | AC56: =INDEX($AO$4:$AO$9,MATCH(J56, $AN$4:$AN$9,0)) -> 0 | ... AK56: =INDEX($AO$4:$AO$9,MATCH(R56, $AN$4:$AN$9,0)) -> - | AL56: Aston on Trent
B57: Site_52 | C57: {=INDIRECT($B57&"!"&$B$2&$C$2)} -> Significant Negative | D57: {=INDIRECT($B57&"!"&$B$2&$D$2)} -> Minor Positive | E57: {=INDIRECT($B57&"!"&$B$2&$E$2)} -> Minor Negative | F57: {=INDIRECT($B57&"!"&$B$2&$F$2)} -> Neutral | G57: {=INDIRECT($B57&"!"&$B$2&$G$2)} -> Neutral | H57: {=INDIRECT($B57&"!"&$B$2&$H$2)} -> Minor Positive | I57: {=INDIRECT($B57&"!"&$B$2&$I$2)} -> Neutral | J57: {=INDIRECT($B57&"!"&$B$2&$J$2)} -> Neutral | K57: {=INDIRECT($B57&"!"&$B$2&$K$2)} -> Minor Negative | L57: {=INDIRECT($B57&"!"&$B$2&$L$2)} -> Neutral | M57: {=INDIRECT($B57&"!"&$B$2&$M$2)} -> Significant Negative | N57: {=INDIRECT($B57&"!"&$B$2&$N$2)} -> Minor Negative | O57: {=INDIRECT($B57&"!"&$B$2&$O$2)} -> Neutral | P57: {=INDIRECT($B57&"!"&$B$2&$P$2)} -> Minor Negative | Q57: {=INDIRECT($B57&"!"&$B$2&$Q$2)} -> Minor Negative | R57: {=INDIRECT($B57&"!"&$B$2&$R$2)} -> Significant Negative | U57: Site 52_Land west of Longlands Road, Midway | V57: =INDEX($AO$4:$AO$9,MATCH(C57, $AN$4:$AN$9,0)) -> -- | W57: =INDEX($AO$4:$AO$9,MATCH(D57, $AN$4:$AN$9,0)) -> + | X57: =INDEX($AO$4:$AO$9,MATCH(E57, $AN$4:$AN$9,0)) -> - | Y57: =INDEX($AO$4:$AO$9,MATCH(F57, $AN$4:$AN$9,0)) -> 0 | Z57: =INDEX($AO$4:$AO$9,MATCH(G57, $AN$4:$AN$9,0)) -> 0 | AA57: =INDEX($AO$4:$AO$9,MATCH(H57, $AN$4:$AN$9,0)) -> + | AB57: =INDEX($AO$4:$AO$9,MATCH(I57, $AN$4:$AN$9,0)) -> 0 | AC57: =INDEX($AO$4:$AO$9,MATCH(J57, $AN$4:$AN$9,0)) -> 0 | ... AK57: =INDEX($AO$4:$AO$9,MATCH(R57, $AN$4:$AN$9,0)) -> -- | AL57: Midway
B58: Site_53 | C58: {=INDIRECT($B58&"!"&$B$2&$C$2)} -> Minor Negative | D58: {=INDIRECT($B58&"!"&$B$2&$D$2)} -> Significant Positive | E58: {=INDIRECT($B58&"!"&$B$2&$E$2)} -> Neutral | F58: {=INDIRECT($B58&"!"&$B$2&$F$2)} -> Neutral | G58: {=INDIRECT($B58&"!"&$B$2&$G$2)} -> Neutral | H58: {=INDIRECT($B58&"!"&$B$2&$H$2)} -> Minor Positive | I58: {=INDIRECT($B58&"!"&$B$2&$I$2)} -> Neutral | J58: {=INDIRECT($B58&"!"&$B$2&$J$2)} -> Neutral | K58: {=INDIRECT($B58&"!"&$B$2&$K$2)} -> Minor Positive | L58: {=INDIRECT($B58&"!"&$B$2&$L$2)} -> Neutral | M58: {=INDIRECT($B58&"!"&$B$2&$M$2)} -> Minor Positive | N58: {=INDIRECT($B58&"!"&$B$2&$N$2)} -> Minor Negative | O58: {=INDIRECT($B58&"!"&$B$2&$O$2)} -> Neutral | P58: {=INDIRECT($B58&"!"&$B$2&$P$2)} -> Neutral | Q58: {=INDIRECT($B58&"!"&$B$2&$Q$2)} -> Neutral | R58: {=INDIRECT($B58&"!"&$B$2&$R$2)} -> Significant Negative | T58: Batch 2 | U58: Site 53_Woodville Road, Swadlincote | V58: =INDEX($AO$4:$AO$9,MATCH(C58, $AN$4:$AN$9,0)) -> - | W58: =INDEX($AO$4:$AO$9,MATCH(D58, $AN$4:$AN$9,0)) -> + + | X58: =INDEX($AO$4:$AO$9,MATCH(E58, $AN$4:$AN$9,0)) -> 0 | Y58: =INDEX($AO$4:$AO$9,MATCH(F58, $AN$4:$AN$9,0)) -> 0 | Z58: =INDEX($AO$4:$AO$9,MATCH(G58, $AN$4:$AN$9,0)) -> 0 | AA58: =INDEX($AO$4:$AO$9,MATCH(H58, $AN$4:$AN$9,0)) -> + | AB58: =INDEX($AO$4:$AO$9,MATCH(I58, $AN$4:$AN$9,0)) -> 0 | AC58: =INDEX($AO$4:$AO$9,MATCH(J58, $AN$4:$AN$9,0)) -> 0 | ... AK58: =INDEX($AO$4:$AO$9,MATCH(R58, $AN$4:$AN$9,0)) -> -- | AL58: woodville
B59: Site_54 | C59: {=INDIRECT($B59&"!"&$B$2&$C$2)} -> Significant Negative | D59: {=INDIRECT($B59&"!"&$B$2&$D$2)} -> Minor Positive | E59: {=INDIRECT($B59&"!"&$B$2&$E$2)} -> Neutral | F59: {=INDIRECT($B59&"!"&$B$2&$F$2)} -> Neutral | G59: {=INDIRECT($B59&"!"&$B$2&$G$2)} -> Neutral | H59: {=INDIRECT($B59&"!"&$B$2&$H$2)} -> Minor Positive | I59: {=INDIRECT($B59&"!"&$B$2&$I$2)} -> Neutral | J59: {=INDIRECT($B59&"!"&$B$2&$J$2)} -> Neutral | K59: {=INDIRECT($B59&"!"&$B$2&$K$2)} -> Minor Positive | L59: {=INDIRECT($B59&"!"&$B$2&$L$2)} -> Neutral | M59: {=INDIRECT($B59&"!"&$B$2&$M$2)} -> Significant Negative | N59: {=INDIRECT($B59&"!"&$B$2&$N$2)} -> Significant Negative | O59: {=INDIRECT($B59&"!"&$B$2&$O$2)} -> Neutral | P59: {=INDIRECT($B59&"!"&$B$2&$P$2)} -> Neutral | Q59: {=INDIRECT($B59&"!"&$B$2&$Q$2)} -> Minor Negative | R59: {=INDIRECT($B59&"!"&$B$2&$R$2)} -> Minor Negative | T59: Batch 2 | U59: Site 54_Land off Hall Croft Avenue, Overseal Part A | V59: =INDEX($AO$4:$AO$9,MATCH(C59, $AN$4:$AN$9,0)) -> -- | W59: =INDEX($AO$4:$AO$9,MATCH(D59, $AN$4:$AN$9,0)) -> + | X59: =INDEX($AO$4:$AO$9,MATCH(E59, $AN$4:$AN$9,0)) -> 0 | Y59: =INDEX($AO$4:$AO$9,MATCH(F59, $AN$4:$AN$9,0)) -> 0 | Z59: =INDEX($AO$4:$AO$9,MATCH(G59, $AN$4:$AN$9,0)) -> 0 | AA59: =INDEX($AO$4:$AO$9,MATCH(H59, $AN$4:$AN$9,0)) -> + | AB59: =INDEX($AO$4:$AO$9,MATCH(I59, $AN$4:$AN$9,0)) -> 0 | AC59: =INDEX($AO$4:$AO$9,MATCH(J59, $AN$4:$AN$9,0)) -> 0 | ... AK59: =INDEX($AO$4:$AO$9,MATCH(R59, $AN$4:$AN$9,0)) -> - | AL59: Overseal
B60: Site_55 | C60: {=INDIRECT($B60&"!"&$B$2&$C$2)} -> Significant Negative | D60: {=INDIRECT($B60&"!"&$B$2&$D$2)} -> Significant Positive | E60: {=INDIRECT($B60&"!"&$B$2&$E$2)} -> Neutral | F60: {=INDIRECT($B60&"!"&$B$2&$F$2)} -> Neutral | G60: {=INDIRECT($B60&"!"&$B$2&$G$2)} -> Neutral | H60: {=INDIRECT($B60&"!"&$B$2&$H$2)} -> Minor Positive | I60: {=INDIRECT($B60&"!"&$B$2&$I$2)} -> Neutral | J60: {=INDIRECT($B60&"!"&$B$2&$J$2)} -> Neutral | K60: {=INDIRECT($B60&"!"&$B$2&$K$2)} -> Minor Positive | L60: {=INDIRECT($B60&"!"&$B$2&$L$2)} -> Neutral | M60: {=INDIRECT($B60&"!"&$B$2&$M$2)} -> Significant Negative | N60: {=INDIRECT($B60&"!"&$B$2&$N$2)} -> Significant Negative | O60: {=INDIRECT($B60&"!"&$B$2&$O$2)} -> Neutral | P60: {=INDIRECT($B60&"!"&$B$2&$P$2)} -> Neutral | Q60: {=INDIRECT($B60&"!"&$B$2&$Q$2)} -> Neutral | R60: {=INDIRECT($B60&"!"&$B$2&$R$2)} -> Minor Negative | U60: Site 55_Land at Colliery Lane, Linton | V60: =INDEX($AO$4:$AO$9,MATCH(C60, $AN$4:$AN$9,0)) -> -- | W60: =INDEX($AO$4:$AO$9,MATCH(D60, $AN$4:$AN$9,0)) -> + + | X60: =INDEX($AO$4:$AO$9,MATCH(E60, $AN$4:$AN$9,0)) -> 0 | Y60: =INDEX($AO$4:$AO$9,MATCH(F60, $AN$4:$AN$9,0)) -> 0 | Z60: =INDEX($AO$4:$AO$9,MATCH(G60, $AN$4:$AN$9,0)) -> 0 | AA60: =INDEX($AO$4:$AO$9,MATCH(H60, $AN$4:$AN$9,0)) -> + | AB60: =INDEX($AO$4:$AO$9,MATCH(I60, $AN$4:$AN$9,0)) -> 0 | AC60: =INDEX($AO$4:$AO$9,MATCH(J60, $AN$4:$AN$9,0)) -> 0 | ... AK60: =INDEX($AO$4:$AO$9,MATCH(R60, $AN$4:$AN$9,0)) -> - | AL60: Linton
B61: Site_56 | C61: {=INDIRECT($B61&"!"&$B$2&$C$2)} -> Minor Negative | D61: {=INDIRECT($B61&"!"&$B$2&$D$2)} -> Minor Positive | E61: {=INDIRECT($B61&"!"&$B$2&$E$2)} -> Neutral | F61: {=INDIRECT($B61&"!"&$B$2&$F$2)} -> Neutral | G61: {=INDIRECT($B61&"!"&$B$2&$G$2)} -> Neutral | H61: {=INDIRECT($B61&"!"&$B$2&$H$2)} -> Minor Positive | I61: {=INDIRECT($B61&"!"&$B$2&$I$2)} -> Neutral | J61: {=INDIRECT($B61&"!"&$B$2&$J$2)} -> Neutral | K61: {=INDIRECT($B61&"!"&$B$2&$K$2)} -> Minor Positive | L61: {=INDIRECT($B61&"!"&$B$2&$L$2)} -> Neutral | M61: {=INDIRECT($B61&"!"&$B$2&$M$2)} -> Significant Negative | N61: {=INDIRECT($B61&"!"&$B$2&$N$2)} -> Uncertain | O61: {=INDIRECT($B61&"!"&$B$2&$O$2)} -> Neutral | P61: {=INDIRECT($B61&"!"&$B$2&$P$2)} -> Neutral | Q61: {=INDIRECT($B61&"!"&$B$2&$Q$2)} -> Neutral | R61: {=INDIRECT($B61&"!"&$B$2&$R$2)} -> Minor Negative | U61: Site 56_Main Street, Kings Newton | V61: =INDEX($AO$4:$AO$9,MATCH(C61, $AN$4:$AN$9,0)) -> - | W61: =INDEX($AO$4:$AO$9,MATCH(D61, $AN$4:$AN$9,0)) -> + | X61: =INDEX($AO$4:$AO$9,MATCH(E61, $AN$4:$AN$9,0)) -> 0 | Y61: =INDEX($AO$4:$AO$9,MATCH(F61, $AN$4:$AN$9,0)) -> 0 | Z61: =INDEX($AO$4:$AO$9,MATCH(G61, $AN$4:$AN$9,0)) -> 0 | AA61: =INDEX($AO$4:$AO$9,MATCH(H61, $AN$4:$AN$9,0)) -> + | AB61: =INDEX($AO$4:$AO$9,MATCH(I61, $AN$4:$AN$9,0)) -> 0 | AC61: =INDEX($AO$4:$AO$9,MATCH(J61, $AN$4:$AN$9,0)) -> 0 | ... AK61: =INDEX($AO$4:$AO$9,MATCH(R61, $AN$4:$AN$9,0)) -> - | AL61: Melbourne
B62: Site_57 | C62: {=INDIRECT($B62&"!"&$B$2&$C$2)} -> Minor Negative | D62: {=INDIRECT($B62&"!"&$B$2&$D$2)} -> Minor Positive | E62: {=INDIRECT($B62&"!"&$B$2&$E$2)} -> Minor Negative | F62: {=INDIRECT($B62&"!"&$B$2&$F$2)} -> Neutral | G62: {=INDIRECT($B62&"!"&$B$2&$G$2)} -> Neutral | H62: {=INDIRECT($B62&"!"&$B$2&$H$2)} -> Minor Positive | I62: {=INDIRECT($B62&"!"&$B$2&$I$2)} -> Minor Negative | J62: {=INDIRECT($B62&"!"&$B$2&$J$2)} -> Neutral | K62: {=INDIRECT($B62&"!"&$B$2&$K$2)} -> Minor Negative | L62: {=INDIRECT($B62&"!"&$B$2&$L$2)} -> Neutral | M62: {=INDIRECT($B62&"!"&$B$2&$M$2)} -> Significant Negative | N62: {=INDIRECT($B62&"!"&$B$2&$N$2)} -> Neutral | O62: {=INDIRECT($B62&"!"&$B$2&$O$2)} -> Neutral | P62: {=INDIRECT($B62&"!"&$B$2&$P$2)} -> Neutral | Q62: {=INDIRECT($B62&"!"&$B$2&$Q$2)} -> Neutral | R62: {=INDIRECT($B62&"!"&$B$2&$R$2)} -> Minor Negative | U62: Site 57_Land east of Weston Road, Aston on Trent, Derby | V62: =INDEX($AO$4:$AO$9,MATCH(C62, $AN$4:$AN$9,0)) -> - | W62: =INDEX($AO$4:$AO$9,MATCH(D62, $AN$4:$AN$9,0)) -> + | X62: =INDEX($AO$4:$AO$9,MATCH(E62, $AN$4:$AN$9,0)) -> - | Y62: =INDEX($AO$4:$AO$9,MATCH(F62, $AN$4:$AN$9,0)) -> 0 | Z62: =INDEX($AO$4:$AO$9,MATCH(G62, $AN$4:$AN$9,0)) -> 0 | AA62: =INDEX($AO$4:$AO$9,MATCH(H62, $AN$4:$AN$9,0)) -> + | AB62: =INDEX($AO$4:$AO$9,MATCH(I62, $AN$4:$AN$9,0)) -> - | AC62: =INDEX($AO$4:$AO$9,MATCH(J62, $AN$4:$AN$9,0)) -> 0 | ... AK62: =INDEX($AO$4:$AO$9,MATCH(R62, $AN$4:$AN$9,0)) -> - | AL62: Aston on Trent
B63: Site_60 | C63: {=INDIRECT($B63&"!"&$B$2&$C$2)} -> Significant Negative | D63: {=INDIRECT($B63&"!"&$B$2&$D$2)} -> Significant Positive | E63: {=INDIRECT($B63&"!"&$B$2&$E$2)} -> Neutral | F63: {=INDIRECT($B63&"!"&$B$2&$F$2)} -> Neutral | G63: {=INDIRECT($B63&"!"&$B$2&$G$2)} -> Neutral | H63: {=INDIRECT($B63&"!"&$B$2&$H$2)} -> Minor Positive | I63: {=INDIRECT($B63&"!"&$B$2&$I$2)} -> Neutral | J63: {=INDIRECT($B63&"!"&$B$2&$J$2)} -> Neutral | K63: {=INDIRECT($B63&"!"&$B$2&$K$2)} -> Minor Positive | L63: {=INDIRECT($B63&"!"&$B$2&$L$2)} -> Neutral | M63: {=INDIRECT($B63&"!"&$B$2&$M$2)} -> Significant Negative | N63: {=INDIRECT($B63&"!"&$B$2&$N$2)} -> Significant Negative | O63: {=INDIRECT($B63&"!"&$B$2&$O$2)} -> Neutral | P63: {=INDIRECT($B63&"!"&$B$2&$P$2)} -> Neutral | Q63: {=INDIRECT($B63&"!"&$B$2&$Q$2)} -> Minor Negative | R63: {=INDIRECT($B63&"!"&$B$2&$R$2)} -> Minor Negative | T63: Batch 2 | U63: Site 60_Land at Sealwood Lane, Linton | V63: =INDEX($AO$4:$AO$9,MATCH(C63, $AN$4:$AN$9,0)) -> -- | W63: =INDEX($AO$4:$AO$9,MATCH(D63, $AN$4:$AN$9,0)) -> + + | X63: =INDEX($AO$4:$AO$9,MATCH(E63, $AN$4:$AN$9,0)) -> 0 | Y63: =INDEX($AO$4:$AO$9,MATCH(F63, $AN$4:$AN$9,0)) -> 0 | Z63: =INDEX($AO$4:$AO$9,MATCH(G63, $AN$4:$AN$9,0)) -> 0 | AA63: =INDEX($AO$4:$AO$9,MATCH(H63, $AN$4:$AN$9,0)) -> + | AB63: =INDEX($AO$4:$AO$9,MATCH(I63, $AN$4:$AN$9,0)) -> 0 | AC63: =INDEX($AO$4:$AO$9,MATCH(J63, $AN$4:$AN$9,0)) -> 0 | ... AK63: =INDEX($AO$4:$AO$9,MATCH(R63, $AN$4:$AN$9,0)) -> - | AL63: Linton
B64: Site_64 | C64: {=INDIRECT($B64&"!"&$B$2&$C$2)} -> Minor Negative | D64: {=INDIRECT($B64&"!"&$B$2&$D$2)} -> Minor Positive | E64: {=INDIRECT($B64&"!"&$B$2&$E$2)} -> Neutral | F64: {=INDIRECT($B64&"!"&$B$2&$F$2)} -> Neutral | G64: {=INDIRECT($B64&"!"&$B$2&$G$2)} -> Neutral | H64: {=INDIRECT($B64&"!"&$B$2&$H$2)} -> Minor Positive | I64: {=INDIRECT($B64&"!"&$B$2&$I$2)} -> Neutral | J64: {=INDIRECT($B64&"!"&$B$2&$J$2)} -> Neutral | K64: {=INDIRECT($B64&"!"&$B$2&$K$2)} -> Minor Negative | L64: {=INDIRECT($B64&"!"&$B$2&$L$2)} -> Neutral | M64: {=INDIRECT($B64&"!"&$B$2&$M$2)} -> Significant Negative | N64: {=INDIRECT($B64&"!"&$B$2&$N$2)} -> Uncertain | O64: {=INDIRECT($B64&"!"&$B$2&$O$2)} -> Neutral | P64: {=INDIRECT($B64&"!"&$B$2&$P$2)} -> Neutral | Q64: {=INDIRECT($B64&"!"&$B$2&$Q$2)} -> Minor Negative | R64: {=INDIRECT($B64&"!"&$B$2&$R$2)} -> Minor Negative | T64: Batch 2 | U64: Site 64_Willington Road, Etwall | V64: =INDEX($AO$4:$AO$9,MATCH(C64, $AN$4:$AN$9,0)) -> - | W64: =INDEX($AO$4:$AO$9,MATCH(D64, $AN$4:$AN$9,0)) -> + | X64: =INDEX($AO$4:$AO$9,MATCH(E64, $AN$4:$AN$9,0)) -> 0 | Y64: =INDEX($AO$4:$AO$9,MATCH(F64, $AN$4:$AN$9,0)) -> 0 | Z64: =INDEX($AO$4:$AO$9,MATCH(G64, $AN$4:$AN$9,0)) -> 0 | AA64: =INDEX($AO$4:$AO$9,MATCH(H64, $AN$4:$AN$9,0)) -> + | AB64: =INDEX($AO$4:$AO$9,MATCH(I64, $AN$4:$AN$9,0)) -> 0 | AC64: =INDEX($AO$4:$AO$9,MATCH(J64, $AN$4:$AN$9,0)) -> 0 | ... AK64: =INDEX($AO$4:$AO$9,MATCH(R64, $AN$4:$AN$9,0)) -> - | AL64: Etwall
B65: Site_65 | C65: {=INDIRECT($B65&"!"&$B$2&$C$2)} -> Minor Negative | D65: {=INDIRECT($B65&"!"&$B$2&$D$2)} -> Minor Positive | E65: {=INDIRECT($B65&"!"&$B$2&$E$2)} -> Neutral | F65: {=INDIRECT($B65&"!"&$B$2&$F$2)} -> Neutral | G65: {=INDIRECT($B65&"!"&$B$2&$G$2)} -> Neutral | H65: {=INDIRECT($B65&"!"&$B$2&$H$2)} -> Minor Positive | I65: {=INDIRECT($B65&"!"&$B$2&$I$2)} -> Neutral | J65: {=INDIRECT($B65&"!"&$B$2&$J$2)} -> Neutral | K65: {=INDIRECT($B65&"!"&$B$2&$K$2)} -> Minor Positive | L65: {=INDIRECT($B65&"!"&$B$2&$L$2)} -> Neutral | M65: {=INDIRECT($B65&"!"&$B$2&$M$2)} -> Significant Negative | N65: {=INDIRECT($B65&"!"&$B$2&$N$2)} -> Uncertain | O65: {=INDIRECT($B65&"!"&$B$2&$O$2)} -> Neutral | P65: {=INDIRECT($B65&"!"&$B$2&$P$2)} -> Neutral | Q65: {=INDIRECT($B65&"!"&$B$2&$Q$2)} -> Minor Negative | R65: {=INDIRECT($B65&"!"&$B$2&$R$2)} -> Minor Negative | U65: Site 65_Land north of Burnaston Lane and south of Main Street, Etwall | V65: =INDEX($AO$4:$AO$9,MATCH(C65, $AN$4:$AN$9,0)) -> - | W65: =INDEX($AO$4:$AO$9,MATCH(D65, $AN$4:$AN$9,0)) -> + | X65: =INDEX($AO$4:$AO$9,MATCH(E65, $AN$4:$AN$9,0)) -> 0 | Y65: =INDEX($AO$4:$AO$9,MATCH(F65, $AN$4:$AN$9,0)) -> 0 | Z65: =INDEX($AO$4:$AO$9,MATCH(G65, $AN$4:$AN$9,0)) -> 0 | AA65: =INDEX($AO$4:$AO$9,MATCH(H65, $AN$4:$AN$9,0)) -> + | AB65: =INDEX($AO$4:$AO$9,MATCH(I65, $AN$4:$AN$9,0)) -> 0 | AC65: =INDEX($AO$4:$AO$9,MATCH(J65, $AN$4:$AN$9,0)) -> 0 | ... AK65: =INDEX($AO$4:$AO$9,MATCH(R65, $AN$4:$AN$9,0)) -> - | AL65: Etwall
B66: Site_66 | C66: {=INDIRECT($B66&"!"&$B$2&$C$2)} -> Minor Negative | D66: {=INDIRECT($B66&"!"&$B$2&$D$2)} -> Minor Positive | E66: {=INDIRECT($B66&"!"&$B$2&$E$2)} -> Minor Negative | F66: {=INDIRECT($B66&"!"&$B$2&$F$2)} -> Neutral | G66: {=INDIRECT($B66&"!"&$B$2&$G$2)} -> Neutral | H66: {=INDIRECT($B66&"!"&$B$2&$H$2)} -> Neutral | I66: {=INDIRECT($B66&"!"&$B$2&$I$2)} -> Minor Negative | J66: {=INDIRECT($B66&"!"&$B$2&$J$2)} -> Minor Negative | K66: {=INDIRECT($B66&"!"&$B$2&$K$2)} -> Minor Negative | L66: {=INDIRECT($B66&"!"&$B$2&$L$2)} -> Neutral | M66: {=INDIRECT($B66&"!"&$B$2&$M$2)} -> Significant Negative | N66: {=INDIRECT($B66&"!"&$B$2&$N$2)} -> Minor Negative | O66: {=INDIRECT($B66&"!"&$B$2&$O$2)} -> Neutral | P66: {=INDIRECT($B66&"!"&$B$2&$P$2)} -> Neutral | Q66: {=INDIRECT($B66&"!"&$B$2&$Q$2)} -> Neutral | R66: {=INDIRECT($B66&"!"&$B$2&$R$2)} -> Significant Negative | U66: Site 66_Land South Of Milton Road, Repton | V66: =INDEX($AO$4:$AO$9,MATCH(C66, $AN$4:$AN$9,0)) -> - | W66: =INDEX($AO$4:$AO$9,MATCH(D66, $AN$4:$AN$9,0)) -> + | X66: =INDEX($AO$4:$AO$9,MATCH(E66, $AN$4:$AN$9,0)) -> - | Y66: =INDEX($AO$4:$AO$9,MATCH(F66, $AN$4:$AN$9,0)) -> 0 | Z66: =INDEX($AO$4:$AO$9,MATCH(G66, $AN$4:$AN$9,0)) -> 0 | AA66: =INDEX($AO$4:$AO$9,MATCH(H66, $AN$4:$AN$9,0)) -> 0 | AB66: =INDEX($AO$4:$AO$9,MATCH(I66, $AN$4:$AN$9,0)) -> - | AC66: =INDEX($AO$4:$AO$9,MATCH(J66, $AN$4:$AN$9,0)) -> - | ... AK66: =INDEX($AO$4:$AO$9,MATCH(R66, $AN$4:$AN$9,0)) -> -- | AL66: Repton
B67: Site_67 | C67: {=INDIRECT($B67&"!"&$B$2&$C$2)} -> Minor Negative | D67: {=INDIRECT($B67&"!"&$B$2&$D$2)} -> Minor Positive | E67: {=INDIRECT($B67&"!"&$B$2&$E$2)} -> Neutral | F67: {=INDIRECT($B67&"!"&$B$2&$F$2)} -> Neutral | G67: {=INDIRECT($B67&"!"&$B$2&$G$2)} -> Neutral | H67: {=INDIRECT($B67&"!"&$B$2&$H$2)} -> Minor Positive | I67: {=INDIRECT($B67&"!"&$B$2&$I$2)} -> Neutral | J67: {=INDIRECT($B67&"!"&$B$2&$J$2)} -> Neutral | K67: {=INDIRECT($B67&"!"&$B$2&$K$2)} -> Minor Positive | L67: {=INDIRECT($B67&"!"&$B$2&$L$2)} -> Neutral | M67: {=INDIRECT($B67&"!"&$B$2&$M$2)} -> Significant Negative | N67: {=INDIRECT($B67&"!"&$B$2&$N$2)} -> Uncertain | O67: {=INDIRECT($B67&"!"&$B$2&$O$2)} -> Minor Positive | P67: {=INDIRECT($B67&"!"&$B$2&$P$2)} -> Neutral | Q67: {=INDIRECT($B67&"!"&$B$2&$Q$2)} -> Significant Negative | R67: {=INDIRECT($B67&"!"&$B$2&$R$2)} -> Minor Negative | U67: Site 67_Land north of Blackwell Lane, Melbourne | V67: =INDEX($AO$4:$AO$9,MATCH(C67, $AN$4:$AN$9,0)) -> - | W67: =INDEX($AO$4:$AO$9,MATCH(D67, $AN$4:$AN$9,0)) -> + | X67: =INDEX($AO$4:$AO$9,MATCH(E67, $AN$4:$AN$9,0)) -> 0 | Y67: =INDEX($AO$4:$AO$9,MATCH(F67, $AN$4:$AN$9,0)) -> 0 | Z67: =INDEX($AO$4:$AO$9,MATCH(G67, $AN$4:$AN$9,0)) -> 0 | AA67: =INDEX($AO$4:$AO$9,MATCH(H67, $AN$4:$AN$9,0)) -> + | AB67: =INDEX($AO$4:$AO$9,MATCH(I67, $AN$4:$AN$9,0)) -> 0 | AC67: =INDEX($AO$4:$AO$9,MATCH(J67, $AN$4:$AN$9,0)) -> 0 | ... AK67: =INDEX($AO$4:$AO$9,MATCH(R67, $AN$4:$AN$9,0)) -> - | AL67: Melbourne
B68: Site_68 | C68: {=INDIRECT($B68&"!"&$B$2&$C$2)} -> Minor Negative | D68: {=INDIRECT($B68&"!"&$B$2&$D$2)} -> Minor Positive | E68: {=INDIRECT($B68&"!"&$B$2&$E$2)} -> Minor Negative | F68: {=INDIRECT($B68&"!"&$B$2&$F$2)} -> Neutral | G68: {=INDIRECT($B68&"!"&$B$2&$G$2)} -> Neutral | H68: {=INDIRECT($B68&"!"&$B$2&$H$2)} -> Neutral | I68: {=INDIRECT($B68&"!"&$B$2&$I$2)} -> Neutral | J68: {=INDIRECT($B68&"!"&$B$2&$J$2)} -> Minor Negative | K68: {=INDIRECT($B68&"!"&$B$2&$K$2)} -> Minor Positive | L68: {=INDIRECT($B68&"!"&$B$2&$L$2)} -> Neutral | M68: {=INDIRECT($B68&"!"&$B$2&$M$2)} -> Significant Negative | N68: {=INDIRECT($B68&"!"&$B$2&$N$2)} -> Minor Negative | O68: {=INDIRECT($B68&"!"&$B$2&$O$2)} -> Minor Positive | P68: {=INDIRECT($B68&"!"&$B$2&$P$2)} -> Neutral | Q68: {=INDIRECT($B68&"!"&$B$2&$Q$2)} -> Significant Negative | R68: {=INDIRECT($B68&"!"&$B$2&$R$2)} -> Minor Negative | U68: Site 68_Land to the south of Swarkestone Road, adj. The Cottage Filling Station, Swarkestone | V68: =INDEX($AO$4:$AO$9,MATCH(C68, $AN$4:$AN$9,0)) -> - | W68: =INDEX($AO$4:$AO$9,MATCH(D68, $AN$4:$AN$9,0)) -> + | X68: =INDEX($AO$4:$AO$9,MATCH(E68, $AN$4:$AN$9,0)) -> - | Y68: =INDEX($AO$4:$AO$9,MATCH(F68, $AN$4:$AN$9,0)) -> 0 | Z68: =INDEX($AO$4:$AO$9,MATCH(G68, $AN$4:$AN$9,0)) -> 0 | AA68: =INDEX($AO$4:$AO$9,MATCH(H68, $AN$4:$AN$9,0)) -> 0 | AB68: =INDEX($AO$4:$AO$9,MATCH(I68, $AN$4:$AN$9,0)) -> 0 | AC68: =INDEX($AO$4:$AO$9,MATCH(J68, $AN$4:$AN$9,0)) -> - | ... AK68: =INDEX($AO$4:$AO$9,MATCH(R68, $AN$4:$AN$9,0)) -> - | AL68: Swarkestone
B69: Site_69 | C69: {=INDIRECT($B69&"!"&$B$2&$C$2)} -> Significant Negative | D69: {=INDIRECT($B69&"!"&$B$2&$D$2)} -> Minor Positive | E69: {=INDIRECT($B69&"!"&$B$2&$E$2)} -> Neutral | F69: {=INDIRECT($B69&"!"&$B$2&$F$2)} -> Neutral | G69: {=INDIRECT($B69&"!"&$B$2&$G$2)} -> Neutral | H69: {=INDIRECT($B69&"!"&$B$2&$H$2)} -> Minor Positive | I69: {=INDIRECT($B69&"!"&$B$2&$I$2)} -> Neutral | J69: {=INDIRECT($B69&"!"&$B$2&$J$2)} -> Neutral | K69: {=INDIRECT($B69&"!"&$B$2&$K$2)} -> Minor Positive | L69: {=INDIRECT($B69&"!"&$B$2&$L$2)} -> Neutral | M69: {=INDIRECT($B69&"!"&$B$2&$M$2)} -> Minor Negative | N69: {=INDIRECT($B69&"!"&$B$2&$N$2)} -> Significant Negative | O69: {=INDIRECT($B69&"!"&$B$2&$O$2)} -> Neutral | P69: {=INDIRECT($B69&"!"&$B$2&$P$2)} -> Neutral | Q69: {=INDIRECT($B69&"!"&$B$2&$Q$2)} -> Minor Negative | R69: {=INDIRECT($B69&"!"&$B$2&$R$2)} -> Minor Negative | U69: Site 69_Stanleigh Road, Overseal | V69: =INDEX($AO$4:$AO$9,MATCH(C69, $AN$4:$AN$9,0)) -> -- | W69: =INDEX($AO$4:$AO$9,MATCH(D69, $AN$4:$AN$9,0)) -> + | X69: =INDEX($AO$4:$AO$9,MATCH(E69, $AN$4:$AN$9,0)) -> 0 | Y69: =INDEX($AO$4:$AO$9,MATCH(F69, $AN$4:$AN$9,0)) -> 0 | Z69: =INDEX($AO$4:$AO$9,MATCH(G69, $AN$4:$AN$9,0)) -> 0 | AA69: =INDEX($AO$4:$AO$9,MATCH(H69, $AN$4:$AN$9,0)) -> + | AB69: =INDEX($AO$4:$AO$9,MATCH(I69, $AN$4:$AN$9,0)) -> 0 | AC69: =INDEX($AO$4:$AO$9,MATCH(J69, $AN$4:$AN$9,0)) -> 0 | ... AK69: =INDEX($AO$4:$AO$9,MATCH(R69, $AN$4:$AN$9,0)) -> - | AL69: Overseal
B70: Site_71 | C70: {=INDIRECT($B70&"!"&$B$2&$C$2)} -> Significant Negative | D70: {=INDIRECT($B70&"!"&$B$2&$D$2)} -> Minor Positive | E70: {=INDIRECT($B70&"!"&$B$2&$E$2)} -> Minor Negative | F70: {=INDIRECT($B70&"!"&$B$2&$F$2)} -> Neutral | G70: {=INDIRECT($B70&"!"&$B$2&$G$2)} -> Neutral | H70: {=INDIRECT($B70&"!"&$B$2&$H$2)} -> Neutral | I70: {=INDIRECT($B70&"!"&$B$2&$I$2)} -> Neutral | J70: {=INDIRECT($B70&"!"&$B$2&$J$2)} -> Minor Negative | K70: {=INDIRECT($B70&"!"&$B$2&$K$2)} -> Minor Negative | L70: {=INDIRECT($B70&"!"&$B$2&$L$2)} -> Neutral | M70: {=INDIRECT($B70&"!"&$B$2&$M$2)} -> Significant Negative | N70: {=INDIRECT($B70&"!"&$B$2&$N$2)} -> Significant Negative | O70: {=INDIRECT($B70&"!"&$B$2&$O$2)} -> Neutral | P70: {=INDIRECT($B70&"!"&$B$2&$P$2)} -> Neutral | Q70: {=INDIRECT($B70&"!"&$B$2&$Q$2)} -> Minor Negative | R70: {=INDIRECT($B70&"!"&$B$2&$R$2)} -> Minor Negative | T70: Batch 2 | U70: Site 71_Cauldwell Road, Linton | V70: =INDEX($AO$4:$AO$9,MATCH(C70, $AN$4:$AN$9,0)) -> -- | W70: =INDEX($AO$4:$AO$9,MATCH(D70, $AN$4:$AN$9,0)) -> + | X70: =INDEX($AO$4:$AO$9,MATCH(E70, $AN$4:$AN$9,0)) -> - | Y70: =INDEX($AO$4:$AO$9,MATCH(F70, $AN$4:$AN$9,0)) -> 0 | Z70: =INDEX($AO$4:$AO$9,MATCH(G70, $AN$4:$AN$9,0)) -> 0 | AA70: =INDEX($AO$4:$AO$9,MATCH(H70, $AN$4:$AN$9,0)) -> 0 | AB70: =INDEX($AO$4:$AO$9,MATCH(I70, $AN$4:$AN$9,0)) -> 0 | AC70: =INDEX($AO$4:$AO$9,MATCH(J70, $AN$4:$AN$9,0)) -> - | ... AK70: =INDEX($AO$4:$AO$9,MATCH(R70, $AN$4:$AN$9,0)) -> - | AL70: Linton
B71: Site_72 | C71: {=INDIRECT($B71&"!"&$B$2&$C$2)} -> Minor Positive | D71: {=INDIRECT($B71&"!"&$B$2&$D$2)} -> Minor Positive | E71: {=INDIRECT($B71&"!"&$B$2&$E$2)} -> Minor Negative | F71: {=INDIRECT($B71&"!"&$B$2&$F$2)} -> Neutral | G71: {=INDIRECT($B71&"!"&$B$2&$G$2)} -> Neutral | H71: {=INDIRECT($B71&"!"&$B$2&$H$2)} -> Minor Positive | I71: {=INDIRECT($B71&"!"&$B$2&$I$2)} -> Neutral | J71: {=INDIRECT($B71&"!"&$B$2&$J$2)} -> Minor Negative | K71: {=INDIRECT($B71&"!"&$B$2&$K$2)} -> Minor Positive | L71: {=INDIRECT($B71&"!"&$B$2&$L$2)} -> Neutral | M71: {=INDIRECT($B71&"!"&$B$2&$M$2)} -> Significant Negative | N71: {=INDIRECT($B71&"!"&$B$2&$N$2)} -> Minor Negative | O71: {=INDIRECT($B71&"!"&$B$2&$O$2)} -> Neutral | P71: {=INDIRECT($B71&"!"&$B$2&$P$2)} -> Neutral | Q71: {=INDIRECT($B71&"!"&$B$2&$Q$2)} -> Neutral | R71: {=INDIRECT($B71&"!"&$B$2&$R$2)} -> Significant Negative | U71: Site 72_Land off Ashby Road East, Bretby | V71: =INDEX($AO$4:$AO$9,MATCH(C71, $AN$4:$AN$9,0)) -> + | W71: =INDEX($AO$4:$AO$9,MATCH(D71, $AN$4:$AN$9,0)) -> + | X71: =INDEX($AO$4:$AO$9,MATCH(E71, $AN$4:$AN$9,0)) -> - | Y71: =INDEX($AO$4:$AO$9,MATCH(F71, $AN$4:$AN$9,0)) -> 0 | Z71: =INDEX($AO$4:$AO$9,MATCH(G71, $AN$4:$AN$9,0)) -> 0 | AA71: =INDEX($AO$4:$AO$9,MATCH(H71, $AN$4:$AN$9,0)) -> + | AB71: =INDEX($AO$4:$AO$9,MATCH(I71, $AN$4:$AN$9,0)) -> 0 | AC71: =INDEX($AO$4:$AO$9,MATCH(J71, $AN$4:$AN$9,0)) -> - | ... AK71: =INDEX($AO$4:$AO$9,MATCH(R71, $AN$4:$AN$9,0)) -> -- | AL71: Bretby (Burton)
B72: Site_73 | C72: {=INDIRECT($B72&"!"&$B$2&$C$2)} -> Significant Negative | D72: {=INDIRECT($B72&"!"&$B$2&$D$2)} -> Minor Positive | E72: {=INDIRECT($B72&"!"&$B$2&$E$2)} -> Neutral | F72: {=INDIRECT($B72&"!"&$B$2&$F$2)} -> Neutral | G72: {=INDIRECT($B72&"!"&$B$2&$G$2)} -> Neutral | H72: {=INDIRECT($B72&"!"&$B$2&$H$2)} -> Minor Positive | I72: {=INDIRECT($B72&"!"&$B$2&$I$2)} -> Neutral | J72: {=INDIRECT($B72&"!"&$B$2&$J$2)} -> Neutral | K72: {=INDIRECT($B72&"!"&$B$2&$K$2)} -> Minor Positive | L72: {=INDIRECT($B72&"!"&$B$2&$L$2)} -> Neutral | M72: {=INDIRECT($B72&"!"&$B$2&$M$2)} -> Significant Negative | N72: {=INDIRECT($B72&"!"&$B$2&$N$2)} -> Significant Negative | O72: {=INDIRECT($B72&"!"&$B$2&$O$2)} -> Neutral | P72: {=INDIRECT($B72&"!"&$B$2&$P$2)} -> Neutral | Q72: {=INDIRECT($B72&"!"&$B$2&$Q$2)} -> Neutral | R72: {=INDIRECT($B72&"!"&$B$2&$R$2)} -> Minor Negative | U72: Site 73_Land at Burton Road, Overseal | V72: =INDEX($AO$4:$AO$9,MATCH(C72, $AN$4:$AN$9,0)) -> -- | W72: =INDEX($AO$4:$AO$9,MATCH(D72, $AN$4:$AN$9,0)) -> + | X72: =INDEX($AO$4:$AO$9,MATCH(E72, $AN$4:$AN$9,0)) -> 0 | Y72: =INDEX($AO$4:$AO$9,MATCH(F72, $AN$4:$AN$9,0)) -> 0 | Z72: =INDEX($AO$4:$AO$9,MATCH(G72, $AN$4:$AN$9,0)) -> 0 | AA72: =INDEX($AO$4:$AO$9,MATCH(H72, $AN$4:$AN$9,0)) -> + | AB72: =INDEX($AO$4:$AO$9,MATCH(I72, $AN$4:$AN$9,0)) -> 0 | AC72: =INDEX($AO$4:$AO$9,MATCH(J72, $AN$4:$AN$9,0)) -> 0 | ... AK72: =INDEX($AO$4:$AO$9,MATCH(R72, $AN$4:$AN$9,0)) -> - | AL72: Overseal
B73: Site_74 | C73: {=INDIRECT($B73&"!"&$B$2&$C$2)} -> Minor Negative | D73: {=INDIRECT($B73&"!"&$B$2&$D$2)} -> Minor Positive | E73: {=INDIRECT($B73&"!"&$B$2&$E$2)} -> Neutral | F73: {=INDIRECT($B73&"!"&$B$2&$F$2)} -> Neutral | G73: {=INDIRECT($B73&"!"&$B$2&$G$2)} -> Neutral | H73: {=INDIRECT($B73&"!"&$B$2&$H$2)} -> Minor Positive | I73: {=INDIRECT($B73&"!"&$B$2&$I$2)} -> Neutral | J73: {=INDIRECT($B73&"!"&$B$2&$J$2)} -> Neutral | K73: {=INDIRECT($B73&"!"&$B$2&$K$2)} -> Minor Positive | L73: {=INDIRECT($B73&"!"&$B$2&$L$2)} -> Neutral | M73: {=INDIRECT($B73&"!"&$B$2&$M$2)} -> Significant Negative | N73: {=INDIRECT($B73&"!"&$B$2&$N$2)} -> Minor Negative | O73: {=INDIRECT($B73&"!"&$B$2&$O$2)} -> Neutral | P73: {=INDIRECT($B73&"!"&$B$2&$P$2)} -> Neutral | Q73: {=INDIRECT($B73&"!"&$B$2&$Q$2)} -> Minor Negative | R73: {=INDIRECT($B73&"!"&$B$2&$R$2)} -> Minor Negative | U73: Site 74_Land to north of the Castle Way, Willington | V73: =INDEX($AO$4:$AO$9,MATCH(C73, $AN$4:$AN$9,0)) -> - | W73: =INDEX($AO$4:$AO$9,MATCH(D73, $AN$4:$AN$9,0)) -> + | X73: =INDEX($AO$4:$AO$9,MATCH(E73, $AN$4:$AN$9,0)) -> 0 | Y73: =INDEX($AO$4:$AO$9,MATCH(F73, $AN$4:$AN$9,0)) -> 0 | Z73: =INDEX($AO$4:$AO$9,MATCH(G73, $AN$4:$AN$9,0)) -> 0 | AA73: =INDEX($AO$4:$AO$9,MATCH(H73, $AN$4:$AN$9,0)) -> + | AB73: =INDEX($AO$4:$AO$9,MATCH(I73, $AN$4:$AN$9,0)) -> 0 | AC73: =INDEX($AO$4:$AO$9,MATCH(J73, $AN$4:$AN$9,0)) -> 0 | ... AK73: =INDEX($AO$4:$AO$9,MATCH(R73, $AN$4:$AN$9,0)) -> - | AL73: Willington
B74: Site_75 | C74: {=INDIRECT($B74&"!"&$B$2&$C$2)} -> Minor Negative | D74: {=INDIRECT($B74&"!"&$B$2&$D$2)} -> Minor Positive | E74: {=INDIRECT($B74&"!"&$B$2&$E$2)} -> Minor Negative | F74: {=INDIRECT($B74&"!"&$B$2&$F$2)} -> Neutral | G74: {=INDIRECT($B74&"!"&$B$2&$G$2)} -> Neutral | H74: {=INDIRECT($B74&"!"&$B$2&$H$2)} -> Minor Positive | I74: {=INDIRECT($B74&"!"&$B$2&$I$2)} -> Minor Negative | J74: {=INDIRECT($B74&"!"&$B$2&$J$2)} -> Neutral | K74: {=INDIRECT($B74&"!"&$B$2&$K$2)} -> Minor Negative | L74: {=INDIRECT($B74&"!"&$B$2&$L$2)} -> Neutral | M74: {=INDIRECT($B74&"!"&$B$2&$M$2)} -> Significant Negative | N74: {=INDIRECT($B74&"!"&$B$2&$N$2)} -> Neutral | O74: {=INDIRECT($B74&"!"&$B$2&$O$2)} -> Neutral | P74: {=INDIRECT($B74&"!"&$B$2&$P$2)} -> Neutral | Q74: {=INDIRECT($B74&"!"&$B$2&$Q$2)} -> Significant Negative | R74: {=INDIRECT($B74&"!"&$B$2&$R$2)} -> Minor Negative | U74: Site 75_Shardlow Road , Aston on Trent | V74: =INDEX($AO$4:$AO$9,MATCH(C74, $AN$4:$AN$9,0)) -> - | W74: =INDEX($AO$4:$AO$9,MATCH(D74, $AN$4:$AN$9,0)) -> + | X74: =INDEX($AO$4:$AO$9,MATCH(E74, $AN$4:$AN$9,0)) -> - | Y74: =INDEX($AO$4:$AO$9,MATCH(F74, $AN$4:$AN$9,0)) -> 0 | Z74: =INDEX($AO$4:$AO$9,MATCH(G74, $AN$4:$AN$9,0)) -> 0 | AA74: =INDEX($AO$4:$AO$9,MATCH(H74, $AN$4:$AN$9,0)) -> + | AB74: =INDEX($AO$4:$AO$9,MATCH(I74, $AN$4:$AN$9,0)) -> - | AC74: =INDEX($AO$4:$AO$9,MATCH(J74, $AN$4:$AN$9,0)) -> 0 | ... AK74: =INDEX($AO$4:$AO$9,MATCH(R74, $AN$4:$AN$9,0)) -> - | AL74: Aston on Trent
B75: Site_77 | C75: {=INDIRECT($B75&"!"&$B$2&$C$2)} -> Significant Negative | D75: {=INDIRECT($B75&"!"&$B$2&$D$2)} -> Minor Positive | E75: {=INDIRECT($B75&"!"&$B$2&$E$2)} -> Neutral | F75: {=INDIRECT($B75&"!"&$B$2&$F$2)} -> Neutral | G75: {=INDIRECT($B75&"!"&$B$2&$G$2)} -> Neutral | H75: {=INDIRECT($B75&"!"&$B$2&$H$2)} -> Minor Positive | I75: {=INDIRECT($B75&"!"&$B$2&$I$2)} -> Neutral | J75: {=INDIRECT($B75&"!"&$B$2&$J$2)} -> Neutral | K75: {=INDIRECT($B75&"!"&$B$2&$K$2)} -> Minor Positive | L75: {=INDIRECT($B75&"!"&$B$2&$L$2)} -> Neutral | M75: {=INDIRECT($B75&"!"&$B$2&$M$2)} -> Significant Negative | N75: {=INDIRECT($B75&"!"&$B$2&$N$2)} -> Significant Negative | O75: {=INDIRECT($B75&"!"&$B$2&$O$2)} -> Neutral | P75: {=INDIRECT($B75&"!"&$B$2&$P$2)} -> Neutral | Q75: {=INDIRECT($B75&"!"&$B$2&$Q$2)} -> Neutral | R75: {=INDIRECT($B75&"!"&$B$2&$R$2)} -> Minor Negative | T75: Batch 2 | U75: Site 77_Winchester Drive, Linton | V75: =INDEX($AO$4:$AO$9,MATCH(C75, $AN$4:$AN$9,0)) -> -- | W75: =INDEX($AO$4:$AO$9,MATCH(D75, $AN$4:$AN$9,0)) -> + | X75: =INDEX($AO$4:$AO$9,MATCH(E75, $AN$4:$AN$9,0)) -> 0 | Y75: =INDEX($AO$4:$AO$9,MATCH(F75, $AN$4:$AN$9,0)) -> 0 | Z75: =INDEX($AO$4:$AO$9,MATCH(G75, $AN$4:$AN$9,0)) -> 0 | AA75: =INDEX($AO$4:$AO$9,MATCH(H75, $AN$4:$AN$9,0)) -> + | AB75: =INDEX($AO$4:$AO$9,MATCH(I75, $AN$4:$AN$9,0)) -> 0 | AC75: =INDEX($AO$4:$AO$9,MATCH(J75, $AN$4:$AN$9,0)) -> 0 | ... AK75: =INDEX($AO$4:$AO$9,MATCH(R75, $AN$4:$AN$9,0)) -> - | AL75: Linton
B76: Site_79 | C76: {=INDIRECT($B76&"!"&$B$2&$C$2)} -> Minor Negative | D76: {=INDIRECT($B76&"!"&$B$2&$D$2)} -> Minor Positive | E76: {=INDIRECT($B76&"!"&$B$2&$E$2)} -> Minor Negative | F76: {=INDIRECT($B76&"!"&$B$2&$F$2)} -> Neutral | G76: {=INDIRECT($B76&"!"&$B$2&$G$2)} -> Neutral | H76: {=INDIRECT($B76&"!"&$B$2&$H$2)} -> Neutral | I76: {=INDIRECT($B76&"!"&$B$2&$I$2)} -> Neutral | J76: {=INDIRECT($B76&"!"&$B$2&$J$2)} -> Minor Negative | K76: {=INDIRECT($B76&"!"&$B$2&$K$2)} -> Minor Positive | L76: {=INDIRECT($B76&"!"&$B$2&$L$2)} -> Neutral | M76: {=INDIRECT($B76&"!"&$B$2&$M$2)} -> Minor Positive | N76: {=INDIRECT($B76&"!"&$B$2&$N$2)} -> Minor Negative | O76: {=INDIRECT($B76&"!"&$B$2&$O$2)} -> Neutral | P76: {=INDIRECT($B76&"!"&$B$2&$P$2)} -> Neutral | Q76: {=INDIRECT($B76&"!"&$B$2&$Q$2)} -> Neutral | R76: {=INDIRECT($B76&"!"&$B$2&$R$2)} -> Significant Negative | U76: Site 79_Land off Newton Road, Newton Solney | V76: =INDEX($AO$4:$AO$9,MATCH(C76, $AN$4:$AN$9,0)) -> - | W76: =INDEX($AO$4:$AO$9,MATCH(D76, $AN$4:$AN$9,0)) -> + | X76: =INDEX($AO$4:$AO$9,MATCH(E76, $AN$4:$AN$9,0)) -> - | Y76: =INDEX($AO$4:$AO$9,MATCH(F76, $AN$4:$AN$9,0)) -> 0 | Z76: =INDEX($AO$4:$AO$9,MATCH(G76, $AN$4:$AN$9,0)) -> 0 | AA76: =INDEX($AO$4:$AO$9,MATCH(H76, $AN$4:$AN$9,0)) -> 0 | AB76: =INDEX($AO$4:$AO$9,MATCH(I76, $AN$4:$AN$9,0)) -> 0 | AC76: =INDEX($AO$4:$AO$9,MATCH(J76, $AN$4:$AN$9,0)) -> - | ... AK76: =INDEX($AO$4:$AO$9,MATCH(R76, $AN$4:$AN$9,0)) -> -- | AL76: Newton Solney
B77: Site_82 | C77: {=INDIRECT($B77&"!"&$B$2&$C$2)} -> Minor Negative | D77: {=INDIRECT($B77&"!"&$B$2&$D$2)} -> Minor Positive | E77: {=INDIRECT($B77&"!"&$B$2&$E$2)} -> Minor Negative | F77: {=INDIRECT($B77&"!"&$B$2&$F$2)} -> Neutral | G77: {=INDIRECT($B77&"!"&$B$2&$G$2)} -> Neutral | H77: {=INDIRECT($B77&"!"&$B$2&$H$2)} -> Minor Positive | I77: {=INDIRECT($B77&"!"&$B$2&$I$2)} -> Minor Negative | J77: {=INDIRECT($B77&"!"&$B$2&$J$2)} -> Neutral | K77: {=INDIRECT($B77&"!"&$B$2&$K$2)} -> Minor Negative | L77: {=INDIRECT($B77&"!"&$B$2&$L$2)} -> Neutral | M77: {=INDIRECT($B77&"!"&$B$2&$M$2)} -> Significant Negative | N77: {=INDIRECT($B77&"!"&$B$2&$N$2)} -> Neutral | O77: {=INDIRECT($B77&"!"&$B$2&$O$2)} -> Neutral | P77: {=INDIRECT($B77&"!"&$B$2&$P$2)} -> Neutral | Q77: {=INDIRECT($B77&"!"&$B$2&$Q$2)} -> Minor Negative | R77: {=INDIRECT($B77&"!"&$B$2&$R$2)} -> Minor Negative | U77: Site 82_Land to the rear of Derby Road, Aston on Trent | V77: =INDEX($AO$4:$AO$9,MATCH(C77, $AN$4:$AN$9,0)) -> - | W77: =INDEX($AO$4:$AO$9,MATCH(D77, $AN$4:$AN$9,0)) -> + | X77: =INDEX($AO$4:$AO$9,MATCH(E77, $AN$4:$AN$9,0)) -> - | Y77: =INDEX($AO$4:$AO$9,MATCH(F77, $AN$4:$AN$9,0)) -> 0 | Z77: =INDEX($AO$4:$AO$9,MATCH(G77, $AN$4:$AN$9,0)) -> 0 | AA77: =INDEX($AO$4:$AO$9,MATCH(H77, $AN$4:$AN$9,0)) -> + | AB77: =INDEX($AO$4:$AO$9,MATCH(I77, $AN$4:$AN$9,0)) -> - | AC77: =INDEX($AO$4:$AO$9,MATCH(J77, $AN$4:$AN$9,0)) -> 0 | ... AK77: =INDEX($AO$4:$AO$9,MATCH(R77, $AN$4:$AN$9,0)) -> - | AL77: Aston on Trent
B78: Site_86 | C78: {=INDIRECT($B78&"!"&$B$2&$C$2)} -> Minor Negative | D78: {=INDIRECT($B78&"!"&$B$2&$D$2)} -> Minor Positive | E78: {=INDIRECT($B78&"!"&$B$2&$E$2)} -> Minor Negative | F78: {=INDIRECT($B78&"!"&$B$2&$F$2)} -> Neutral | G78: {=INDIRECT($B78&"!"&$B$2&$G$2)} -> Neutral | H78: {=INDIRECT($B78&"!"&$B$2&$H$2)} -> Minor Positive | I78: {=INDIRECT($B78&"!"&$B$2&$I$2)} -> Neutral | J78: {=INDIRECT($B78&"!"&$B$2&$J$2)} -> Minor Negative | K78: {=INDIRECT($B78&"!"&$B$2&$K$2)} -> Minor Positive | L78: {=INDIRECT($B78&"!"&$B$2&$L$2)} -> Neutral | M78: {=INDIRECT($B78&"!"&$B$2&$M$2)} -> Significant Negative | N78: {=INDIRECT($B78&"!"&$B$2&$N$2)} -> Uncertain | O78: {=INDIRECT($B78&"!"&$B$2&$O$2)} -> Minor Positive | P78: {=INDIRECT($B78&"!"&$B$2&$P$2)} -> Neutral | Q78: {=INDIRECT($B78&"!"&$B$2&$Q$2)} -> Minor Negative | R78: {=INDIRECT($B78&"!"&$B$2&$R$2)} -> Minor Negative | T78: Batch 2 | U78: Site 86_Kings Newton Lane Part 1, Kings Newton | V78: =INDEX($AO$4:$AO$9,MATCH(C78, $AN$4:$AN$9,0)) -> - | W78: =INDEX($AO$4:$AO$9,MATCH(D78, $AN$4:$AN$9,0)) -> + | X78: =INDEX($AO$4:$AO$9,MATCH(E78, $AN$4:$AN$9,0)) -> - | Y78: =INDEX($AO$4:$AO$9,MATCH(F78, $AN$4:$AN$9,0)) -> 0 | Z78: =INDEX($AO$4:$AO$9,MATCH(G78, $AN$4:$AN$9,0)) -> 0 | AA78: =INDEX($AO$4:$AO$9,MATCH(H78, $AN$4:$AN$9,0)) -> + | AB78: =INDEX($AO$4:$AO$9,MATCH(I78, $AN$4:$AN$9,0)) -> 0 | AC78: =INDEX($AO$4:$AO$9,MATCH(J78, $AN$4:$AN$9,0)) -> - | ... AK78: =INDEX($AO$4:$AO$9,MATCH(R78, $AN$4:$AN$9,0)) -> - | AL78: Melbourne
B79: Site_87 | C79: {=INDIRECT($B79&"!"&$B$2&$C$2)} -> Minor Negative | D79: {=INDIRECT($B79&"!"&$B$2&$D$2)} -> Minor Positive | E79: {=INDIRECT($B79&"!"&$B$2&$E$2)} -> Neutral | F79: {=INDIRECT($B79&"!"&$B$2&$F$2)} -> Neutral | G79: {=INDIRECT($B79&"!"&$B$2&$G$2)} -> Neutral | H79: {=INDIRECT($B79&"!"&$B$2&$H$2)} -> Minor Positive | I79: {=INDIRECT($B79&"!"&$B$2&$I$2)} -> Neutral | J79: {=INDIRECT($B79&"!"&$B$2&$J$2)} -> Minor Negative | K79: {=INDIRECT($B79&"!"&$B$2&$K$2)} -> Minor Positive | L79: {=INDIRECT($B79&"!"&$B$2&$L$2)} -> Neutral | M79: {=INDIRECT($B79&"!"&$B$2&$M$2)} -> Minor Positive | N79: {=INDIRECT($B79&"!"&$B$2&$N$2)} -> Minor Negative | O79: {=INDIRECT($B79&"!"&$B$2&$O$2)} -> Neutral | P79: {=INDIRECT($B79&"!"&$B$2&$P$2)} -> Neutral | Q79: {=INDIRECT($B79&"!"&$B$2&$Q$2)} -> Neutral | R79: {=INDIRECT($B79&"!"&$B$2&$R$2)} -> Significant Negative | U79: Site 87_99 Woodland Road, Stanton | V79: =INDEX($AO$4:$AO$9,MATCH(C79, $AN$4:$AN$9,0)) -> - | W79: =INDEX($AO$4:$AO$9,MATCH(D79, $AN$4:$AN$9,0)) -> + | X79: =INDEX($AO$4:$AO$9,MATCH(E79, $AN$4:$AN$9,0)) -> 0 | Y79: =INDEX($AO$4:$AO$9,MATCH(F79, $AN$4:$AN$9,0)) -> 0 | Z79: =INDEX($AO$4:$AO$9,MATCH(G79, $AN$4:$AN$9,0)) -> 0 | AA79: =INDEX($AO$4:$AO$9,MATCH(H79, $AN$4:$AN$9,0)) -> + | AB79: =INDEX($AO$4:$AO$9,MATCH(I79, $AN$4:$AN$9,0)) -> 0 | AC79: =INDEX($AO$4:$AO$9,MATCH(J79, $AN$4:$AN$9,0)) -> - | ... AK79: =INDEX($AO$4:$AO$9,MATCH(R79, $AN$4:$AN$9,0)) -> -- | AL79: Unparished
B80: Site_90 | C80: {=INDIRECT($B80&"!"&$B$2&$C$2)} -> Significant Negative | D80: {=INDIRECT($B80&"!"&$B$2&$D$2)} -> Minor Positive | E80: {=INDIRECT($B80&"!"&$B$2&$E$2)} -> Minor Negative | F80: {=INDIRECT($B80&"!"&$B$2&$F$2)} -> Neutral | G80: {=INDIRECT($B80&"!"&$B$2&$G$2)} -> Neutral | H80: {=INDIRECT($B80&"!"&$B$2&$H$2)} -> Minor Positive | I80: {=INDIRECT($B80&"!"&$B$2&$I$2)} -> Neutral | J80: {=INDIRECT($B80&"!"&$B$2&$J$2)} -> Minor Negative | K80: {=INDIRECT($B80&"!"&$B$2&$K$2)} -> Minor Positive | L80: {=INDIRECT($B80&"!"&$B$2&$L$2)} -> Neutral | M80: {=INDIRECT($B80&"!"&$B$2&$M$2)} -> Significant Negative | N80: {=INDIRECT($B80&"!"&$B$2&$N$2)} -> Significant Negative | O80: {=INDIRECT($B80&"!"&$B$2&$O$2)} -> Neutral | P80: {=INDIRECT($B80&"!"&$B$2&$P$2)} -> Neutral | Q80: {=INDIRECT($B80&"!"&$B$2&$Q$2)} -> Minor Negative | R80: {=INDIRECT($B80&"!"&$B$2&$R$2)} -> Minor Negative | U80: Site 90_Land at Ashby Road, Woodville | V80: =INDEX($AO$4:$AO$9,MATCH(C80, $AN$4:$AN$9,0)) -> -- | W80: =INDEX($AO$4:$AO$9,MATCH(D80, $AN$4:$AN$9,0)) -> + | X80: =INDEX($AO$4:$AO$9,MATCH(E80, $AN$4:$AN$9,0)) -> - | Y80: =INDEX($AO$4:$AO$9,MATCH(F80, $AN$4:$AN$9,0)) -> 0 | Z80: =INDEX($AO$4:$AO$9,MATCH(G80, $AN$4:$AN$9,0)) -> 0 | AA80: =INDEX($AO$4:$AO$9,MATCH(H80, $AN$4:$AN$9,0)) -> + | AB80: =INDEX($AO$4:$AO$9,MATCH(I80, $AN$4:$AN$9,0)) -> 0 | AC80: =INDEX($AO$4:$AO$9,MATCH(J80, $AN$4:$AN$9,0)) -> - | ... AK80: =INDEX($AO$4:$AO$9,MATCH(R80, $AN$4:$AN$9,0)) -> - | AL80: Woodville / Hartshorne
B81: Site_91 | C81: {=INDIRECT($B81&"!"&$B$2&$C$2)} -> Minor Negative | D81: {=INDIRECT($B81&"!"&$B$2&$D$2)} -> Minor Positive | E81: {=INDIRECT($B81&"!"&$B$2&$E$2)} -> Minor Negative | F81: {=INDIRECT($B81&"!"&$B$2&$F$2)} -> Neutral | G81: {=INDIRECT($B81&"!"&$B$2&$G$2)} -> Neutral | H81: {=INDIRECT($B81&"!"&$B$2&$H$2)} -> Neutral | I81: {=INDIRECT($B81&"!"&$B$2&$I$2)} -> Neutral | J81: {=INDIRECT($B81&"!"&$B$2&$J$2)} -> Minor Negative | K81: {=INDIRECT($B81&"!"&$B$2&$K$2)} -> Minor Positive | L81: {=INDIRECT($B81&"!"&$B$2&$L$2)} -> Neutral | M81: {=INDIRECT($B81&"!"&$B$2&$M$2)} -> Significant Negative | N81: {=INDIRECT($B81&"!"&$B$2&$N$2)} -> Minor Negative | O81: {=INDIRECT($B81&"!"&$B$2&$O$2)} -> Neutral | P81: {=INDIRECT($B81&"!"&$B$2&$P$2)} -> Significant Negative | Q81: {=INDIRECT($B81&"!"&$B$2&$Q$2)} -> Minor Negative | R81: {=INDIRECT($B81&"!"&$B$2&$R$2)} -> Minor Negative | T81: Batch 2 | U81: Site 91_Cowlishaw, Shardlow | V81: =INDEX($AO$4:$AO$9,MATCH(C81, $AN$4:$AN$9,0)) -> - | W81: =INDEX($AO$4:$AO$9,MATCH(D81, $AN$4:$AN$9,0)) -> + | X81: =INDEX($AO$4:$AO$9,MATCH(E81, $AN$4:$AN$9,0)) -> - | Y81: =INDEX($AO$4:$AO$9,MATCH(F81, $AN$4:$AN$9,0)) -> 0 | Z81: =INDEX($AO$4:$AO$9,MATCH(G81, $AN$4:$AN$9,0)) -> 0 | AA81: =INDEX($AO$4:$AO$9,MATCH(H81, $AN$4:$AN$9,0)) -> 0 | AB81: =INDEX($AO$4:$AO$9,MATCH(I81, $AN$4:$AN$9,0)) -> 0 | AC81: =INDEX($AO$4:$AO$9,MATCH(J81, $AN$4:$AN$9,0)) -> - | ... AK81: =INDEX($AO$4:$AO$9,MATCH(R81, $AN$4:$AN$9,0)) -> - | AL81: Shardlow & Great Wilne
B82: Site_92 | C82: {=INDIRECT($B82&"!"&$B$2&$C$2)} -> Minor Negative | D82: {=INDIRECT($B82&"!"&$B$2&$D$2)} -> Minor Positive | E82: {=INDIRECT($B82&"!"&$B$2&$E$2)} -> Minor Negative | F82: {=INDIRECT($B82&"!"&$B$2&$F$2)} -> Neutral | G82: {=INDIRECT($B82&"!"&$B$2&$G$2)} -> Neutral | H82: {=INDIRECT($B82&"!"&$B$2&$H$2)} -> Neutral | I82: {=INDIRECT($B82&"!"&$B$2&$I$2)} -> Minor Negative | J82: {=INDIRECT($B82&"!"&$B$2&$J$2)} -> Minor Negative | K82: {=INDIRECT($B82&"!"&$B$2&$K$2)} -> Minor Positive | L82: {=INDIRECT($B82&"!"&$B$2&$L$2)} -> Neutral | M82: {=INDIRECT($B82&"!"&$B$2&$M$2)} -> Significant Negative | N82: {=INDIRECT($B82&"!"&$B$2&$N$2)} -> Minor Negative | O82: {=INDIRECT($B82&"!"&$B$2&$O$2)} -> Neutral | P82: {=INDIRECT($B82&"!"&$B$2&$P$2)} -> Neutral | Q82: {=INDIRECT($B82&"!"&$B$2&$Q$2)} -> Neutral | R82: {=INDIRECT($B82&"!"&$B$2&$R$2)} -> Significant Negative | U82: Site 92_Land adj to Askew House, Milton Road, Repton | V82: =INDEX($AO$4:$AO$9,MATCH(C82, $AN$4:$AN$9,0)) -> - | W82: =INDEX($AO$4:$AO$9,MATCH(D82, $AN$4:$AN$9,0)) -> + | X82: =INDEX($AO$4:$AO$9,MATCH(E82, $AN$4:$AN$9,0)) -> - | Y82: =INDEX($AO$4:$AO$9,MATCH(F82, $AN$4:$AN$9,0)) -> 0 | Z82: =INDEX($AO$4:$AO$9,MATCH(G82, $AN$4:$AN$9,0)) -> 0 | AA82: =INDEX($AO$4:$AO$9,MATCH(H82, $AN$4:$AN$9,0)) -> 0 | AB82: =INDEX($AO$4:$AO$9,MATCH(I82, $AN$4:$AN$9,0)) -> - | AC82: =INDEX($AO$4:$AO$9,MATCH(J82, $AN$4:$AN$9,0)) -> - | ... AK82: =INDEX($AO$4:$AO$9,MATCH(R82, $AN$4:$AN$9,0)) -> -- | AL82: Repton
B83: Site_95 | C83: {=INDIRECT($B83&"!"&$B$2&$C$2)} -> Minor Negative | D83: {=INDIRECT($B83&"!"&$B$2&$D$2)} -> Minor Positive | E83: {=INDIRECT($B83&"!"&$B$2&$E$2)} -> Minor Negative | F83: {=INDIRECT($B83&"!"&$B$2&$F$2)} -> Neutral | G83: {=INDIRECT($B83&"!"&$B$2&$G$2)} -> Neutral | H83: {=INDIRECT($B83&"!"&$B$2&$H$2)} -> Minor Positive | I83: {=INDIRECT($B83&"!"&$B$2&$I$2)} -> Neutral | J83: {=INDIRECT($B83&"!"&$B$2&$J$2)} -> Minor Negative | K83: {=INDIRECT($B83&"!"&$B$2&$K$2)} -> Significant Positive | L83: {=INDIRECT($B83&"!"&$B$2&$L$2)} -> Neutral | M83: {=INDIRECT($B83&"!"&$B$2&$M$2)} -> Significant Negative | N83: {=INDIRECT($B83&"!"&$B$2&$N$2)} -> Uncertain | O83: {=INDIRECT($B83&"!"&$B$2&$O$2)} -> Minor Positive | P83: {=INDIRECT($B83&"!"&$B$2&$P$2)} -> Neutral | Q83: {=INDIRECT($B83&"!"&$B$2&$Q$2)} -> Neutral | R83: {=INDIRECT($B83&"!"&$B$2&$R$2)} -> Minor Negative | U83: Site 95_Kings Newton Lane Part 2, Kings Newton | V83: =INDEX($AO$4:$AO$9,MATCH(C83, $AN$4:$AN$9,0)) -> - | W83: =INDEX($AO$4:$AO$9,MATCH(D83, $AN$4:$AN$9,0)) -> + | X83: =INDEX($AO$4:$AO$9,MATCH(E83, $AN$4:$AN$9,0)) -> - | Y83: =INDEX($AO$4:$AO$9,MATCH(F83, $AN$4:$AN$9,0)) -> 0 | Z83: =INDEX($AO$4:$AO$9,MATCH(G83, $AN$4:$AN$9,0)) -> 0 | AA83: =INDEX($AO$4:$AO$9,MATCH(H83, $AN$4:$AN$9,0)) -> + | AB83: =INDEX($AO$4:$AO$9,MATCH(I83, $AN$4:$AN$9,0)) -> 0 | AC83: =INDEX($AO$4:$AO$9,MATCH(J83, $AN$4:$AN$9,0)) -> - | ... AK83: =INDEX($AO$4:$AO$9,MATCH(R83, $AN$4:$AN$9,0)) -> - | AL83: Melbourne
B84: Site_96 | C84: {=INDIRECT($B84&"!"&$B$2&$C$2)} -> Minor Positive | D84: {=INDIRECT($B84&"!"&$B$2&$D$2)} -> Minor Positive | E84: {=INDIRECT($B84&"!"&$B$2&$E$2)} -> Neutral | F84: {=INDIRECT($B84&"!"&$B$2&$F$2)} -> Neutral | G84: {=INDIRECT($B84&"!"&$B$2&$G$2)} -> Neutral | H84: {=INDIRECT($B84&"!"&$B$2&$H$2)} -> Minor Positive | I84: {=INDIRECT($B84&"!"&$B$2&$I$2)} -> Neutral | J84: {=INDIRECT($B84&"!"&$B$2&$J$2)} -> Neutral | K84: {=INDIRECT($B84&"!"&$B$2&$K$2)} -> Minor Positive | L84: {=INDIRECT($B84&"!"&$B$2&$L$2)} -> Neutral | M84: {=INDIRECT($B84&"!"&$B$2&$M$2)} -> Significant Negative | N84: {=INDIRECT($B84&"!"&$B$2&$N$2)} -> Minor Negative | O84: {=INDIRECT($B84&"!"&$B$2&$O$2)} -> Neutral | P84: {=INDIRECT($B84&"!"&$B$2&$P$2)} -> Neutral | Q84: {=INDIRECT($B84&"!"&$B$2&$Q$2)} -> Neutral | R84: {=INDIRECT($B84&"!"&$B$2&$R$2)} -> Significant Negative | U84: Site 96_Land adj. 42 Woodland Road, Stanton | V84: =INDEX($AO$4:$AO$9,MATCH(C84, $AN$4:$AN$9,0)) -> + | W84: =INDEX($AO$4:$AO$9,MATCH(D84, $AN$4:$AN$9,0)) -> + | X84: =INDEX($AO$4:$AO$9,MATCH(E84, $AN$4:$AN$9,0)) -> 0 | Y84: =INDEX($AO$4:$AO$9,MATCH(F84, $AN$4:$AN$9,0)) -> 0 | Z84: =INDEX($AO$4:$AO$9,MATCH(G84, $AN$4:$AN$9,0)) -> 0 | AA84: =INDEX($AO$4:$AO$9,MATCH(H84, $AN$4:$AN$9,0)) -> + | AB84: =INDEX($AO$4:$AO$9,MATCH(I84, $AN$4:$AN$9,0)) -> 0 | AC84: =INDEX($AO$4:$AO$9,MATCH(J84, $AN$4:$AN$9,0)) -> 0 | ... AK84: =INDEX($AO$4:$AO$9,MATCH(R84, $AN$4:$AN$9,0)) -> -- | AL84: Unparished
B85: Site_99 | C85: {=INDIRECT($B85&"!"&$B$2&$C$2)} -> Minor Negative | D85: {=INDIRECT($B85&"!"&$B$2&$D$2)} -> Minor Positive | E85: {=INDIRECT($B85&"!"&$B$2&$E$2)} -> Neutral | F85: {=INDIRECT($B85&"!"&$B$2&$F$2)} -> Neutral | G85: {=INDIRECT($B85&"!"&$B$2&$G$2)} -> Neutral | H85: {=INDIRECT($B85&"!"&$B$2&$H$2)} -> Minor Positive | I85: {=INDIRECT($B85&"!"&$B$2&$I$2)} -> Neutral | J85: {=INDIRECT($B85&"!"&$B$2&$J$2)} -> Minor Negative | K85: {=INDIRECT($B85&"!"&$B$2&$K$2)} -> Minor Negative | L85: {=INDIRECT($B85&"!"&$B$2&$L$2)} -> Neutral | M85: {=INDIRECT($B85&"!"&$B$2&$M$2)} -> Minor Positive | N85: {=INDIRECT($B85&"!"&$B$2&$N$2)} -> Minor Negative | O85: {=INDIRECT($B85&"!"&$B$2&$O$2)} -> Neutral | P85: {=INDIRECT($B85&"!"&$B$2&$P$2)} -> Neutral | Q85: {=INDIRECT($B85&"!"&$B$2&$Q$2)} -> Neutral | R85: {=INDIRECT($B85&"!"&$B$2&$R$2)} -> Significant Negative | U85: Site 99_Land south east of Woodville Road | V85: =INDEX($AO$4:$AO$9,MATCH(C85, $AN$4:$AN$9,0)) -> - | W85: =INDEX($AO$4:$AO$9,MATCH(D85, $AN$4:$AN$9,0)) -> + | X85: =INDEX($AO$4:$AO$9,MATCH(E85, $AN$4:$AN$9,0)) -> 0 | Y85: =INDEX($AO$4:$AO$9,MATCH(F85, $AN$4:$AN$9,0)) -> 0 | Z85: =INDEX($AO$4:$AO$9,MATCH(G85, $AN$4:$AN$9,0)) -> 0 | AA85: =INDEX($AO$4:$AO$9,MATCH(H85, $AN$4:$AN$9,0)) -> + | AB85: =INDEX($AO$4:$AO$9,MATCH(I85, $AN$4:$AN$9,0)) -> 0 | AC85: =INDEX($AO$4:$AO$9,MATCH(J85, $AN$4:$AN$9,0)) -> - | ... AK85: =INDEX($AO$4:$AO$9,MATCH(R85, $AN$4:$AN$9,0)) -> -- | AL85: Woodville
B86: Site_101 | C86: {=INDIRECT($B86&"!"&$B$2&$C$2)} -> Minor Negative | D86: {=INDIRECT($B86&"!"&$B$2&$D$2)} -> Minor Positive | E86: {=INDIRECT($B86&"!"&$B$2&$E$2)} -> Neutral | F86: {=INDIRECT($B86&"!"&$B$2&$F$2)} -> Neutral | G86: {=INDIRECT($B86&"!"&$B$2&$G$2)} -> Neutral | H86: {=INDIRECT($B86&"!"&$B$2&$H$2)} -> Minor Positive | I86: {=INDIRECT($B86&"!"&$B$2&$I$2)} -> Neutral | J86: {=INDIRECT($B86&"!"&$B$2&$J$2)} -> Neutral | K86: {=INDIRECT($B86&"!"&$B$2&$K$2)} -> Significant Positive | L86: {=INDIRECT($B86&"!"&$B$2&$L$2)} -> Neutral | M86: {=INDIRECT($B86&"!"&$B$2&$M$2)} -> Significant Negative | N86: {=INDIRECT($B86&"!"&$B$2&$N$2)} -> Minor Negative | O86: {=INDIRECT($B86&"!"&$B$2&$O$2)} -> Neutral | P86: {=INDIRECT($B86&"!"&$B$2&$P$2)} -> Neutral | Q86: {=INDIRECT($B86&"!"&$B$2&$Q$2)} -> Minor Negative | R86: {=INDIRECT($B86&"!"&$B$2&$R$2)} -> Minor Negative | U86: Site 101_Land South of The Castle Way, Willington Part 1 | V86: =INDEX($AO$4:$AO$9,MATCH(C86, $AN$4:$AN$9,0)) -> - | W86: =INDEX($AO$4:$AO$9,MATCH(D86, $AN$4:$AN$9,0)) -> + | X86: =INDEX($AO$4:$AO$9,MATCH(E86, $AN$4:$AN$9,0)) -> 0 | Y86: =INDEX($AO$4:$AO$9,MATCH(F86, $AN$4:$AN$9,0)) -> 0 | Z86: =INDEX($AO$4:$AO$9,MATCH(G86, $AN$4:$AN$9,0)) -> 0 | AA86: =INDEX($AO$4:$AO$9,MATCH(H86, $AN$4:$AN$9,0)) -> + | AB86: =INDEX($AO$4:$AO$9,MATCH(I86, $AN$4:$AN$9,0)) -> 0 | AC86: =INDEX($AO$4:$AO$9,MATCH(J86, $AN$4:$AN$9,0)) -> 0 | ... AK86: =INDEX($AO$4:$AO$9,MATCH(R86, $AN$4:$AN$9,0)) -> - | AL86: Willington
B87: Site_102 | C87: {=INDIRECT($B87&"!"&$B$2&$C$2)} -> Minor Negative | D87: {=INDIRECT($B87&"!"&$B$2&$D$2)} -> Minor Positive | E87: {=INDIRECT($B87&"!"&$B$2&$E$2)} -> Neutral | F87: {=INDIRECT($B87&"!"&$B$2&$F$2)} -> Neutral | G87: {=INDIRECT($B87&"!"&$B$2&$G$2)} -> Neutral | H87: {=INDIRECT($B87&"!"&$B$2&$H$2)} -> Minor Positive | I87: {=INDIRECT($B87&"!"&$B$2&$I$2)} -> Neutral | J87: {=INDIRECT($B87&"!"&$B$2&$J$2)} -> Minor Negative | K87: {=INDIRECT($B87&"!"&$B$2&$K$2)} -> Minor Negative | L87: {=INDIRECT($B87&"!"&$B$2&$L$2)} -> Neutral | M87: {=INDIRECT($B87&"!"&$B$2&$M$2)} -> Minor Positive | N87: {=INDIRECT($B87&"!"&$B$2&$N$2)} -> Minor Negative | O87: {=INDIRECT($B87&"!"&$B$2&$O$2)} -> Neutral | P87: {=INDIRECT($B87&"!"&$B$2&$P$2)} -> Neutral | Q87: {=INDIRECT($B87&"!"&$B$2&$Q$2)} -> Neutral | R87: {=INDIRECT($B87&"!"&$B$2&$R$2)} -> Significant Negative | U87: Site 102_Land at Bretby View | V87: =INDEX($AO$4:$AO$9,MATCH(C87, $AN$4:$AN$9,0)) -> - | W87: =INDEX($AO$4:$AO$9,MATCH(D87, $AN$4:$AN$9,0)) -> + | X87: =INDEX($AO$4:$AO$9,MATCH(E87, $AN$4:$AN$9,0)) -> 0 | Y87: =INDEX($AO$4:$AO$9,MATCH(F87, $AN$4:$AN$9,0)) -> 0 | Z87: =INDEX($AO$4:$AO$9,MATCH(G87, $AN$4:$AN$9,0)) -> 0 | AA87: =INDEX($AO$4:$AO$9,MATCH(H87, $AN$4:$AN$9,0)) -> + | AB87: =INDEX($AO$4:$AO$9,MATCH(I87, $AN$4:$AN$9,0)) -> 0 | AC87: =INDEX($AO$4:$AO$9,MATCH(J87, $AN$4:$AN$9,0)) -> - | ... AK87: =INDEX($AO$4:$AO$9,MATCH(R87, $AN$4:$AN$9,0)) -> -- | AL87: Hartshorne
B88: Site_103 | C88: {=INDIRECT($B88&"!"&$B$2&$C$2)} -> Minor Negative | D88: {=INDIRECT($B88&"!"&$B$2&$D$2)} -> Minor Positive | E88: {=INDIRECT($B88&"!"&$B$2&$E$2)} -> Minor Positive | F88: {=INDIRECT($B88&"!"&$B$2&$F$2)} -> Neutral | G88: {=INDIRECT($B88&"!"&$B$2&$G$2)} -> Neutral | H88: {=INDIRECT($B88&"!"&$B$2&$H$2)} -> Minor Positive | I88: {=INDIRECT($B88&"!"&$B$2&$I$2)} -> Neutral | J88: {=INDIRECT($B88&"!"&$B$2&$J$2)} -> Neutral | K88: {=INDIRECT($B88&"!"&$B$2&$K$2)} -> Minor Positive | L88: {=INDIRECT($B88&"!"&$B$2&$L$2)} -> Neutral | M88: {=INDIRECT($B88&"!"&$B$2&$M$2)} -> Significant Negative | N88: {=INDIRECT($B88&"!"&$B$2&$N$2)} -> Minor Negative | O88: {=INDIRECT($B88&"!"&$B$2&$O$2)} -> Neutral | P88: {=INDIRECT($B88&"!"&$B$2&$P$2)} -> Neutral | Q88: {=INDIRECT($B88&"!"&$B$2&$Q$2)} -> Neutral | R88: {=INDIRECT($B88&"!"&$B$2&$R$2)} -> Minor Negative | T88: Batch 2 | U88: Site 103_Broadfields Farm, Thorntree Lane, Newhall | V88: =INDEX($AO$4:$AO$9,MATCH(C88, $AN$4:$AN$9,0)) -> - | W88: =INDEX($AO$4:$AO$9,MATCH(D88, $AN$4:$AN$9,0)) -> + | X88: =INDEX($AO$4:$AO$9,MATCH(E88, $AN$4:$AN$9,0)) -> + | Y88: =INDEX($AO$4:$AO$9,MATCH(F88, $AN$4:$AN$9,0)) -> 0 | Z88: =INDEX($AO$4:$AO$9,MATCH(G88, $AN$4:$AN$9,0)) -> 0 | AA88: =INDEX($AO$4:$AO$9,MATCH(H88, $AN$4:$AN$9,0)) -> + | AB88: =INDEX($AO$4:$AO$9,MATCH(I88, $AN$4:$AN$9,0)) -> 0 | AC88: =INDEX($AO$4:$AO$9,MATCH(J88, $AN$4:$AN$9,0)) -> 0 | ... AK88: =INDEX($AO$4:$AO$9,MATCH(R88, $AN$4:$AN$9,0)) -> - | AL88: Unparished
B89: Site_104 | C89: {=INDIRECT($B89&"!"&$B$2&$C$2)} -> Minor Negative | D89: {=INDIRECT($B89&"!"&$B$2&$D$2)} -> Minor Positive | E89: {=INDIRECT($B89&"!"&$B$2&$E$2)} -> Minor Positive | F89: {=INDIRECT($B89&"!"&$B$2&$F$2)} -> Neutral | G89: {=INDIRECT($B89&"!"&$B$2&$G$2)} -> Neutral | H89: {=INDIRECT($B89&"!"&$B$2&$H$2)} -> Minor Positive | I89: {=INDIRECT($B89&"!"&$B$2&$I$2)} -> Neutral | J89: {=INDIRECT($B89&"!"&$B$2&$J$2)} -> Neutral | K89: {=INDIRECT($B89&"!"&$B$2&$K$2)} -> Minor Positive | L89: {=INDIRECT($B89&"!"&$B$2&$L$2)} -> Neutral | M89: {=INDIRECT($B89&"!"&$B$2&$M$2)} -> Significant Negative | N89: {=INDIRECT($B89&"!"&$B$2&$N$2)} -> Minor Negative | O89: {=INDIRECT($B89&"!"&$B$2&$O$2)} -> Neutral | P89: {=INDIRECT($B89&"!"&$B$2&$P$2)} -> Neutral | Q89: {=INDIRECT($B89&"!"&$B$2&$Q$2)} -> Neutral | R89: {=INDIRECT($B89&"!"&$B$2&$R$2)} -> Minor Negative | T89: Batch 2 | U89: Site 104_Land at Rose Tree Lane, Newhall | V89: =INDEX($AO$4:$AO$9,MATCH(C89, $AN$4:$AN$9,0)) -> - | W89: =INDEX($AO$4:$AO$9,MATCH(D89, $AN$4:$AN$9,0)) -> + | X89: =INDEX($AO$4:$AO$9,MATCH(E89, $AN$4:$AN$9,0)) -> + | Y89: =INDEX($AO$4:$AO$9,MATCH(F89, $AN$4:$AN$9,0)) -> 0 | Z89: =INDEX($AO$4:$AO$9,MATCH(G89, $AN$4:$AN$9,0)) -> 0 | AA89: =INDEX($AO$4:$AO$9,MATCH(H89, $AN$4:$AN$9,0)) -> + | AB89: =INDEX($AO$4:$AO$9,MATCH(I89, $AN$4:$AN$9,0)) -> 0 | AC89: =INDEX($AO$4:$AO$9,MATCH(J89, $AN$4:$AN$9,0)) -> 0 | ... AK89: =INDEX($AO$4:$AO$9,MATCH(R89, $AN$4:$AN$9,0)) -> - | AL89: Unparished
B90: Site_109 | C90: {=INDIRECT($B90&"!"&$B$2&$C$2)} -> Minor Negative | D90: {=INDIRECT($B90&"!"&$B$2&$D$2)} -> Minor Positive | E90: {=INDIRECT($B90&"!"&$B$2&$E$2)} -> Minor Negative | F90: {=INDIRECT($B90&"!"&$B$2&$F$2)} -> Neutral | G90: {=INDIRECT($B90&"!"&$B$2&$G$2)} -> Neutral | H90: {=INDIRECT($B90&"!"&$B$2&$H$2)} -> Minor Positive | I90: {=INDIRECT($B90&"!"&$B$2&$I$2)} -> Minor Negative | J90: {=INDIRECT($B90&"!"&$B$2&$J$2)} -> Neutral | K90: {=INDIRECT($B90&"!"&$B$2&$K$2)} -> Minor Negative | L90: {=INDIRECT($B90&"!"&$B$2&$L$2)} -> Neutral | M90: {=INDIRECT($B90&"!"&$B$2&$M$2)} -> Significant Negative | N90: {=INDIRECT($B90&"!"&$B$2&$N$2)} -> Neutral | O90: {=INDIRECT($B90&"!"&$B$2&$O$2)} -> Neutral | P90: {=INDIRECT($B90&"!"&$B$2&$P$2)} -> Neutral | Q90: {=INDIRECT($B90&"!"&$B$2&$Q$2)} -> Neutral | R90: {=INDIRECT($B90&"!"&$B$2&$R$2)} -> Minor Negative | T90: Batch 2 | U90: Site 109_Moor Lane, Aston | V90: =INDEX($AO$4:$AO$9,MATCH(C90, $AN$4:$AN$9,0)) -> - | W90: =INDEX($AO$4:$AO$9,MATCH(D90, $AN$4:$AN$9,0)) -> + | X90: =INDEX($AO$4:$AO$9,MATCH(E90, $AN$4:$AN$9,0)) -> - | Y90: =INDEX($AO$4:$AO$9,MATCH(F90, $AN$4:$AN$9,0)) -> 0 | Z90: =INDEX($AO$4:$AO$9,MATCH(G90, $AN$4:$AN$9,0)) -> 0 | AA90: =INDEX($AO$4:$AO$9,MATCH(H90, $AN$4:$AN$9,0)) -> + | AB90: =INDEX($AO$4:$AO$9,MATCH(I90, $AN$4:$AN$9,0)) -> - | AC90: =INDEX($AO$4:$AO$9,MATCH(J90, $AN$4:$AN$9,0)) -> 0 | ... AK90: =INDEX($AO$4:$AO$9,MATCH(R90, $AN$4:$AN$9,0)) -> - | AL90: Aston on Trent
B91: Site_110 | C91: {=INDIRECT($B91&"!"&$B$2&$C$2)} -> Minor Negative | D91: {=INDIRECT($B91&"!"&$B$2&$D$2)} -> Significant Positive | E91: {=INDIRECT($B91&"!"&$B$2&$E$2)} -> Minor Negative | F91: {=INDIRECT($B91&"!"&$B$2&$F$2)} -> Neutral | G91: {=INDIRECT($B91&"!"&$B$2&$G$2)} -> Neutral | H91: {=INDIRECT($B91&"!"&$B$2&$H$2)} -> Minor Positive | I91: {=INDIRECT($B91&"!"&$B$2&$I$2)} -> Neutral | J91: {=INDIRECT($B91&"!"&$B$2&$J$2)} -> Minor Negative | K91: {=INDIRECT($B91&"!"&$B$2&$K$2)} -> Minor Positive | L91: {=INDIRECT($B91&"!"&$B$2&$L$2)} -> Neutral | M91: {=INDIRECT($B91&"!"&$B$2&$M$2)} -> Significant Negative | N91: {=INDIRECT($B91&"!"&$B$2&$N$2)} -> Minor Negative | O91: {=INDIRECT($B91&"!"&$B$2&$O$2)} -> Neutral | P91: {=INDIRECT($B91&"!"&$B$2&$P$2)} -> Neutral | Q91: {=INDIRECT($B91&"!"&$B$2&$Q$2)} -> Neutral | R91: {=INDIRECT($B91&"!"&$B$2&$R$2)} -> Minor Negative | U91: Site 110_Land west of Cockshut Lane, Melbourne | V91: =INDEX($AO$4:$AO$9,MATCH(C91, $AN$4:$AN$9,0)) -> - | W91: =INDEX($AO$4:$AO$9,MATCH(D91, $AN$4:$AN$9,0)) -> + + | X91: =INDEX($AO$4:$AO$9,MATCH(E91, $AN$4:$AN$9,0)) -> - | Y91: =INDEX($AO$4:$AO$9,MATCH(F91, $AN$4:$AN$9,0)) -> 0 | Z91: =INDEX($AO$4:$AO$9,MATCH(G91, $AN$4:$AN$9,0)) -> 0 | AA91: =INDEX($AO$4:$AO$9,MATCH(H91, $AN$4:$AN$9,0)) -> + | AB91: =INDEX($AO$4:$AO$9,MATCH(I91, $AN$4:$AN$9,0)) -> 0 | AC91: =INDEX($AO$4:$AO$9,MATCH(J91, $AN$4:$AN$9,0)) -> - | ... AK91: =INDEX($AO$4:$AO$9,MATCH(R91, $AN$4:$AN$9,0)) -> - | AL91: Melbourne
B92: Site_112 | C92: {=INDIRECT($B92&"!"&$B$2&$C$2)} -> Minor Negative | D92: {=INDIRECT($B92&"!"&$B$2&$D$2)} -> Minor Positive | E92: {=INDIRECT($B92&"!"&$B$2&$E$2)} -> Minor Negative | F92: {=INDIRECT($B92&"!"&$B$2&$F$2)} -> Neutral | G92: {=INDIRECT($B92&"!"&$B$2&$G$2)} -> Neutral | H92: {=INDIRECT($B92&"!"&$B$2&$H$2)} -> Minor Positive | I92: {=INDIRECT($B92&"!"&$B$2&$I$2)} -> Neutral | J92: {=INDIRECT($B92&"!"&$B$2&$J$2)} -> Neutral | K92: {=INDIRECT($B92&"!"&$B$2&$K$2)} -> Minor Positive | L92: {=INDIRECT($B92&"!"&$B$2&$L$2)} -> Neutral | M92: {=INDIRECT($B92&"!"&$B$2&$M$2)} -> Minor Negative | N92: {=INDIRECT($B92&"!"&$B$2&$N$2)} -> Minor Negative | O92: {=INDIRECT($B92&"!"&$B$2&$O$2)} -> Neutral | P92: {=INDIRECT($B92&"!"&$B$2&$P$2)} -> Neutral | Q92: {=INDIRECT($B92&"!"&$B$2&$Q$2)} -> Neutral | R92: {=INDIRECT($B92&"!"&$B$2&$R$2)} -> Minor Negative | U92: Site 112_Woodland Road , Stanton | V92: =INDEX($AO$4:$AO$9,MATCH(C92, $AN$4:$AN$9,0)) -> - | W92: =INDEX($AO$4:$AO$9,MATCH(D92, $AN$4:$AN$9,0)) -> + | X92: =INDEX($AO$4:$AO$9,MATCH(E92, $AN$4:$AN$9,0)) -> - | Y92: =INDEX($AO$4:$AO$9,MATCH(F92, $AN$4:$AN$9,0)) -> 0 | Z92: =INDEX($AO$4:$AO$9,MATCH(G92, $AN$4:$AN$9,0)) -> 0 | AA92: =INDEX($AO$4:$AO$9,MATCH(H92, $AN$4:$AN$9,0)) -> + | AB92: =INDEX($AO$4:$AO$9,MATCH(I92, $AN$4:$AN$9,0)) -> 0 | AC92: =INDEX($AO$4:$AO$9,MATCH(J92, $AN$4:$AN$9,0)) -> 0 | ... AK92: =INDEX($AO$4:$AO$9,MATCH(R92, $AN$4:$AN$9,0)) -> - | AL92: Unparished
B93: Site_114 | C93: {=INDIRECT($B93&"!"&$B$2&$C$2)} -> Minor Negative | D93: {=INDIRECT($B93&"!"&$B$2&$D$2)} -> Minor Positive | E93: {=INDIRECT($B93&"!"&$B$2&$E$2)} -> Minor Negative | F93: {=INDIRECT($B93&"!"&$B$2&$F$2)} -> Neutral | G93: {=INDIRECT($B93&"!"&$B$2&$G$2)} -> Neutral | H93: {=INDIRECT($B93&"!"&$B$2&$H$2)} -> Minor Positive | I93: {=INDIRECT($B93&"!"&$B$2&$I$2)} -> Neutral | J93: {=INDIRECT($B93&"!"&$B$2&$J$2)} -> Minor Negative | K93: {=INDIRECT($B93&"!"&$B$2&$K$2)} -> Minor Positive | L93: {=INDIRECT($B93&"!"&$B$2&$L$2)} -> Neutral | M93: {=INDIRECT($B93&"!"&$B$2&$M$2)} -> Significant Negative | N93: {=INDIRECT($B93&"!"&$B$2&$N$2)} -> Neutral | O93: {=INDIRECT($B93&"!"&$B$2&$O$2)} -> Neutral | P93: {=INDIRECT($B93&"!"&$B$2&$P$2)} -> Neutral | Q93: {=INDIRECT($B93&"!"&$B$2&$Q$2)} -> Minor Negative | R93: {=INDIRECT($B93&"!"&$B$2&$R$2)} -> Minor Negative | T93: Batch 2 | U93: Site 114_Land to the north of Robinson’s Hill, Melbourne | V93: =INDEX($AO$4:$AO$9,MATCH(C93, $AN$4:$AN$9,0)) -> - | W93: =INDEX($AO$4:$AO$9,MATCH(D93, $AN$4:$AN$9,0)) -> + | X93: =INDEX($AO$4:$AO$9,MATCH(E93, $AN$4:$AN$9,0)) -> - | Y93: =INDEX($AO$4:$AO$9,MATCH(F93, $AN$4:$AN$9,0)) -> 0 | Z93: =INDEX($AO$4:$AO$9,MATCH(G93, $AN$4:$AN$9,0)) -> 0 | AA93: =INDEX($AO$4:$AO$9,MATCH(H93, $AN$4:$AN$9,0)) -> + | AB93: =INDEX($AO$4:$AO$9,MATCH(I93, $AN$4:$AN$9,0)) -> 0 | AC93: =INDEX($AO$4:$AO$9,MATCH(J93, $AN$4:$AN$9,0)) -> - | ... AK93: =INDEX($AO$4:$AO$9,MATCH(R93, $AN$4:$AN$9,0)) -> - | AL93: Melbourne
B94: Site_115 | C94: {=INDIRECT($B94&"!"&$B$2&$C$2)} -> Minor Negative | D94: {=INDIRECT($B94&"!"&$B$2&$D$2)} -> Minor Positive | E94: {=INDIRECT($B94&"!"&$B$2&$E$2)} -> Minor Negative | F94: {=INDIRECT($B94&"!"&$B$2&$F$2)} -> Neutral | G94: {=INDIRECT($B94&"!"&$B$2&$G$2)} -> Neutral | H94: {=INDIRECT($B94&"!"&$B$2&$H$2)} -> Minor Positive | I94: {=INDIRECT($B94&"!"&$B$2&$I$2)} -> Neutral | J94: {=INDIRECT($B94&"!"&$B$2&$J$2)} -> Minor Negative | K94: {=INDIRECT($B94&"!"&$B$2&$K$2)} -> Minor Negative | L94: {=INDIRECT($B94&"!"&$B$2&$L$2)} -> Neutral | M94: {=INDIRECT($B94&"!"&$B$2&$M$2)} -> Significant Negative | N94: {=INDIRECT($B94&"!"&$B$2&$N$2)} -> Minor Negative | O94: {=INDIRECT($B94&"!"&$B$2&$O$2)} -> Neutral | P94: {=INDIRECT($B94&"!"&$B$2&$P$2)} -> Neutral | Q94: {=INDIRECT($B94&"!"&$B$2&$Q$2)} -> Neutral | R94: {=INDIRECT($B94&"!"&$B$2&$R$2)} -> Significant Negative | U94: Site 115_Land off Bretby Lane, Bretby | V94: =INDEX($AO$4:$AO$9,MATCH(C94, $AN$4:$AN$9,0)) -> - | W94: =INDEX($AO$4:$AO$9,MATCH(D94, $AN$4:$AN$9,0)) -> + | X94: =INDEX($AO$4:$AO$9,MATCH(E94, $AN$4:$AN$9,0)) -> - | Y94: =INDEX($AO$4:$AO$9,MATCH(F94, $AN$4:$AN$9,0)) -> 0 | Z94: =INDEX($AO$4:$AO$9,MATCH(G94, $AN$4:$AN$9,0)) -> 0 | AA94: =INDEX($AO$4:$AO$9,MATCH(H94, $AN$4:$AN$9,0)) -> + | AB94: =INDEX($AO$4:$AO$9,MATCH(I94, $AN$4:$AN$9,0)) -> 0 | AC94: =INDEX($AO$4:$AO$9,MATCH(J94, $AN$4:$AN$9,0)) -> - | ... AK94: =INDEX($AO$4:$AO$9,MATCH(R94, $AN$4:$AN$9,0)) -> -- | AL94: Bretby
B95: Site_117 | C95: {=INDIRECT($B95&"!"&$B$2&$C$2)} -> Minor Negative | D95: {=INDIRECT($B95&"!"&$B$2&$D$2)} -> Minor Positive | E95: {=INDIRECT($B95&"!"&$B$2&$E$2)} -> Minor Negative | F95: {=INDIRECT($B95&"!"&$B$2&$F$2)} -> Neutral | G95: {=INDIRECT($B95&"!"&$B$2&$G$2)} -> Neutral | H95: {=INDIRECT($B95&"!"&$B$2&$H$2)} -> Neutral | I95: {=INDIRECT($B95&"!"&$B$2&$I$2)} -> Neutral | J95: {=INDIRECT($B95&"!"&$B$2&$J$2)} -> Minor Negative | K95: {=INDIRECT($B95&"!"&$B$2&$K$2)} -> Minor Positive | L95: {=INDIRECT($B95&"!"&$B$2&$L$2)} -> Neutral | M95: {=INDIRECT($B95&"!"&$B$2&$M$2)} -> Significant Negative | N95: {=INDIRECT($B95&"!"&$B$2&$N$2)} -> Minor Negative | O95: {=INDIRECT($B95&"!"&$B$2&$O$2)} -> Neutral | P95: {=INDIRECT($B95&"!"&$B$2&$P$2)} -> Neutral | Q95: {=INDIRECT($B95&"!"&$B$2&$Q$2)} -> Minor Negative | R95: {=INDIRECT($B95&"!"&$B$2&$R$2)} -> Minor Negative | U95: Site 117_Land at London Road, Shardlow | V95: =INDEX($AO$4:$AO$9,MATCH(C95, $AN$4:$AN$9,0)) -> - | W95: =INDEX($AO$4:$AO$9,MATCH(D95, $AN$4:$AN$9,0)) -> + | X95: =INDEX($AO$4:$AO$9,MATCH(E95, $AN$4:$AN$9,0)) -> - | Y95: =INDEX($AO$4:$AO$9,MATCH(F95, $AN$4:$AN$9,0)) -> 0 | Z95: =INDEX($AO$4:$AO$9,MATCH(G95, $AN$4:$AN$9,0)) -> 0 | AA95: =INDEX($AO$4:$AO$9,MATCH(H95, $AN$4:$AN$9,0)) -> 0 | AB95: =INDEX($AO$4:$AO$9,MATCH(I95, $AN$4:$AN$9,0)) -> 0 | AC95: =INDEX($AO$4:$AO$9,MATCH(J95, $AN$4:$AN$9,0)) -> - | ... AK95: =INDEX($AO$4:$AO$9,MATCH(R95, $AN$4:$AN$9,0)) -> - | AL95: Shardlow and Great Wilne
B96: Site_119 | C96: {=INDIRECT($B96&"!"&$B$2&$C$2)} -> Significant Negative | D96: {=INDIRECT($B96&"!"&$B$2&$D$2)} -> Minor Positive | E96: {=INDIRECT($B96&"!"&$B$2&$E$2)} -> Neutral | F96: {=INDIRECT($B96&"!"&$B$2&$F$2)} -> Neutral | G96: {=INDIRECT($B96&"!"&$B$2&$G$2)} -> Neutral | H96: {=INDIRECT($B96&"!"&$B$2&$H$2)} -> Minor Positive | I96: {=INDIRECT($B96&"!"&$B$2&$I$2)} -> Neutral | J96: {=INDIRECT($B96&"!"&$B$2&$J$2)} -> Neutral | K96: {=INDIRECT($B96&"!"&$B$2&$K$2)} -> Minor Positive | L96: {=INDIRECT($B96&"!"&$B$2&$L$2)} -> Neutral | M96: {=INDIRECT($B96&"!"&$B$2&$M$2)} -> Significant Negative | N96: {=INDIRECT($B96&"!"&$B$2&$N$2)} -> Significant Negative | O96: {=INDIRECT($B96&"!"&$B$2&$O$2)} -> Neutral | P96: {=INDIRECT($B96&"!"&$B$2&$P$2)} -> Neutral | Q96: {=INDIRECT($B96&"!"&$B$2&$Q$2)} -> Minor Negative | R96: {=INDIRECT($B96&"!"&$B$2&$R$2)} -> Minor Negative | T96: Batch 2 | U96: Site 119_Land at Linton Health, Linton | V96: =INDEX($AO$4:$AO$9,MATCH(C96, $AN$4:$AN$9,0)) -> -- | W96: =INDEX($AO$4:$AO$9,MATCH(D96, $AN$4:$AN$9,0)) -> + | X96: =INDEX($AO$4:$AO$9,MATCH(E96, $AN$4:$AN$9,0)) -> 0 | Y96: =INDEX($AO$4:$AO$9,MATCH(F96, $AN$4:$AN$9,0)) -> 0 | Z96: =INDEX($AO$4:$AO$9,MATCH(G96, $AN$4:$AN$9,0)) -> 0 | AA96: =INDEX($AO$4:$AO$9,MATCH(H96, $AN$4:$AN$9,0)) -> + | AB96: =INDEX($AO$4:$AO$9,MATCH(I96, $AN$4:$AN$9,0)) -> 0 | AC96: =INDEX($AO$4:$AO$9,MATCH(J96, $AN$4:$AN$9,0)) -> 0 | ... AK96: =INDEX($AO$4:$AO$9,MATCH(R96, $AN$4:$AN$9,0)) -> - | AL96: Linton
B97: Site_120 | C97: {=INDIRECT($B97&"!"&$B$2&$C$2)} -> Minor Negative | D97: {=INDIRECT($B97&"!"&$B$2&$D$2)} -> Minor Positive | E97: {=INDIRECT($B97&"!"&$B$2&$E$2)} -> Minor Negative | F97: {=INDIRECT($B97&"!"&$B$2&$F$2)} -> Neutral | G97: {=INDIRECT($B97&"!"&$B$2&$G$2)} -> Neutral | H97: {=INDIRECT($B97&"!"&$B$2&$H$2)} -> Neutral | I97: {=INDIRECT($B97&"!"&$B$2&$I$2)} -> Neutral | J97: {=INDIRECT($B97&"!"&$B$2&$J$2)} -> Minor Negative | K97: {=INDIRECT($B97&"!"&$B$2&$K$2)} -> Minor Positive | L97: {=INDIRECT($B97&"!"&$B$2&$L$2)} -> Neutral | M97: {=INDIRECT($B97&"!"&$B$2&$M$2)} -> Significant Negative | N97: {=INDIRECT($B97&"!"&$B$2&$N$2)} -> Minor Negative | O97: {=INDIRECT($B97&"!"&$B$2&$O$2)} -> Neutral | P97: {=INDIRECT($B97&"!"&$B$2&$P$2)} -> Minor Negative | Q97: {=INDIRECT($B97&"!"&$B$2&$Q$2)} -> Minor Negative | R97: {=INDIRECT($B97&"!"&$B$2&$R$2)} -> Minor Negative | U97: Site 120_Land off Aston Lane, Shardlow | V97: =INDEX($AO$4:$AO$9,MATCH(C97, $AN$4:$AN$9,0)) -> - | W97: =INDEX($AO$4:$AO$9,MATCH(D97, $AN$4:$AN$9,0)) -> + | X97: =INDEX($AO$4:$AO$9,MATCH(E97, $AN$4:$AN$9,0)) -> - | Y97: =INDEX($AO$4:$AO$9,MATCH(F97, $AN$4:$AN$9,0)) -> 0 | Z97: =INDEX($AO$4:$AO$9,MATCH(G97, $AN$4:$AN$9,0)) -> 0 | AA97: =INDEX($AO$4:$AO$9,MATCH(H97, $AN$4:$AN$9,0)) -> 0 | AB97: =INDEX($AO$4:$AO$9,MATCH(I97, $AN$4:$AN$9,0)) -> 0 | AC97: =INDEX($AO$4:$AO$9,MATCH(J97, $AN$4:$AN$9,0)) -> - | ... AK97: =INDEX($AO$4:$AO$9,MATCH(R97, $AN$4:$AN$9,0)) -> - | AL97: Shardlow and Great Wilne
B98: Site_121 | C98: {=INDIRECT($B98&"!"&$B$2&$C$2)} -> Minor Negative | D98: {=INDIRECT($B98&"!"&$B$2&$D$2)} -> Significant Positive | E98: {=INDIRECT($B98&"!"&$B$2&$E$2)} -> Minor Negative | F98: {=INDIRECT($B98&"!"&$B$2&$F$2)} -> Neutral | G98: {=INDIRECT($B98&"!"&$B$2&$G$2)} -> Neutral | H98: {=INDIRECT($B98&"!"&$B$2&$H$2)} -> Neutral | I98: {=INDIRECT($B98&"!"&$B$2&$I$2)} -> Neutral | J98: {=INDIRECT($B98&"!"&$B$2&$J$2)} -> Minor Negative | K98: {=INDIRECT($B98&"!"&$B$2&$K$2)} -> Minor Positive | L98: {=INDIRECT($B98&"!"&$B$2&$L$2)} -> Neutral | M98: {=INDIRECT($B98&"!"&$B$2&$M$2)} -> Significant Negative | N98: {=INDIRECT($B98&"!"&$B$2&$N$2)} -> Minor Negative | O98: {=INDIRECT($B98&"!"&$B$2&$O$2)} -> Neutral | P98: {=INDIRECT($B98&"!"&$B$2&$P$2)} -> Significant Negative | Q98: {=INDIRECT($B98&"!"&$B$2&$Q$2)} -> Minor Negative | R98: {=INDIRECT($B98&"!"&$B$2&$R$2)} -> Significant Negative | U98: Site 121_Land off Aston Lane, Shardlow | V98: =INDEX($AO$4:$AO$9,MATCH(C98, $AN$4:$AN$9,0)) -> - | W98: =INDEX($AO$4:$AO$9,MATCH(D98, $AN$4:$AN$9,0)) -> + + | X98: =INDEX($AO$4:$AO$9,MATCH(E98, $AN$4:$AN$9,0)) -> - | Y98: =INDEX($AO$4:$AO$9,MATCH(F98, $AN$4:$AN$9,0)) -> 0 | Z98: =INDEX($AO$4:$AO$9,MATCH(G98, $AN$4:$AN$9,0)) -> 0 | AA98: =INDEX($AO$4:$AO$9,MATCH(H98, $AN$4:$AN$9,0)) -> 0 | AB98: =INDEX($AO$4:$AO$9,MATCH(I98, $AN$4:$AN$9,0)) -> 0 | AC98: =INDEX($AO$4:$AO$9,MATCH(J98, $AN$4:$AN$9,0)) -> - | ... AK98: =INDEX($AO$4:$AO$9,MATCH(R98, $AN$4:$AN$9,0)) -> -- | AL98: Shardlow and Great Wilne
B99: Site_124 | C99: {=INDIRECT($B99&"!"&$B$2&$C$2)} -> Minor Negative | D99: {=INDIRECT($B99&"!"&$B$2&$D$2)} -> Significant Positive | E99: {=INDIRECT($B99&"!"&$B$2&$E$2)} -> Minor Negative | F99: {=INDIRECT($B99&"!"&$B$2&$F$2)} -> Neutral | G99: {=INDIRECT($B99&"!"&$B$2&$G$2)} -> Neutral | H99: {=INDIRECT($B99&"!"&$B$2&$H$2)} -> Neutral | I99: {=INDIRECT($B99&"!"&$B$2&$I$2)} -> Neutral | J99: {=INDIRECT($B99&"!"&$B$2&$J$2)} -> Minor Negative | K99: {=INDIRECT($B99&"!"&$B$2&$K$2)} -> Minor Positive | L99: {=INDIRECT($B99&"!"&$B$2&$L$2)} -> Neutral | M99: {=INDIRECT($B99&"!"&$B$2&$M$2)} -> Significant Negative | N99: {=INDIRECT($B99&"!"&$B$2&$N$2)} -> Minor Negative | O99: {=INDIRECT($B99&"!"&$B$2&$O$2)} -> Neutral | P99: {=INDIRECT($B99&"!"&$B$2&$P$2)} -> Neutral | Q99: {=INDIRECT($B99&"!"&$B$2&$Q$2)} -> Minor Negative | R99: {=INDIRECT($B99&"!"&$B$2&$R$2)} -> Minor Negative | U99: Site 124_London Road , Shardlow | V99: =INDEX($AO$4:$AO$9,MATCH(C99, $AN$4:$AN$9,0)) -> - | W99: =INDEX($AO$4:$AO$9,MATCH(D99, $AN$4:$AN$9,0)) -> + + | X99: =INDEX($AO$4:$AO$9,MATCH(E99, $AN$4:$AN$9,0)) -> - | Y99: =INDEX($AO$4:$AO$9,MATCH(F99, $AN$4:$AN$9,0)) -> 0 | Z99: =INDEX($AO$4:$AO$9,MATCH(G99, $AN$4:$AN$9,0)) -> 0 | AA99: =INDEX($AO$4:$AO$9,MATCH(H99, $AN$4:$AN$9,0)) -> 0 | AB99: =INDEX($AO$4:$AO$9,MATCH(I99, $AN$4:$AN$9,0)) -> 0 | AC99: =INDEX($AO$4:$AO$9,MATCH(J99, $AN$4:$AN$9,0)) -> - | ... AK99: =INDEX($AO$4:$AO$9,MATCH(R99, $AN$4:$AN$9,0)) -> - | AL99: Shardlow and Great Wilne
B100: Site_127 | C100: {=INDIRECT($B100&"!"&$B$2&$C$2)} -> Minor Negative | D100: {=INDIRECT($B100&"!"&$B$2&$D$2)} -> Minor Positive | E100: {=INDIRECT($B100&"!"&$B$2&$E$2)} -> Minor Negative | F100: {=INDIRECT($B100&"!"&$B$2&$F$2)} -> Neutral | G100: {=INDIRECT($B100&"!"&$B$2&$G$2)} -> Neutral | H100: {=INDIRECT($B100&"!"&$B$2&$H$2)} -> Minor Positive | I100: {=INDIRECT($B100&"!"&$B$2&$I$2)} -> Neutral | J100: {=INDIRECT($B100&"!"&$B$2&$J$2)} -> Neutral | K100: {=INDIRECT($B100&"!"&$B$2&$K$2)} -> Minor Positive | L100: {=INDIRECT($B100&"!"&$B$2&$L$2)} -> Neutral | M100: {=INDIRECT($B100&"!"&$B$2&$M$2)} -> Minor Negative | N100: {=INDIRECT($B100&"!"&$B$2&$N$2)} -> Minor Negative | O100: {=INDIRECT($B100&"!"&$B$2&$O$2)} -> Neutral | P100: {=INDIRECT($B100&"!"&$B$2&$P$2)} -> Significant Negative | Q100: {=INDIRECT($B100&"!"&$B$2&$Q$2)} -> Neutral | R100: {=INDIRECT($B100&"!"&$B$2&$R$2)} -> Significant Negative | T100: Batch 2 | U100: Site 127_Land off Derby Road, Hilton | V100: =INDEX($AO$4:$AO$9,MATCH(C100, $AN$4:$AN$9,0)) -> - | W100: =INDEX($AO$4:$AO$9,MATCH(D100, $AN$4:$AN$9,0)) -> + | X100: =INDEX($AO$4:$AO$9,MATCH(E100, $AN$4:$AN$9,0)) -> - | Y100: =INDEX($AO$4:$AO$9,MATCH(F100, $AN$4:$AN$9,0)) -> 0 | Z100: =INDEX($AO$4:$AO$9,MATCH(G100, $AN$4:$AN$9,0)) -> 0 | AA100: =INDEX($AO$4:$AO$9,MATCH(H100, $AN$4:$AN$9,0)) -> + | AB100: =INDEX($AO$4:$AO$9,MATCH(I100, $AN$4:$AN$9,0)) -> 0 | AC100: =INDEX($AO$4:$AO$9,MATCH(J100, $AN$4:$AN$9,0)) -> 0 | ... AK100: =INDEX($AO$4:$AO$9,MATCH(R100, $AN$4:$AN$9,0)) -> -- | AL100: Hilton
B101: Site_128 | C101: {=INDIRECT($B101&"!"&$B$2&$C$2)} -> Minor Negative | D101: {=INDIRECT($B101&"!"&$B$2&$D$2)} -> Significant Positive | E101: {=INDIRECT($B101&"!"&$B$2&$E$2)} -> Neutral | F101: {=INDIRECT($B101&"!"&$B$2&$F$2)} -> Neutral | G101: {=INDIRECT($B101&"!"&$B$2&$G$2)} -> Neutral | H101: {=INDIRECT($B101&"!"&$B$2&$H$2)} -> Minor Positive | I101: {=INDIRECT($B101&"!"&$B$2&$I$2)} -> Minor Positive | J101: {=INDIRECT($B101&"!"&$B$2&$J$2)} -> Neutral | K101: {=INDIRECT($B101&"!"&$B$2&$K$2)} -> Minor Positive | L101: {=INDIRECT($B101&"!"&$B$2&$L$2)} -> Neutral | M101: {=INDIRECT($B101&"!"&$B$2&$M$2)} -> Minor Positive | N101: {=INDIRECT($B101&"!"&$B$2&$N$2)} -> Minor Negative | O101: {=INDIRECT($B101&"!"&$B$2&$O$2)} -> Minor Positive | P101: {=INDIRECT($B101&"!"&$B$2&$P$2)} -> Neutral | Q101: {=INDIRECT($B101&"!"&$B$2&$Q$2)} -> Minor Negative | R101: {=INDIRECT($B101&"!"&$B$2&$R$2)} -> Significant Negative | T101: Batch 3 | U101: Site 128_Land at Vale Road and Elmsdale Road, Woodville | V101: =INDEX($AO$4:$AO$9,MATCH(C101, $AN$4:$AN$9,0)) -> - | W101: =INDEX($AO$4:$AO$9,MATCH(D101, $AN$4:$AN$9,0)) -> + + | X101: =INDEX($AO$4:$AO$9,MATCH(E101, $AN$4:$AN$9,0)) -> 0 | Y101: =INDEX($AO$4:$AO$9,MATCH(F101, $AN$4:$AN$9,0)) -> 0 | Z101: =INDEX($AO$4:$AO$9,MATCH(G101, $AN$4:$AN$9,0)) -> 0 | AA101: =INDEX($AO$4:$AO$9,MATCH(H101, $AN$4:$AN$9,0)) -> + | AB101: =INDEX($AO$4:$AO$9,MATCH(I101, $AN$4:$AN$9,0)) -> + | AC101: =INDEX($AO$4:$AO$9,MATCH(J101, $AN$4:$AN$9,0)) -> 0 | ... AK101: =INDEX($AO$4:$AO$9,MATCH(R101, $AN$4:$AN$9,0)) -> -- | AL101: Woodville
...

Sheet Post-Mitigation Sig Summary
B2: R | C2: 12 | D2: 13 | E2: 14 | F2: 15 | G2: 16 | H2: 17 | I2: 18 | J2: 19 | K2: 20 | L2: 21 | M2: 22 | N2: 23 | O2: 24 | P2: 25 | Q2: 26 | R2: 27
B3: Site Name | C3: S01 | D3: S02 | E3: S03 | F3: S04 | G3: S05 | H3: S06 | I3: S07 | J3: S08 | K3: S09 | L3: S010 | M3: S011 | N3: S012 | O3: S013 | P3: S014 | Q3: S015 | R3: S016 | U3: Site Name | V3: S01 | W3: S02 | X3: S03 | Y3: S04 | Z3: S05 | AA3: S06 | AB3: S07 | AC3: S08 | AD3: S09 | AE3: S010 | AF3: S011 | AG3: S012 | AH3: S013 | AI3: S014 | AJ3: S015 | AK3: S016 | AL3: Parish | AN3: Significant positive | AO3: + +
B4: H23A | C4: {=INDIRECT($B4&"!"&$B$2&$C$2)} -> Minor Positive | D4: {=INDIRECT($B4&"!"&$B$2&$D$2)} -> Minor Positive | E4: {=INDIRECT($B4&"!"&$B$2&$E$2)} -> Neutral | F4: {=INDIRECT($B4&"!"&$B$2&$F$2)} -> Neutral | G4: {=INDIRECT($B4&"!"&$B$2&$G$2)} -> Neutral | H4: {=INDIRECT($B4&"!"&$B$2&$H$2)} -> Minor Positive | I4: {=INDIRECT($B4&"!"&$B$2&$I$2)} -> Neutral | J4: {=INDIRECT($B4&"!"&$B$2&$J$2)} -> Neutral | K4: {=INDIRECT($B4&"!"&$B$2&$K$2)} -> Minor Positive | L4: {=INDIRECT($B4&"!"&$B$2&$L$2)} -> Neutral | M4: {=INDIRECT($B4&"!"&$B$2&$M$2)} -> Significant Negative | N4: {=INDIRECT($B4&"!"&$B$2&$N$2)} -> Uncertain | O4: {=INDIRECT($B4&"!"&$B$2&$O$2)} -> Minor Positive | P4: {=INDIRECT($B4&"!"&$B$2&$P$2)} -> Neutral | Q4: {=INDIRECT($B4&"!"&$B$2&$Q$2)} -> Minor Negative | R4: {=INDIRECT($B4&"!"&$B$2&$R$2)} -> Minor Negative | U4: North of Linton Road, Castle Gresley | V4: =INDEX($AO$3:$AO$8,MATCH(C4, $AN$3:$AN$8,0)) -> + | W4: =INDEX($AO$3:$AO$8,MATCH(D4, $AN$3:$AN$8,0)) -> + | X4: =INDEX($AO$3:$AO$8,MATCH(E4, $AN$3:$AN$8,0)) -> 0 | Y4: =INDEX($AO$3:$AO$8,MATCH(F4, $AN$3:$AN$8,0)) -> 0 | Z4: =INDEX($AO$3:$AO$8,MATCH(G4, $AN$3:$AN$8,0)) -> 0 | AA4: =INDEX($AO$3:$AO$8,MATCH(H4, $AN$3:$AN$8,0)) -> + | AB4: =INDEX($AO$3:$AO$8,MATCH(I4, $AN$3:$AN$8,0)) -> 0 | AC4: =INDEX($AO$3:$AO$8,MATCH(J4, $AN$3:$AN$8,0)) -> 0 | ... AK4: =INDEX($AO$3:$AO$8,MATCH(R4, $AN$3:$AN$8,0)) -> - | AL4: Castle Gresley | AN4: Minor Positive | AO4: +
B5: H23B | C5: {=INDIRECT($B5&"!"&$B$2&$C$2)} -> Minor Positive | D5: {=INDIRECT($B5&"!"&$B$2&$D$2)} -> Significant Positive | E5: {=INDIRECT($B5&"!"&$B$2&$E$2)} -> Neutral | F5: {=INDIRECT($B5&"!"&$B$2&$F$2)} -> Neutral | G5: {=INDIRECT($B5&"!"&$B$2&$G$2)} -> Neutral | H5: {=INDIRECT($B5&"!"&$B$2&$H$2)} -> Minor Positive | I5: {=INDIRECT($B5&"!"&$B$2&$I$2)} -> Minor Positive | J5: {=INDIRECT($B5&"!"&$B$2&$J$2)} -> Neutral | K5: {=INDIRECT($B5&"!"&$B$2&$K$2)} -> Minor Positive | L5: {=INDIRECT($B5&"!"&$B$2&$L$2)} -> Neutral | M5: {=INDIRECT($B5&"!"&$B$2&$M$2)} -> Significant Negative | N5: {=INDIRECT($B5&"!"&$B$2&$N$2)} -> Uncertain | O5: {=INDIRECT($B5&"!"&$B$2&$O$2)} -> Significant Positive | P5: {=INDIRECT($B5&"!"&$B$2&$P$2)} -> Neutral | Q5: {=INDIRECT($B5&"!"&$B$2&$Q$2)} -> Minor Negative | R5: {=INDIRECT($B5&"!"&$B$2&$R$2)} -> Neutral | U5: Southwest Swadlincote | V5: =INDEX($AO$3:$AO$8,MATCH(C5, $AN$3:$AN$8,0)) -> + | W5: =INDEX($AO$3:$AO$8,MATCH(D5, $AN$3:$AN$8,0)) -> + + | X5: =INDEX($AO$3:$AO$8,MATCH(E5, $AN$3:$AN$8,0)) -> 0 | Y5: =INDEX($AO$3:$AO$8,MATCH(F5, $AN$3:$AN$8,0)) -> 0 | Z5: =INDEX($AO$3:$AO$8,MATCH(G5, $AN$3:$AN$8,0)) -> 0 | AA5: =INDEX($AO$3:$AO$8,MATCH(H5, $AN$3:$AN$8,0)) -> + | AB5: =INDEX($AO$3:$AO$8,MATCH(I5, $AN$3:$AN$8,0)) -> + | AC5: =INDEX($AO$3:$AO$8,MATCH(J5, $AN$3:$AN$8,0)) -> 0 | ... AK5: =INDEX($AO$3:$AO$8,MATCH(R5, $AN$3:$AN$8,0)) -> 0 | AL5: Castle Gresley | AN5: Neutral | AO5: 0
B6: H23C | C6: {=INDIRECT($B6&"!"&$B$2&$C$2)} -> Minor Positive | D6: {=INDIRECT($B6&"!"&$B$2&$D$2)} -> Significant Positive | E6: {=INDIRECT($B6&"!"&$B$2&$E$2)} -> Neutral | F6: {=INDIRECT($B6&"!"&$B$2&$F$2)} -> Neutral | G6: {=INDIRECT($B6&"!"&$B$2&$G$2)} -> Neutral | H6: {=INDIRECT($B6&"!"&$B$2&$H$2)} -> Minor Positive | I6: {=INDIRECT($B6&"!"&$B$2&$I$2)} -> Neutral | J6: {=INDIRECT($B6&"!"&$B$2&$J$2)} -> Neutral | K6: {=INDIRECT($B6&"!"&$B$2&$K$2)} -> Neutral | L6: {=INDIRECT($B6&"!"&$B$2&$L$2)} -> Neutral | M6: {=INDIRECT($B6&"!"&$B$2&$M$2)} -> Significant Negative | N6: {=INDIRECT($B6&"!"&$B$2&$N$2)} -> Neutral | O6: {=INDIRECT($B6&"!"&$B$2&$O$2)} -> Neutral | P6: {=INDIRECT($B6&"!"&$B$2&$P$2)} -> Neutral | Q6: {=INDIRECT($B6&"!"&$B$2&$Q$2)} -> Neutral | R6: {=INDIRECT($B6&"!"&$B$2&$R$2)} -> Minor Negative | T6: Batch 13 | U6: Swadlincote Lane, Church Gresley | V6: =INDEX($AO$3:$AO$8,MATCH(C6, $AN$3:$AN$8,0)) -> + | W6: =INDEX($AO$3:$AO$8,MATCH(D6, $AN$3:$AN$8,0)) -> + + | X6: =INDEX($AO$3:$AO$8,MATCH(E6, $AN$3:$AN$8,0)) -> 0 | Y6: =INDEX($AO$3:$AO$8,MATCH(F6, $AN$3:$AN$8,0)) -> 0 | Z6: =INDEX($AO$3:$AO$8,MATCH(G6, $AN$3:$AN$8,0)) -> 0 | AA6: =INDEX($AO$3:$AO$8,MATCH(H6, $AN$3:$AN$8,0)) -> + | AB6: =INDEX($AO$3:$AO$8,MATCH(I6, $AN$3:$AN$8,0)) -> 0 | AC6: =INDEX($AO$3:$AO$8,MATCH(J6, $AN$3:$AN$8,0)) -> 0 | ... AK6: =INDEX($AO$3:$AO$8,MATCH(R6, $AN$3:$AN$8,0)) -> - | AL6: Castle Gresley | AN6: Uncertain | AO6: ?
B7: H23D | C7: {=INDIRECT($B7&"!"&$B$2&$C$2)} -> Minor Positive | D7: {=INDIRECT($B7&"!"&$B$2&$D$2)} -> Significant Positive | E7: {=INDIRECT($B7&"!"&$B$2&$E$2)} -> Neutral | F7: {=INDIRECT($B7&"!"&$B$2&$F$2)} -> Neutral | G7: {=INDIRECT($B7&"!"&$B$2&$G$2)} -> Neutral | H7: {=INDIRECT($B7&"!"&$B$2&$H$2)} -> Minor Positive | I7: {=INDIRECT($B7&"!"&$B$2&$I$2)} -> Neutral | J7: {=INDIRECT($B7&"!"&$B$2&$J$2)} -> Neutral | K7: {=INDIRECT($B7&"!"&$B$2&$K$2)} -> Minor Positive | L7: {=INDIRECT($B7&"!"&$B$2&$L$2)} -> Neutral | M7: {=INDIRECT($B7&"!"&$B$2&$M$2)} -> Significant Negative | N7: {=INDIRECT($B7&"!"&$B$2&$N$2)} -> Uncertain | O7: {=INDIRECT($B7&"!"&$B$2&$O$2)} -> Minor Positive | P7: {=INDIRECT($B7&"!"&$B$2&$P$2)} -> Minor Negative | Q7: {=INDIRECT($B7&"!"&$B$2&$Q$2)} -> Neutral | R7: {=INDIRECT($B7&"!"&$B$2&$R$2)} -> Minor Negative | U7: Land south of Walton Road, Drakelow | V7: =INDEX($AO$3:$AO$8,MATCH(C7, $AN$3:$AN$8,0)) -> + | W7: =INDEX($AO$3:$AO$8,MATCH(D7, $AN$3:$AN$8,0)) -> + + | X7: =INDEX($AO$3:$AO$8,MATCH(E7, $AN$3:$AN$8,0)) -> 0 | Y7: =INDEX($AO$3:$AO$8,MATCH(F7, $AN$3:$AN$8,0)) -> 0 | Z7: =INDEX($AO$3:$AO$8,MATCH(G7, $AN$3:$AN$8,0)) -> 0 | AA7: =INDEX($AO$3:$AO$8,MATCH(H7, $AN$3:$AN$8,0)) -> + | AB7: =INDEX($AO$3:$AO$8,MATCH(I7, $AN$3:$AN$8,0)) -> 0 | AC7: =INDEX($AO$3:$AO$8,MATCH(J7, $AN$3:$AN$8,0)) -> 0 | ... AK7: =INDEX($AO$3:$AO$8,MATCH(R7, $AN$3:$AN$8,0)) -> - | AL7: Drakelow | AN7: Minor Negative | AO7: -
B8: H23E | C8: {=INDIRECT($B8&"!"&$B$2&$C$2)} -> Minor Positive | D8: {=INDIRECT($B8&"!"&$B$2&$D$2)} -> Minor Positive | E8: {=INDIRECT($B8&"!"&$B$2&$E$2)} -> Neutral | F8: {=INDIRECT($B8&"!"&$B$2&$F$2)} -> Neutral | G8: {=INDIRECT($B8&"!"&$B$2&$G$2)} -> Neutral | H8: {=INDIRECT($B8&"!"&$B$2&$H$2)} -> Minor Positive | I8: {=INDIRECT($B8&"!"&$B$2&$I$2)} -> Neutral | J8: {=INDIRECT($B8&"!"&$B$2&$J$2)} -> Neutral | K8: {=INDIRECT($B8&"!"&$B$2&$K$2)} -> Minor Negative | L8: {=INDIRECT($B8&"!"&$B$2&$L$2)} -> Neutral | M8: {=INDIRECT($B8&"!"&$B$2&$M$2)} -> Significant Negative | N8: {=INDIRECT($B8&"!"&$B$2&$N$2)} -> Uncertain | O8: {=INDIRECT($B8&"!"&$B$2&$O$2)} -> Neutral | P8: {=INDIRECT($B8&"!"&$B$2&$P$2)} -> Neutral | Q8: {=INDIRECT($B8&"!"&$B$2&$Q$2)} -> Neutral | R8: {=INDIRECT($B8&"!"&$B$2&$R$2)} -> Minor Negative | U8: Land off Peregrine Avenue and Willington Road, Etwall | V8: =INDEX($AO$3:$AO$8,MATCH(C8, $AN$3:$AN$8,0)) -> + | W8: =INDEX($AO$3:$AO$8,MATCH(D8, $AN$3:$AN$8,0)) -> + | X8: =INDEX($AO$3:$AO$8,MATCH(E8, $AN$3:$AN$8,0)) -> 0 | Y8: =INDEX($AO$3:$AO$8,MATCH(F8, $AN$3:$AN$8,0)) -> 0 | Z8: =INDEX($AO$3:$AO$8,MATCH(G8, $AN$3:$AN$8,0)) -> 0 | AA8: =INDEX($AO$3:$AO$8,MATCH(H8, $AN$3:$AN$8,0)) -> + | AB8: =INDEX($AO$3:$AO$8,MATCH(I8, $AN$3:$AN$8,0)) -> 0 | AC8: =INDEX($AO$3:$AO$8,MATCH(J8, $AN$3:$AN$8,0)) -> 0 | ... AK8: =INDEX($AO$3:$AO$8,MATCH(R8, $AN$3:$AN$8,0)) -> - | AL8: Etwall | AN8: Significant Negative | AO8: --
B9: H23F | C9: {=INDIRECT($B9&"!"&$B$2&$C$2)} -> Minor Positive | D9: {=INDIRECT($B9&"!"&$B$2&$D$2)} -> Significant Positive | E9: {=INDIRECT($B9&"!"&$B$2&$E$2)} -> Neutral | F9: {=INDIRECT($B9&"!"&$B$2&$F$2)} -> Neutral | G9: {=INDIRECT($B9&"!"&$B$2&$G$2)} -> Neutral | H9: {=INDIRECT($B9&"!"&$B$2&$H$2)} -> Minor Positive | I9: {=INDIRECT($B9&"!"&$B$2&$I$2)} -> Neutral | J9: {=INDIRECT($B9&"!"&$B$2&$J$2)} -> Neutral | K9: {=INDIRECT($B9&"!"&$B$2&$K$2)} -> Minor Negative | L9: {=INDIRECT($B9&"!"&$B$2&$L$2)} -> Neutral | M9: {=INDIRECT($B9&"!"&$B$2&$M$2)} -> Significant Negative | N9: {=INDIRECT($B9&"!"&$B$2&$N$2)} -> Uncertain | O9: {=INDIRECT($B9&"!"&$B$2&$O$2)} -> Neutral | P9: {=INDIRECT($B9&"!"&$B$2&$P$2)} -> Neutral | Q9: {=INDIRECT($B9&"!"&$B$2&$Q$2)} -> Neutral | R9: {=INDIRECT($B9&"!"&$B$2&$R$2)} -> Minor Negative | U9: Land south of Etwall | V9: =INDEX($AO$3:$AO$8,MATCH(C9, $AN$3:$AN$8,0)) -> + | W9: =INDEX($AO$3:$AO$8,MATCH(D9, $AN$3:$AN$8,0)) -> + + | X9: =INDEX($AO$3:$AO$8,MATCH(E9, $AN$3:$AN$8,0)) -> 0 | Y9: =INDEX($AO$3:$AO$8,MATCH(F9, $AN$3:$AN$8,0)) -> 0 | Z9: =INDEX($AO$3:$AO$8,MATCH(G9, $AN$3:$AN$8,0)) -> 0 | AA9: =INDEX($AO$3:$AO$8,MATCH(H9, $AN$3:$AN$8,0)) -> + | AB9: =INDEX($AO$3:$AO$8,MATCH(I9, $AN$3:$AN$8,0)) -> 0 | AC9: =INDEX($AO$3:$AO$8,MATCH(J9, $AN$3:$AN$8,0)) -> 0 | ... AK9: =INDEX($AO$3:$AO$8,MATCH(R9, $AN$3:$AN$8,0)) -> - | AL9: Etwall
B10: H23G | C10: {=INDIRECT($B10&"!"&$B$2&$C$2)} -> Minor Positive | D10: {=INDIRECT($B10&"!"&$B$2&$D$2)} -> Minor Positive | E10: {=INDIRECT($B10&"!"&$B$2&$E$2)} -> Neutral | F10: {=INDIRECT($B10&"!"&$B$2&$F$2)} -> Neutral | G10: {=INDIRECT($B10&"!"&$B$2&$G$2)} -> Neutral | H10: {=INDIRECT($B10&"!"&$B$2&$H$2)} -> Minor Positive | I10: {=INDIRECT($B10&"!"&$B$2&$I$2)} -> Neutral | J10: {=INDIRECT($B10&"!"&$B$2&$J$2)} -> Neutral | K10: {=INDIRECT($B10&"!"&$B$2&$K$2)} -> Minor Positive | L10: {=INDIRECT($B10&"!"&$B$2&$L$2)} -> Neutral | M10: {=INDIRECT($B10&"!"&$B$2&$M$2)} -> Significant Negative | N10: {=INDIRECT($B10&"!"&$B$2&$N$2)} -> Uncertain | O10: {=INDIRECT($B10&"!"&$B$2&$O$2)} -> Neutral | P10: {=INDIRECT($B10&"!"&$B$2&$P$2)} -> Neutral | Q10: {=INDIRECT($B10&"!"&$B$2&$Q$2)} -> Neutral | R10: {=INDIRECT($B10&"!"&$B$2&$R$2)} -> Minor Negative | U10: Land East of Hatton | V10: =INDEX($AO$3:$AO$8,MATCH(C10, $AN$3:$AN$8,0)) -> + | W10: =INDEX($AO$3:$AO$8,MATCH(D10, $AN$3:$AN$8,0)) -> + | X10: =INDEX($AO$3:$AO$8,MATCH(E10, $AN$3:$AN$8,0)) -> 0 | Y10: =INDEX($AO$3:$AO$8,MATCH(F10, $AN$3:$AN$8,0)) -> 0 | Z10: =INDEX($AO$3:$AO$8,MATCH(G10, $AN$3:$AN$8,0)) -> 0 | AA10: =INDEX($AO$3:$AO$8,MATCH(H10, $AN$3:$AN$8,0)) -> + | AB10: =INDEX($AO$3:$AO$8,MATCH(I10, $AN$3:$AN$8,0)) -> 0 | AC10: =INDEX($AO$3:$AO$8,MATCH(J10, $AN$3:$AN$8,0)) -> 0 | ... AK10: =INDEX($AO$3:$AO$8,MATCH(R10, $AN$3:$AN$8,0)) -> - | AL10: Hatton
B11: H23H | C11: {=INDIRECT($B11&"!"&$B$2&$C$2)} -> Minor Positive | D11: {=INDIRECT($B11&"!"&$B$2&$D$2)} -> Significant Positive | E11: {=INDIRECT($B11&"!"&$B$2&$E$2)} -> Neutral | F11: {=INDIRECT($B11&"!"&$B$2&$F$2)} -> Neutral | G11: {=INDIRECT($B11&"!"&$B$2&$G$2)} -> Neutral | H11: {=INDIRECT($B11&"!"&$B$2&$H$2)} -> Minor Positive | I11: {=INDIRECT($B11&"!"&$B$2&$I$2)} -> Minor Positive | J11: {=INDIRECT($B11&"!"&$B$2&$J$2)} -> Neutral | K11: {=INDIRECT($B11&"!"&$B$2&$K$2)} -> Neutral | L11: {=INDIRECT($B11&"!"&$B$2&$L$2)} -> Neutral | M11: {=INDIRECT($B11&"!"&$B$2&$M$2)} -> Significant Negative | N11: {=INDIRECT($B11&"!"&$B$2&$N$2)} -> Uncertain | O11: {=INDIRECT($B11&"!"&$B$2&$O$2)} -> Neutral | P11: {=INDIRECT($B11&"!"&$B$2&$P$2)} -> Neutral | Q11: {=INDIRECT($B11&"!"&$B$2&$Q$2)} -> Minor Negative | R11: {=INDIRECT($B11&"!"&$B$2&$R$2)} -> Minor Negative | U11: Land East of Hilton | V11: =INDEX($AO$3:$AO$8,MATCH(C11, $AN$3:$AN$8,0)) -> + | W11: =INDEX($AO$3:$AO$8,MATCH(D11, $AN$3:$AN$8,0)) -> + + | X11: =INDEX($AO$3:$AO$8,MATCH(E11, $AN$3:$AN$8,0)) -> 0 | Y11: =INDEX($AO$3:$AO$8,MATCH(F11, $AN$3:$AN$8,0)) -> 0 | Z11: =INDEX($AO$3:$AO$8,MATCH(G11, $AN$3:$AN$8,0)) -> 0 | AA11: =INDEX($AO$3:$AO$8,MATCH(H11, $AN$3:$AN$8,0)) -> + | AB11: =INDEX($AO$3:$AO$8,MATCH(I11, $AN$3:$AN$8,0)) -> + | AC11: =INDEX($AO$3:$AO$8,MATCH(J11, $AN$3:$AN$8,0)) -> 0 | ... AK11: =INDEX($AO$3:$AO$8,MATCH(R11, $AN$3:$AN$8,0)) -> - | AL11: Hilton
B12: H23I | C12: {=INDIRECT($B12&"!"&$B$2&$C$2)} -> Minor Positive | D12: {=INDIRECT($B12&"!"&$B$2&$D$2)} -> Significant Positive | E12: {=INDIRECT($B12&"!"&$B$2&$E$2)} -> Neutral | F12: {=INDIRECT($B12&"!"&$B$2&$F$2)} -> Neutral | G12: {=INDIRECT($B12&"!"&$B$2&$G$2)} -> Neutral | H12: {=INDIRECT($B12&"!"&$B$2&$H$2)} -> Minor Positive | I12: {=INDIRECT($B12&"!"&$B$2&$I$2)} -> Neutral | J12: {=INDIRECT($B12&"!"&$B$2&$J$2)} -> Neutral | K12: {=INDIRECT($B12&"!"&$B$2&$K$2)} -> Minor Positive | L12: {=INDIRECT($B12&"!"&$B$2&$L$2)} -> Neutral | M12: {=INDIRECT($B12&"!"&$B$2&$M$2)} -> Significant Negative | N12: {=INDIRECT($B12&"!"&$B$2&$N$2)} -> Uncertain | O12: {=INDIRECT($B12&"!"&$B$2&$O$2)} -> Neutral | P12: {=INDIRECT($B12&"!"&$B$2&$P$2)} -> Neutral | Q12: {=INDIRECT($B12&"!"&$B$2&$Q$2)} -> Neutral | R12: {=INDIRECT($B12&"!"&$B$2&$R$2)} -> Minor Negative | T12: Batch 9 | U12: Land South of Primula Way, Littleover | V12: =INDEX($AO$3:$AO$8,MATCH(C12, $AN$3:$AN$8,0)) -> + | W12: =INDEX($AO$3:$AO$8,MATCH(D12, $AN$3:$AN$8,0)) -> + + | X12: =INDEX($AO$3:$AO$8,MATCH(E12, $AN$3:$AN$8,0)) -> 0 | Y12: =INDEX($AO$3:$AO$8,MATCH(F12, $AN$3:$AN$8,0)) -> 0 | Z12: =INDEX($AO$3:$AO$8,MATCH(G12, $AN$3:$AN$8,0)) -> 0 | AA12: =INDEX($AO$3:$AO$8,MATCH(H12, $AN$3:$AN$8,0)) -> + | AB12: =INDEX($AO$3:$AO$8,MATCH(I12, $AN$3:$AN$8,0)) -> 0 | AC12: =INDEX($AO$3:$AO$8,MATCH(J12, $AN$3:$AN$8,0)) -> 0 | ... AK12: =INDEX($AO$3:$AO$8,MATCH(R12, $AN$3:$AN$8,0)) -> - | AL12: Stenson
B13: H23J | C13: {=INDIRECT($B13&"!"&$B$2&$C$2)} -> Minor Positive | D13: {=INDIRECT($B13&"!"&$B$2&$D$2)} -> Minor Positive | E13: {=INDIRECT($B13&"!"&$B$2&$E$2)} -> Neutral | F13: {=INDIRECT($B13&"!"&$B$2&$F$2)} -> Neutral | G13: {=INDIRECT($B13&"!"&$B$2&$G$2)} -> Neutral | H13: {=INDIRECT($B13&"!"&$B$2&$H$2)} -> Minor Positive | I13: {=INDIRECT($B13&"!"&$B$2&$I$2)} -> Neutral | J13: {=INDIRECT($B13&"!"&$B$2&$J$2)} -> Neutral | K13: {=INDIRECT($B13&"!"&$B$2&$K$2)} -> Minor Positive | L13: {=INDIRECT($B13&"!"&$B$2&$L$2)} -> Neutral | M13: {=INDIRECT($B13&"!"&$B$2&$M$2)} -> Significant Negative | N13: {=INDIRECT($B13&"!"&$B$2&$N$2)} -> Neutral | O13: {=INDIRECT($B13&"!"&$B$2&$O$2)} -> Neutral | P13: {=INDIRECT($B13&"!"&$B$2&$P$2)} -> Neutral | Q13: {=INDIRECT($B13&"!"&$B$2&$Q$2)} -> Minor Negative | R13: {=INDIRECT($B13&"!"&$B$2&$R$2)} -> Minor Negative | U13: Jawbone Lane, Melbourne | V13: =INDEX($AO$3:$AO$8,MATCH(C13, $AN$3:$AN$8,0)) -> + | W13: =INDEX($AO$3:$AO$8,MATCH(D13, $AN$3:$AN$8,0)) -> + | X13: =INDEX($AO$3:$AO$8,MATCH(E13, $AN$3:$AN$8,0)) -> 0 | Y13: =INDEX($AO$3:$AO$8,MATCH(F13, $AN$3:$AN$8,0)) -> 0 | Z13: =INDEX($AO$3:$AO$8,MATCH(G13, $AN$3:$AN$8,0)) -> 0 | AA13: =INDEX($AO$3:$AO$8,MATCH(H13, $AN$3:$AN$8,0)) -> + | AB13: =INDEX($AO$3:$AO$8,MATCH(I13, $AN$3:$AN$8,0)) -> 0 | AC13: =INDEX($AO$3:$AO$8,MATCH(J13, $AN$3:$AN$8,0)) -> 0 | ... AK13: =INDEX($AO$3:$AO$8,MATCH(R13, $AN$3:$AN$8,0)) -> - | AL13: Melbourne
B14: H23K | C14: {=INDIRECT($B14&"!"&$B$2&$C$2)} -> Minor Positive | D14: {=INDIRECT($B14&"!"&$B$2&$D$2)} -> Significant Positive | E14: {=INDIRECT($B14&"!"&$B$2&$E$2)} -> Neutral | F14: {=INDIRECT($B14&"!"&$B$2&$F$2)} -> Neutral | G14: {=INDIRECT($B14&"!"&$B$2&$G$2)} -> Neutral | H14: {=INDIRECT($B14&"!"&$B$2&$H$2)} -> Minor Positive | I14: {=INDIRECT($B14&"!"&$B$2&$I$2)} -> Neutral | J14: {=INDIRECT($B14&"!"&$B$2&$J$2)} -> Neutral | K14: {=INDIRECT($B14&"!"&$B$2&$K$2)} -> Minor Negative | L14: {=INDIRECT($B14&"!"&$B$2&$L$2)} -> Neutral | M14: {=INDIRECT($B14&"!"&$B$2&$M$2)} -> Significant Negative | N14: {=INDIRECT($B14&"!"&$B$2&$N$2)} -> Uncertain | O14: {=INDIRECT($B14&"!"&$B$2&$O$2)} -> Minor Positive | P14: {=INDIRECT($B14&"!"&$B$2&$P$2)} -> Neutral | Q14: {=INDIRECT($B14&"!"&$B$2&$Q$2)} -> Neutral | R14: {=INDIRECT($B14&"!"&$B$2&$R$2)} -> Minor Negative | U14: Kings Newton Lane, Melbourne | V14: =INDEX($AO$3:$AO$8,MATCH(C14, $AN$3:$AN$8,0)) -> + | W14: =INDEX($AO$3:$AO$8,MATCH(D14, $AN$3:$AN$8,0)) -> + + | X14: =INDEX($AO$3:$AO$8,MATCH(E14, $AN$3:$AN$8,0)) -> 0 | Y14: =INDEX($AO$3:$AO$8,MATCH(F14, $AN$3:$AN$8,0)) -> 0 | Z14: =INDEX($AO$3:$AO$8,MATCH(G14, $AN$3:$AN$8,0)) -> 0 | AA14: =INDEX($AO$3:$AO$8,MATCH(H14, $AN$3:$AN$8,0)) -> + | AB14: =INDEX($AO$3:$AO$8,MATCH(I14, $AN$3:$AN$8,0)) -> 0 | AC14: =INDEX($AO$3:$AO$8,MATCH(J14, $AN$3:$AN$8,0)) -> 0 | ... AK14: =INDEX($AO$3:$AO$8,MATCH(R14, $AN$3:$AN$8,0)) -> - | AL14: Melbourne
B15: H23L | C15: {=INDIRECT($B15&"!"&$B$2&$C$2)} -> Minor Positive | D15: {=INDIRECT($B15&"!"&$B$2&$D$2)} -> Minor Positive | E15: {=INDIRECT($B15&"!"&$B$2&$E$2)} -> Neutral | F15: {=INDIRECT($B15&"!"&$B$2&$F$2)} -> Neutral | G15: {=INDIRECT($B15&"!"&$B$2&$G$2)} -> Neutral | H15: {=INDIRECT($B15&"!"&$B$2&$H$2)} -> Neutral | I15: {=INDIRECT($B15&"!"&$B$2&$I$2)} -> Neutral | J15: {=INDIRECT($B15&"!"&$B$2&$J$2)} -> Neutral | K15: {=INDIRECT($B15&"!"&$B$2&$K$2)} -> Minor Positive | L15: {=INDIRECT($B15&"!"&$B$2&$L$2)} -> Neutral | M15: {=INDIRECT($B15&"!"&$B$2&$M$2)} -> Minor Negative | N15: {=INDIRECT($B15&"!"&$B$2&$N$2)} -> Neutral | O15: {=INDIRECT($B15&"!"&$B$2&$O$2)} -> Neutral | P15: {=INDIRECT($B15&"!"&$B$2&$P$2)} -> Neutral | Q15: {=INDIRECT($B15&"!"&$B$2&$Q$2)} -> Minor Negative | R15: {=INDIRECT($B15&"!"&$B$2&$R$2)} -> Minor Negative | T15: Batch 10 | U15: Land off Old Etwall Road, Mickleover | V15: =INDEX($AO$3:$AO$8,MATCH(C15, $AN$3:$AN$8,0)) -> + | W15: =INDEX($AO$3:$AO$8,MATCH(D15, $AN$3:$AN$8,0)) -> + | X15: =INDEX($AO$3:$AO$8,MATCH(E15, $AN$3:$AN$8,0)) -> 0 | Y15: =INDEX($AO$3:$AO$8,MATCH(F15, $AN$3:$AN$8,0)) -> 0 | Z15: =INDEX($AO$3:$AO$8,MATCH(G15, $AN$3:$AN$8,0)) -> 0 | AA15: =INDEX($AO$3:$AO$8,MATCH(H15, $AN$3:$AN$8,0)) -> 0 | AB15: =INDEX($AO$3:$AO$8,MATCH(I15, $AN$3:$AN$8,0)) -> 0 | AC15: =INDEX($AO$3:$AO$8,MATCH(J15, $AN$3:$AN$8,0)) -> 0 | ... AK15: =INDEX($AO$3:$AO$8,MATCH(R15, $AN$3:$AN$8,0)) -> - | AL15: Burnaston
B16: H23M | C16: {=INDIRECT($B16&"!"&$B$2&$C$2)} -> Minor Positive | D16: {=INDIRECT($B16&"!"&$B$2&$D$2)} -> Minor Positive | E16: {=INDIRECT($B16&"!"&$B$2&$E$2)} -> Neutral | F16: {=INDIRECT($B16&"!"&$B$2&$F$2)} -> Neutral | G16: {=INDIRECT($B16&"!"&$B$2&$G$2)} -> Neutral | H16: {=INDIRECT($B16&"!"&$B$2&$H$2)} -> Minor Positive | I16: {=INDIRECT($B16&"!"&$B$2&$I$2)} -> Neutral | J16: {=INDIRECT($B16&"!"&$B$2&$J$2)} -> Neutral | K16: {=INDIRECT($B16&"!"&$B$2&$K$2)} -> Neutral | L16: {=INDIRECT($B16&"!"&$B$2&$L$2)} -> Neutral | M16: {=INDIRECT($B16&"!"&$B$2&$M$2)} -> Significant Negative | N16: {=INDIRECT($B16&"!"&$B$2&$N$2)} -> Neutral | O16: {=INDIRECT($B16&"!"&$B$2&$O$2)} -> Neutral | P16: {=INDIRECT($B16&"!"&$B$2&$P$2)} -> Neutral | Q16: {=INDIRECT($B16&"!"&$B$2&$Q$2)} -> Neutral | R16: {=INDIRECT($B16&"!"&$B$2&$R$2)} -> Uncertain | U16: Land off Mount Pleasant Road, Repton | V16: =INDEX($AO$3:$AO$8,MATCH(C16, $AN$3:$AN$8,0)) -> + | W16: =INDEX($AO$3:$AO$8,MATCH(D16, $AN$3:$AN$8,0)) -> + | X16: =INDEX($AO$3:$AO$8,MATCH(E16, $AN$3:$AN$8,0)) -> 0 | Y16: =INDEX($AO$3:$AO$8,MATCH(F16, $AN$3:$AN$8,0)) -> 0 | Z16: =INDEX($AO$3:$AO$8,MATCH(G16, $AN$3:$AN$8,0)) -> 0 | AA16: =INDEX($AO$3:$AO$8,MATCH(H16, $AN$3:$AN$8,0)) -> + | AB16: =INDEX($AO$3:$AO$8,MATCH(I16, $AN$3:$AN$8,0)) -> 0 | AC16: =INDEX($AO$3:$AO$8,MATCH(J16, $AN$3:$AN$8,0)) -> 0 | ... AK16: =INDEX($AO$3:$AO$8,MATCH(R16, $AN$3:$AN$8,0)) -> ? | AL16: Repton
B17: H23N | C17: {=INDIRECT($B17&"!"&$B$2&$C$2)} -> Minor Positive | D17: {=INDIRECT($B17&"!"&$B$2&$D$2)} -> Significant Positive | E17: {=INDIRECT($B17&"!"&$B$2&$E$2)} -> Neutral | F17: {=INDIRECT($B17&"!"&$B$2&$F$2)} -> Neutral | G17: {=INDIRECT($B17&"!"&$B$2&$G$2)} -> Neutral | H17: {=INDIRECT($B17&"!"&$B$2&$H$2)} -> Neutral | I17: {=INDIRECT($B17&"!"&$B$2&$I$2)} -> Neutral | J17: {=INDIRECT($B17&"!"&$B$2&$J$2)} -> Neutral | K17: {=INDIRECT($B17&"!"&$B$2&$K$2)} -> Minor Positive | L17: {=INDIRECT($B17&"!"&$B$2&$L$2)} -> Neutral | M17: {=INDIRECT($B17&"!"&$B$2&$M$2)} -> Minor Negative | N17: {=INDIRECT($B17&"!"&$B$2&$N$2)} -> Neutral | O17: {=INDIRECT($B17&"!"&$B$2&$O$2)} -> Neutral | P17: {=INDIRECT($B17&"!"&$B$2&$P$2)} -> Neutral | Q17: {=INDIRECT($B17&"!"&$B$2&$Q$2)} -> Neutral | R17: {=INDIRECT($B17&"!"&$B$2&$R$2)} -> Minor Negative | T17: Batch 14 | U17: William Nadin Way, Swadlincote, Site D | V17: =INDEX($AO$3:$AO$8,MATCH(C17, $AN$3:$AN$8,0)) -> + | W17: =INDEX($AO$3:$AO$8,MATCH(D17, $AN$3:$AN$8,0)) -> + + | X17: =INDEX($AO$3:$AO$8,MATCH(E17, $AN$3:$AN$8,0)) -> 0 | Y17: =INDEX($AO$3:$AO$8,MATCH(F17, $AN$3:$AN$8,0)) -> 0 | Z17: =INDEX($AO$3:$AO$8,MATCH(G17, $AN$3:$AN$8,0)) -> 0 | AA17: =INDEX($AO$3:$AO$8,MATCH(H17, $AN$3:$AN$8,0)) -> 0 | AB17: =INDEX($AO$3:$AO$8,MATCH(I17, $AN$3:$AN$8,0)) -> 0 | AC17: =INDEX($AO$3:$AO$8,MATCH(J17, $AN$3:$AN$8,0)) -> 0 | ... AK17: =INDEX($AO$3:$AO$8,MATCH(R17, $AN$3:$AN$8,0)) -> - | AL17: Newhall
B18: H23O | C18: {=INDIRECT($B18&"!"&$B$2&$C$2)} -> Minor Positive | D18: {=INDIRECT($B18&"!"&$B$2&$D$2)} -> Significant Positive | E18: {=INDIRECT($B18&"!"&$B$2&$E$2)} -> Neutral | F18: {=INDIRECT($B18&"!"&$B$2&$F$2)} -> Neutral | G18: {=INDIRECT($B18&"!"&$B$2&$G$2)} -> Neutral | H18: {=INDIRECT($B18&"!"&$B$2&$H$2)} -> Minor Positive | I18: {=INDIRECT($B18&"!"&$B$2&$I$2)} -> Neutral | J18: {=INDIRECT($B18&"!"&$B$2&$J$2)} -> Neutral | K18: {=INDIRECT($B18&"!"&$B$2&$K$2)} -> Minor Positive | L18: {=INDIRECT($B18&"!"&$B$2&$L$2)} -> Neutral | M18: {=INDIRECT($B18&"!"&$B$2&$M$2)} -> Significant Negative | N18: {=INDIRECT($B18&"!"&$B$2&$N$2)} -> Uncertain | O18: {=INDIRECT($B18&"!"&$B$2&$O$2)} -> Minor Positive | P18: {=INDIRECT($B18&"!"&$B$2&$P$2)} -> Neutral | Q18: {=INDIRECT($B18&"!"&$B$2&$Q$2)} -> Minor Negative | R18: {=INDIRECT($B18&"!"&$B$2&$R$2)} -> Uncertain | U18: Land north of Willington | V18: =INDEX($AO$3:$AO$8,MATCH(C18, $AN$3:$AN$8,0)) -> + | W18: =INDEX($AO$3:$AO$8,MATCH(D18, $AN$3:$AN$8,0)) -> + + | X18: =INDEX($AO$3:$AO$8,MATCH(E18, $AN$3:$AN$8,0)) -> 0 | Y18: =INDEX($AO$3:$AO$8,MATCH(F18, $AN$3:$AN$8,0)) -> 0 | Z18: =INDEX($AO$3:$AO$8,MATCH(G18, $AN$3:$AN$8,0)) -> 0 | AA18: =INDEX($AO$3:$AO$8,MATCH(H18, $AN$3:$AN$8,0)) -> + | AB18: =INDEX($AO$3:$AO$8,MATCH(I18, $AN$3:$AN$8,0)) -> 0 | AC18: =INDEX($AO$3:$AO$8,MATCH(J18, $AN$3:$AN$8,0)) -> 0 | ... AK18: =INDEX($AO$3:$AO$8,MATCH(R18, $AN$3:$AN$8,0)) -> ? | AL18: Willington
B19: H23P | C19: {=INDIRECT($B19&"!"&$B$2&$C$2)} -> Minor Positive | D19: {=INDIRECT($B19&"!"&$B$2&$D$2)} -> Minor Positive | E19: {=INDIRECT($B19&"!"&$B$2&$E$2)} -> Neutral | F19: {=INDIRECT($B19&"!"&$B$2&$F$2)} -> Neutral | G19: {=INDIRECT($B19&"!"&$B$2&$G$2)} -> Neutral | H19: {=INDIRECT($B19&"!"&$B$2&$H$2)} -> Minor Positive | I19: {=INDIRECT($B19&"!"&$B$2&$I$2)} -> Neutral | J19: {=INDIRECT($B19&"!"&$B$2&$J$2)} -> Neutral | K19: {=INDIRECT($B19&"!"&$B$2&$K$2)} -> Minor Positive | L19: {=INDIRECT($B19&"!"&$B$2&$L$2)} -> Neutral | M19: {=INDIRECT($B19&"!"&$B$2&$M$2)} -> Significant Negative | N19: {=INDIRECT($B19&"!"&$B$2&$N$2)} -> Uncertain | O19: {=INDIRECT($B19&"!"&$B$2&$O$2)} -> Neutral | P19: {=INDIRECT($B19&"!"&$B$2&$P$2)} -> Neutral | Q19: {=INDIRECT($B19&"!"&$B$2&$Q$2)} -> Minor Negative | R19: {=INDIRECT($B19&"!"&$B$2&$R$2)} -> Minor Negative | U19: Land off Kingfisher Way, Willington | V19: =INDEX($AO$3:$AO$8,MATCH(C19, $AN$3:$AN$8,0)) -> + | W19: =INDEX($AO$3:$AO$8,MATCH(D19, $AN$3:$AN$8,0)) -> + | X19: =INDEX($AO$3:$AO$8,MATCH(E19, $AN$3:$AN$8,0)) -> 0 | Y19: =INDEX($AO$3:$AO$8,MATCH(F19, $AN$3:$AN$8,0)) -> 0 | Z19: =INDEX($AO$3:$AO$8,MATCH(G19, $AN$3:$AN$8,0)) -> 0 | AA19: =INDEX($AO$3:$AO$8,MATCH(H19, $AN$3:$AN$8,0)) -> + | AB19: =INDEX($AO$3:$AO$8,MATCH(I19, $AN$3:$AN$8,0)) -> 0 | AC19: =INDEX($AO$3:$AO$8,MATCH(J19, $AN$3:$AN$8,0)) -> 0 | ... AK19: =INDEX($AO$3:$AO$8,MATCH(R19, $AN$3:$AN$8,0)) -> - | AL19: Willington
B20: Site_3 | C20: {=INDIRECT($B20&"!"&$B$2&$C$2)} -> Minor Positive | D20: {=INDIRECT($B20&"!"&$B$2&$D$2)} -> Significant Positive | E20: {=INDIRECT($B20&"!"&$B$2&$E$2)} -> Neutral | F20: {=INDIRECT($B20&"!"&$B$2&$F$2)} -> Neutral | G20: {=INDIRECT($B20&"!"&$B$2&$G$2)} -> Neutral | H20: {=INDIRECT($B20&"!"&$B$2&$H$2)} -> Minor Positive | I20: {=INDIRECT($B20&"!"&$B$2&$I$2)} -> Neutral | J20: {=INDIRECT($B20&"!"&$B$2&$J$2)} -> Neutral | K20: {=INDIRECT($B20&"!"&$B$2&$K$2)} -> Minor Negative | L20: {=INDIRECT($B20&"!"&$B$2&$L$2)} -> Neutral | M20: {=INDIRECT($B20&"!"&$B$2&$M$2)} -> Significant Negative | N20: {=INDIRECT($B20&"!"&$B$2&$N$2)} -> Uncertain | O20: {=INDIRECT($B20&"!"&$B$2&$O$2)} -> Neutral | P20: {=INDIRECT($B20&"!"&$B$2&$P$2)} -> Neutral | Q20: {=INDIRECT($B20&"!"&$B$2&$Q$2)} -> Neutral | R20: {=INDIRECT($B20&"!"&$B$2&$R$2)} -> Minor Negative | U20: Site 3_Egginton Road, Etwall | V20: =INDEX($AO$3:$AO$8,MATCH(C20, $AN$3:$AN$8,0)) -> + | W20: =INDEX($AO$3:$AO$8,MATCH(D20, $AN$3:$AN$8,0)) -> + + | X20: =INDEX($AO$3:$AO$8,MATCH(E20, $AN$3:$AN$8,0)) -> 0 | Y20: =INDEX($AO$3:$AO$8,MATCH(F20, $AN$3:$AN$8,0)) -> 0 | Z20: =INDEX($AO$3:$AO$8,MATCH(G20, $AN$3:$AN$8,0)) -> 0 | AA20: =INDEX($AO$3:$AO$8,MATCH(H20, $AN$3:$AN$8,0)) -> + | AB20: =INDEX($AO$3:$AO$8,MATCH(I20, $AN$3:$AN$8,0)) -> 0 | AC20: =INDEX($AO$3:$AO$8,MATCH(J20, $AN$3:$AN$8,0)) -> 0 | ... AK20: =INDEX($AO$3:$AO$8,MATCH(R20, $AN$3:$AN$8,0)) -> - | AL20: Etwall
B21: Site_5 | C21: {=INDIRECT($B21&"!"&$B$2&$C$2)} -> Significant Negative | D21: {=INDIRECT($B21&"!"&$B$2&$D$2)} -> Minor Positive | E21: {=INDIRECT($B21&"!"&$B$2&$E$2)} -> Neutral | F21: {=INDIRECT($B21&"!"&$B$2&$F$2)} -> Neutral | G21: {=INDIRECT($B21&"!"&$B$2&$G$2)} -> Neutral | H21: {=INDIRECT($B21&"!"&$B$2&$H$2)} -> Minor Positive | I21: {=INDIRECT($B21&"!"&$B$2&$I$2)} -> Neutral | J21: {=INDIRECT($B21&"!"&$B$2&$J$2)} -> Neutral | K21: {=INDIRECT($B21&"!"&$B$2&$K$2)} -> Minor Positive | L21: {=INDIRECT($B21&"!"&$B$2&$L$2)} -> Neutral | M21: {=INDIRECT($B21&"!"&$B$2&$M$2)} -> Significant Negative | N21: {=INDIRECT($B21&"!"&$B$2&$N$2)} -> Significant Negative | O21: {=INDIRECT($B21&"!"&$B$2&$O$2)} -> Neutral | P21: {=INDIRECT($B21&"!"&$B$2&$P$2)} -> Neutral | Q21: {=INDIRECT($B21&"!"&$B$2&$Q$2)} -> Minor Negative | R21: {=INDIRECT($B21&"!"&$B$2&$R$2)} -> Minor Negative | U21: Site 5_Valley Road, Overseal | V21: =INDEX($AO$3:$AO$8,MATCH(C21, $AN$3:$AN$8,0)) -> -- | W21: =INDEX($AO$3:$AO$8,MATCH(D21, $AN$3:$AN$8,0)) -> + | X21: =INDEX($AO$3:$AO$8,MATCH(E21, $AN$3:$AN$8,0)) -> 0 | Y21: =INDEX($AO$3:$AO$8,MATCH(F21, $AN$3:$AN$8,0)) -> 0 | Z21: =INDEX($AO$3:$AO$8,MATCH(G21, $AN$3:$AN$8,0)) -> 0 | AA21: =INDEX($AO$3:$AO$8,MATCH(H21, $AN$3:$AN$8,0)) -> + | AB21: =INDEX($AO$3:$AO$8,MATCH(I21, $AN$3:$AN$8,0)) -> 0 | AC21: =INDEX($AO$3:$AO$8,MATCH(J21, $AN$3:$AN$8,0)) -> 0 | ... AK21: =INDEX($AO$3:$AO$8,MATCH(R21, $AN$3:$AN$8,0)) -> - | AL21: Overseal
